Workbook
Name __?Banco_de_da: '[1]BDI (EDITAL 2)'!#REF!
Name __?Banco_de_da: '[1]BDI (EDITAL 2)'!#REF!
Name __?Banco_de_da: '[1]BDI (EDITAL 2)'!#REF!
Name __\S: [2]COMPOS1!#REF!
Name __\x: [3]PLMUSEU!#REF!
Name __\z: [3]PLMUSEU!#REF!
Name ________\C: #REF!
Name ________\C: #REF!
Name ________\C: #REF!
Name ________\C: #REF!
Name ________\D: #REF!
Name ________\D: #REF!
Name ________\D: #REF!
Name ________\D: #REF!
Name ________\G: #REF!
Name ________\G: #REF!
Name ________\G: #REF!
Name ________\G: #REF!
Name ________\M: #REF!
Name ________\M: #REF!
Name ________\M: #REF!
Name ________\M: #REF!
Name ________\P: #REF!
Name ________\P: #REF!
Name ________\P: #REF!
Name ________\P: #REF!
Name ________\R: #REF!
Name ________\R: #REF!
Name ________\R: #REF!
Name ________\R: #REF!
Name ________\Y: #REF!
Name ________\Y: #REF!
Name ________\Y: #REF!
Name ________\Y: #REF!
Name _________\I: #REF!
Name _________\I: #REF!
Name _________\I: #REF!
Name _________\I: #REF!
Name ________________sub1: #REF!
Name ________________sub1: #REF!
Name ________________sub1: #REF!
Name ________________sub1: #REF!
Name ________________sub3: #REF!
Name ________________sub3: #REF!
Name ________________sub3: #REF!
Name ________________sub3: #REF!
Name ______________ELE3: #REF!
Name ______________ELE3: #REF!
Name ______________ELE3: #REF!
Name ______________ELE3: #REF!
Name ______________sub1: #REF!
Name ______________sub1: #REF!
Name ______________sub1: #REF!
Name ______________sub1: #REF!
Name ______________sub2: #REF!
Name ______________sub2: #REF!
Name ______________sub2: #REF!
Name ______________sub2: #REF!
Name ______________sub3: #REF!
Name ______________sub3: #REF!

Sheet Resumo do Orçamento
D1: Obra | E1: Bancos | F1: B.D.I. | I1: Encargos Sociais
D2: CONCLUSÃO DA OBRA DE CONSTRUÇÃO DA UNIDADE DESCENTRALIZADA DA CODEVASF NO ESTADO DO AMAPÁ - 11ª SUPERINTENDÊNCIA REGIONAL, NO MUNICÍPIO DE MACAPÁ/AP. | E2: SINAPI - 03/2026 - Amapá SICRO3 - 01/2026 - Amapá SBC 05/2026 EMOP 03/2026 SIURB 01/2026 | F2: 23,08% | I2: Não Desonerado: embutido nos preços unitário dos insumos de mão de obra, de acordo com as bases.
A3: Planilha Orçamentária Resumida
A4: Item | D4: Descrição | I4: Total | J4: Peso (%)
A5: 0 | D5: ELABORAÇÃO/COMPATIBILIZAÇÃO DE PROJETOS | G5: 1 | I5: =VLOOKUP(D5,'Orçamento Sintético'!$D$5:$J$417,6,FALSE) -> 6780.65 | J5: =I5/$I$26 -> 0.00095295579
A6: 1 | D6: INSTALAÇÕES INICIAIS DA OBRA | G6: 1 | I6: =VLOOKUP(D6,'Orçamento Sintético'!$D$5:$J$417,6,FALSE) -> 2542.21 | J6: =I6/$I$26 -> 0.00035728341
A7: 2 | D7: PREPARO DO TERRENO - MOVIMENTO DE TERRA E LIMPEZA | G7: 1 | I7: =VLOOKUP(D7,'Orçamento Sintético'!$D$5:$J$417,6,FALSE) -> 84619.38 | J7: =I7/$I$26 -> 0.011892448
A8: 3 | D8: INFRAESTRUTURA | G8: 1 | I8: =VLOOKUP(D8,'Orçamento Sintético'!$D$5:$J$417,6,FALSE) -> 494716.37 | J8: =I8/$I$26 -> 0.069527675
A9: 4 | D9: SUPERESTRUTURA | G9: 1 | I9: =VLOOKUP(D9,'Orçamento Sintético'!$D$5:$J$417,6,FALSE) -> 2240065.8 | J9: =I9/$I$26 -> 0.31481992
A10: 5 | D10: ALVENARIAS E DIVISÕES E ACESSÓRIOS | G10: 1 | I10: =VLOOKUP(D10,'Orçamento Sintético'!$D$5:$J$417,6,FALSE) -> 555245.65 | J10: =I10/$I$26 -> 0.078034489
A11: 6 | D11: IMPERMEABILIZAÇÕES | G11: 1 | I11: =VLOOKUP(D11,'Orçamento Sintético'!$D$5:$J$417,6,FALSE) -> 289143.44 | J11: =I11/$I$26 -> 0.040636357
A12: 7 | D12: PEITORIS E CHAPINS | G12: 1 | I12: =VLOOKUP(D12,'Orçamento Sintético'!$D$5:$J$417,6,FALSE) -> 30850.4 | J12: =I12/$I$26 -> 0.0043357299
A13: 8 | D13: REVESTIMENTOS - PAREDES | G13: 1 | I13: =VLOOKUP(D13,'Orçamento Sintético'!$D$5:$J$417,6,FALSE) -> 59469.93 | J13: =I13/$I$26 -> 0.0083579323
A14: 9 | D14: REVESTIMENTOS - PISOS | G14: 1 | I14: =VLOOKUP(D14,'Orçamento Sintético'!$D$5:$J$417,6,FALSE) -> 610152.66 | J14: =I14/$I$26 -> 0.085751146
A15: 10 | D15: INSTALAÇÕES HIDROSSANITÁRIAS | G15: 1 | I15: =VLOOKUP(D15,'Orçamento Sintético'!$D$5:$J$417,6,FALSE) -> 212813.86 | J15: =I15/$I$26 -> 0.029908961
A16: 11 | D16: INSTALAÇÕES ELÉTRICAS | G16: 1 | I16: =VLOOKUP(D16,'Orçamento Sintético'!$D$5:$J$417,6,FALSE) -> 331108.28 | J16: =I16/$I$26 -> 0.046534116
... A23: 18 | D23: ADMINISTRAÇÃO LOCAL | G23: 1 | I23: =VLOOKUP(D23,'Orçamento Sintético'!$D$5:$J$417,6,FALSE) -> 495811.49 | J23: =I23/$I$26 -> 0.069681583
G26: Total Geral | I26: ='Orçamento Sintético'!H420 -> 7115387.8

Sheet Orçamento Sintético
D1: Obra | E1: Bancos | G1: B.D.I. | I1: Encargos Sociais
D2: CONCLUSÃO DA OBRA DE CONSTRUÇÃO DA UNIDADE DESCENTRALIZADA DA CODEVASF NO ESTADO DO AMAPÁ - 11ª SUPERINTENDÊNCIA REGIONAL, NO MUNICÍPIO DE MACAPÁ/AP. | E2: SINAPI - 03/2026 - Amapá SICRO3 - 01/2026 - Amapá SBC 05/2026 EMOP 03/2026 SIURB 01/2026 | G2: 23,08% | I2: Não Desonerado: embutido nos preços unitário dos insumos de mão de obra, de acordo com as bases.
A3: Orçamento Sintético
A4: Item | B4: Código | C4: Banco | D4: Descrição | E4: Und | F4: Quant. | G4: Valor Unit | H4: Valor Unit com BDI | I4: Total | J4: Peso (%)
A5: 0. | D5: ELABORAÇÃO/COMPATIBILIZAÇÃO DE PROJETOS | F5: 1 | I5: =SUM(I6:I8) -> 6780.65 | J5: =I5/$H$420 -> 0.00095295579
A6: 0.1 | B6: 90778 | C6: SINAPI | D6: ENGENHEIRO CIVIL DE OBRA PLENO COM ENCARGOS COMPLEMENTARES | E6: H | F6: 15 | G6: =VLOOKUP(B6,'Orçamento Analítico'!$B$6:$I$2743,7,FALSE) -> 146.61 | H6: =G6*(1+$G$2) -> 180.44759 | I6: =TRUNC(H6*F6,2) -> 2706.71 | J6: =I6/$H$420 -> 0.00038040231
A7: 0.2 | B7: 90769 | C7: SINAPI | D7: ARQUITETO DE OBRA PLENO COM ENCARGOS COMPLEMENTARES | E7: H | F7: 20 | G7: =VLOOKUP(B7,'Orçamento Analítico'!$B$6:$I$2743,7,FALSE) -> 144.36 | H7: =G7*(1+$G$2) -> 177.67829 | I7: =TRUNC(H7*F7,2) -> 3553.56 | J7: =I7/$H$420 -> 0.00049941902
A8: 0.3 | B8: 90775 | C8: SINAPI | D8: DESENHISTA PROJETISTA COM ENCARGOS COMPLEMENTARES | E8: H | F8: 20 | G8: =VLOOKUP(B8,'Orçamento Analítico'!$B$6:$I$2743,7,FALSE) -> 21.14 | H8: =G8*(1+$G$2) -> 26.019112 | I8: =TRUNC(H8*F8,2) -> 520.38 | J8: =I8/$H$420 -> 7.3134453e-05
A9: 1 | D9: INSTALAÇÕES INICIAIS DA OBRA | F9: 1 | I9: =SUM(I10) -> 2542.21 | J9: =I9/$H$420 -> 0.00035728341
A10: 1.1 | B10: COMP. SEDE 11 - 01 | C10: Próprio | D10: FORNECIMENTO E COLOCAÇÃO DE PLACA DE OBRA (4,80 X 2,4 0 M) - EM CHAPA GALVANIZADA *N. 22*, ADESIVADA E FIXADA COM SUPORTE EM EUCALIPTO AUTOCLAVADO. | E10: UN | F10: 1 | G10: =VLOOKUP(B10,'Orçamento Analítico'!$B$6:$I$2743,7,FALSE) -> 2065.5 | H10: =G10*(1+$G$2) -> 2542.2174 | I10: =TRUNC(H10*F10,2) -> 2542.21 | J10: =I10/$H$420 -> 0.00035728341
A11: 2 | D11: PREPARO DO TERRENO - MOVIMENTO DE TERRA E LIMPEZA | F11: 1 | I11: =SUM(I12:I15) -> 84619.38 | J11: =I11/$H$420 -> 0.011892448
A12: 2.1 | B12: 100575-M | C12: SINAPI | D12: REGULARIZAÇÃO DE SUPERFÍCIES COM MOTONIVELADORA. AF_09/2024 | E12: m² | F12: 1285 | G12: =VLOOKUP(B12,'Orçamento Analítico'!$B$6:$I$2743,7,FALSE) -> 1.87 | H12: =G12*(1+$G$2) -> 2.301596 | I12: =TRUNC(H12*F12,2) -> 2957.55 | J12: =I12/$H$420 -> 0.00041565549
A13: 2.2 | B13: 96386 | C13: SINAPI | D13: EXECUÇÃO E COMPACTAÇÃO DE CORPO DE ATERRO (95% DE ENERGIA DO PROCTOR NORMAL) COM SOLO PREDOMINANTEMENTE ARENOSO ESPESSURA 15CM - EXCLUSIVE MATERIAL, ESCAVAÇÃO, CARGA E TRANSPORTE. AF_09/2024 | E13: m³ | F13: 1582.64 | G13: =VLOOKUP(B13,'Orçamento Analítico'!$B$6:$I$2743,7,FALSE) -> 6.52 | H13: =G13*(1+$G$2) -> 8.024816 | I13: =TRUNC(H13*F13,2) -> 12700.39 | J13: =I13/$H$420 -> 0.0017849189
A14: 2.3 | B14: 100979 | C14: SINAPI | D14: CARGA, MANOBRA E DESCARGA DE SOLOS E MATERIAIS GRANULARES EM CAMINHÃO BASCULANTE 14 M³ - CARGA COM ESCAVADEIRA HIDRÁULICA (CAÇAMBA DE 1,20 M³ / 155 HP) E DESCARGA LIVRE (UNIDADE: M3). AF_07/2020 | E14: m³ | F14: 2198.11 | G14: =VLOOKUP(B14,'Orçamento Analítico'!$B$6:$I$2743,7,FALSE) -> 6.77 | H14: =G14*(1+$G$2) -> 8.332516 | I14: =TRUNC(H14*F14,2) -> 18315.78 | J14: =I14/$H$420 -> 0.0025741085
A15: 2.4 | B15: 95876 | C15: SINAPI | D15: TRANSPORTE COM CAMINHÃO BASCULANTE DE 14 M³, EM VIA URBANA PAVIMENTADA, DMT ATÉ 30 KM (UNIDADE: M3XKM). AF_07/2020 | E15: M3XKM | F15: 17584.86 | G15: =VLOOKUP(B15,'Orçamento Analítico'!$B$6:$I$2743,7,FALSE) -> 2.34 | H15: =G15*(1+$G$2) -> 2.880072 | I15: =TRUNC(H15*F15,2) -> 50645.66 | J15: =I15/$H$420 -> 0.0071177652
A16: 3 | D16: INFRAESTRUTURA | F16: 1 | I16: =SUM(I17:I34) -> 494716.37 | J16: =I16/$H$420 -> 0.069527675
A17: 3.1 | B17: 96523 | C17: SINAPI | D17: ESCAVAÇÃO MANUAL PARA BLOCO DE COROAMENTO OU SAPATA (INCLUINDO ESCAVAÇÃO PARA COLOCAÇÃO DE FÔRMAS). AF_01/2024 | E17: m³ | F17: 22.5 | G17: =VLOOKUP(B17,'Orçamento Analítico'!$B$6:$I$2743,7,FALSE) -> 93.28 | H17: =G17*(1+$G$2) -> 114.80902 | I17: =TRUNC(H17*F17,2) -> 2583.2 | J17: =I17/$H$420 -> 0.00036304416
A18: 3.2 | B18: 96527 | C18: SINAPI | D18: ESCAVAÇÃO MANUAL PARA VIGA BALDRAME OU SAPATA CORRIDA (INCLUINDO ESCAVAÇÃO PARA COLOCAÇÃO DE FÔRMAS). AF_01/2024 | E18: m³ | F18: 5.13 | G18: =VLOOKUP(B18,'Orçamento Analítico'!$B$6:$I$2743,7,FALSE) -> 102.62 | H18: =G18*(1+$G$2) -> 126.3047 | I18: =TRUNC(H18*F18,2) -> 647.94 | J18: =I18/$H$420 -> 9.1061797e-05
A19: 3.3 | B19: 96619 | C19: SINAPI | D19: LASTRO DE CONCRETO MAGRO, APLICADO EM BLOCOS DE COROAMENTO OU SAPATAS, ESPESSURA DE 5 CM. AF_01/2024 | E19: m² | F19: 9 | G19: =VLOOKUP(B19,'Orçamento Analítico'!$B$6:$I$2743,7,FALSE) -> 54.62 | H19: =G19*(1+$G$2) -> 67.226296 | I19: =TRUNC(H19*F19,2) -> 605.03 | J19: =I19/$H$420 -> 8.5031205e-05
A20: 3.4 | B20: 96541 | C20: SINAPI | D20: FABRICAÇÃO, MONTAGEM E DESMONTAGEM DE FÔRMA PARA SAPATA, EM CHAPA DE MADEIRA COMPENSADA RESINADA, E=17 MM, 4 UTILIZAÇÕES. AF_01/2024 | E20: m² | F20: 14.4 | G20: =VLOOKUP(B20,'Orçamento Analítico'!$B$6:$I$2743,7,FALSE) -> 185.49 | H20: =G20*(1+$G$2) -> 228.30109 | I20: =TRUNC(H20*F20,2) -> 3287.53 | J20: =I20/$H$420 -> 0.00046203103
A21: 3.5 | B21: 96542 | C21: SINAPI | D21: FABRICAÇÃO, MONTAGEM E DESMONTAGEM DE FÔRMA PARA VIGA BALDRAME, EM CHAPA DE MADEIRA COMPENSADA RESINADA, E=17 MM, 4 UTILIZAÇÕES. AF_01/2024 | E21: m² | F21: 545.97 | G21: =VLOOKUP(B21,'Orçamento Analítico'!$B$6:$I$2743,7,FALSE) -> 100.78 | H21: =G21*(1+$G$2) -> 124.04002 | I21: =TRUNC(H21*F21,2) -> 67722.13 | J21: =I21/$H$420 -> 0.0095177005
A22: 3.6 | B22: 92419 | C22: SINAPI | D22: MONTAGEM E DESMONTAGEM DE FÔRMA DE PILARES RETANGULARES E ESTRUTURAS SIMILARES, PÉ-DIREITO SIMPLES, EM CHAPA DE MADEIRA COMPENSADA RESINADA, 4 UTILIZAÇÕES. AF_09/2020 | E22: m² | F22: 24.21 | G22: =VLOOKUP(B22,'Orçamento Analítico'!$B$6:$I$2743,7,FALSE) -> 96.99 | H22: =G22*(1+$G$2) -> 119.37529 | I22: =TRUNC(H22*F22,2) -> 2890.07 | J22: =I22/$H$420 -> 0.00040617182
A23: 3.7 | B23: 104916 | C23: SINAPI | D23: ARMAÇÃO DE SAPATA ISOLADA, VIGA BALDRAME E SAPATA CORRIDA UTILIZANDO AÇO CA-60 DE 5 MM - MONTAGEM. AF_01/2024 | E23: KG | F23: 100 | G23: =VLOOKUP(B23,'Orçamento Analítico'!$B$6:$I$2743,7,FALSE) -> 17.65 | H23: =G23*(1+$G$2) -> 21.72362 | I23: =TRUNC(H23*F23,2) -> 2172.36 | J23: =I23/$H$420 -> 0.00030530451
A24: 3.8 | B24: 104918 | C24: SINAPI | D24: ARMAÇÃO DE SAPATA ISOLADA, VIGA BALDRAME E SAPATA CORRIDA UTILIZANDO AÇO CA-50 DE 8 MM - MONTAGEM. AF_01/2024 | E24: KG | F24: 120 | G24: =VLOOKUP(B24,'Orçamento Analítico'!$B$6:$I$2743,7,FALSE) -> 15.42 | H24: =G24*(1+$G$2) -> 18.978936 | I24: =TRUNC(H24*F24,2) -> 2277.47 | J24: =I24/$H$420 -> 0.00032007672
A25: 3.9 | B25: 104919 | C25: SINAPI | D25: ARMAÇÃO DE SAPATA ISOLADA, VIGA BALDRAME E SAPATA CORRIDA UTILIZANDO AÇO CA-50 DE 10 MM - MONTAGEM. AF_01/2024 | E25: KG | F25: 190 | G25: =VLOOKUP(B25,'Orçamento Analítico'!$B$6:$I$2743,7,FALSE) -> 13.78 | H25: =G25*(1+$G$2) -> 16.960424 | I25: =TRUNC(H25*F25,2) -> 3222.48 | J25: =I25/$H$420 -> 0.00045288888
A26: 3.10 | B26: 104920 | C26: SINAPI | D26: ARMAÇÃO DE BLOCO, SAPATA ISOLADA, VIGA BALDRAME E SAPATA CORRIDA UTILIZANDO AÇO CA-50 DE 12,5 MM - MONTAGEM. AF_01/2024 | E26: KG | F26: 50 | G26: =VLOOKUP(B26,'Orçamento Analítico'!$B$6:$I$2743,7,FALSE) -> 11.72 | H26: =G26*(1+$G$2) -> 14.424976 | I26: =TRUNC(H26*F26,2) -> 721.24 | J26: =I26/$H$420 -> 0.00010136341
A27: 3.11 | B27: 96558 | C27: SINAPI | D27: CONCRETAGEM DE SAPATA, FCK 30 MPA, COM USO DE BOMBA - LANÇAMENTO, ADENSAMENTO E ACABAMENTO. AF_01/2024 | E27: m³ | F27: 4.68 | G27: =VLOOKUP(B27,'Orçamento Analítico'!$B$6:$I$2743,7,FALSE) -> 1221.51 | H27: =G27*(1+$G$2) -> 1503.4345 | I27: =TRUNC(H27*F27,2) -> 7036.07 | J27: =I27/$H$420 -> 0.00098885263
A28: 3.12 | B28: 96557 | C28: SINAPI | D28: CONCRETAGEM DE BLOCO DE COROAMENTO OU VIGA BALDRAME, FCK 30 MPA, COM USO DE BOMBA - LANÇAMENTO, ADENSAMENTO E ACABAMENTO. AF_01/2024 | E28: m³ | F28: 52.86 | G28: =VLOOKUP(B28,'Orçamento Analítico'!$B$6:$I$2743,7,FALSE) -> 1178.06 | H28: =G28*(1+$G$2) -> 1449.9562 | I28: =TRUNC(H28*F28,2) -> 76644.68 | J28: =I28/$H$420 -> 0.01077168
A29: 3.13 | B29: 98557 | C29: SINAPI | D29: IMPERMEABILIZAÇÃO DE SUPERFÍCIE COM EMULSÃO ASFÁLTICA, 2 DEMÃOS. AF_09/2023 | E29: m² | F29: 545.97 | G29: =VLOOKUP(B29,'Orçamento Analítico'!$B$6:$I$2743,7,FALSE) -> 50.1 | H29: =G29*(1+$G$2) -> 61.66308 | I29: =TRUNC(H29*F29,2) -> 33666.19 | J29: =I29/$H$420 -> 0.0047314624
A30: 3.14 | B30: COMP. SEDE 02 | C30: Próprio | D30: ATERRO MANUAL DE VALAS COM SOLO ARGILO-ARENOSO E COMPACTAÇÃO MECANIZADA. | E30: M² | F30: 1130 | G30: =VLOOKUP(B30,'Orçamento Analítico'!$B$6:$I$2743,7,FALSE) -> 53.21 | H30: =G30*(1+$G$2) -> 65.490868 | I30: =TRUNC(H30*F30,2) -> 74004.68 | J30: =I30/$H$420 -> 0.010400653
A31: 3.15 | B31: COMP. SEDE 11 - 03 | C31: Próprio | D31: ALVENARIA DE BLOCO DE CONCRETO CHEIO COM ARMAÇÃO, EM CONCRETO COM FCK 15MPA , ESP. 14CM, PARA REVESTIMENTO, INCLUSIVE ARGAMASSA PARA ASSENTAMENTO | E31: M² | F31: 120.5 | G31: =VLOOKUP(B31,'Orçamento Analítico'!$B$6:$I$2743,7,FALSE) -> 321.81 | H31: =G31*(1+$G$2) -> 396.08375 | I31: =TRUNC(H31*F31,2) -> 47728.09 | J31: =I31/$H$420 -> 0.0067077285
A32: 3.16 | B32: 97087 | C32: SINAPI | D32: CAMADA SEPARADORA PARA EXECUÇÃO DE RADIER, PISO DE CONCRETO OU LAJE SOBRE SOLO, EM LONA PLÁSTICA. AF_09/2021 | E32: m² | F32: 1000 | G32: =VLOOKUP(B32,'Orçamento Analítico'!$B$6:$I$2743,7,FALSE) -> 2.47 | H32: =G32*(1+$G$2) -> 3.040076 | I32: =TRUNC(H32*F32,2) -> 3040.07 | J32: =I32/$H$420 -> 0.00042725289
A33: 3.17 | B33: 92768 | C33: SINAPI | D33: ARMAÇÃO DE LAJE DE ESTRUTURA CONVENCIONAL DE CONCRETO ARMADO UTILIZANDO AÇO CA-60 DE 5,0 MM - MONTAGEM. AF_06/2022 | E33: KG | F33: 1751.98 | G33: =VLOOKUP(B33,'Orçamento Analítico'!$B$6:$I$2743,7,FALSE) -> 14.49 | H33: =G33*(1+$G$2) -> 17.834292 | I33: =TRUNC(H33*F33,2) -> 31245.32 | J33: =I33/$H$420 -> 0.0043912322
A34: 3.18 | B34: COMP. SEDE 11 - 31 | C34: SINAPI | D34: CONCRETAGEM DE RADIER, PISO DE CONCRETO OU LAJE SOBRE SOLO, FCK 25 MPA - LANÇAMENTO, ADENSAMENTO E ACABAMENTO. AF_09/2021 | E34: m³ | F34: 111.16 | G34: =VLOOKUP(B34,'Orçamento Analítico'!$B$6:$I$2743,7,FALSE) -> 988.35 | H34: =G34*(1+$G$2) -> 1216.4612 | I34: =TRUNC(H34*F34,2) -> 135221.82 | J34: =I34/$H$420 -> 0.019004139
A35: 4 | D35: SUPERESTRUTURA | F35: 1 | I35: =SUM(I36:I53) -> 2240065.8 | J35: =I35/$H$420 -> 0.31481992
A36: 4.1 | B36: COMP. SEDE 11 - 04 | C36: Próprio | D36: VIGA METÁLICA EM PERFIL W 610 x 113, LAMINADO OU SOLDADO, EM AÇO ESTRUTURAL, COM CONEXÕES SOLDADAS, INCLUSOS MÃO DE OBRA, TRANSPORTE E IÇAMENTO UTILIZANDO GUINDASTE - FORNECIMENTO E INSTALAÇÃO. AF_01/2020_P | E36: KG | F36: 18976 | G36: =VLOOKUP(B36,'Orçamento Analítico'!$B$6:$I$2743,7,FALSE) -> 14.05 | H36: =G36*(1+$G$2) -> 17.29274 | I36: =TRUNC(H36*F36,2) -> 328147.03 | J36: =I36/$H$420 -> 0.04611794
A37: 4.2 | B37: COMP. SEDE 11 - 05 | C37: Próprio | D37: VIGA METÁLICA EM PERFIL W 530 x 101, LAMINADO OU SOLDADO, EM AÇO ESTRUTURAL, COM CONEXÕES SOLDADAS, INCLUSOS MÃO DE OBRA, TRANSPORTE E IÇAMENTO UTILIZANDO GUINDASTE - FORNECIMENTO E INSTALAÇÃO. AF_01/2020_P | E37: KG | F37: 8019 | G37: =VLOOKUP(B37,'Orçamento Analítico'!$B$6:$I$2743,7,FALSE) -> 14.05 | H37: =G37*(1+$G$2) -> 17.29274 | I37: =TRUNC(H37*F37,2) -> 138670.48 | J37: =I37/$H$420 -> 0.019488815
A38: 4.3 | B38: COMP. SEDE 11 - 06 | C38: Próprio | D38: VIGA METÁLICA EM PERFIL W 530 x 74, LAMINADO OU SOLDADO, EM AÇO ESTRUTURAL, COM CONEXÕES SOLDADAS, INCLUSOS MÃO DE OBRA, TRANSPORTE E IÇAMENTO UTILIZANDO GUINDASTE - FORNECIMENTO E INSTALAÇÃO. AF_01/2020_P | E38: KG | F38: 5892 | G38: =VLOOKUP(B38,'Orçamento Analítico'!$B$6:$I$2743,7,FALSE) -> 14.05 | H38: =G38*(1+$G$2) -> 17.29274 | I38: =TRUNC(H38*F38,2) -> 101888.82 | J38: =I38/$H$420 -> 0.014319503
A39: 4.4 | B39: COMP. SEDE 11 - 07 | C39: Próprio | D39: VIGA METÁLICA EM PERFIL W 530 x 72, LAMINADO OU SOLDADO, EM AÇO ESTRUTURAL, COM CONEXÕES SOLDADAS, INCLUSOS MÃO DE OBRA, TRANSPORTE E IÇAMENTO UTILIZANDO GUINDASTE - FORNECIMENTO E INSTALAÇÃO. AF_01/2020_P | E39: KG | F39: 1994.9 | G39: =VLOOKUP(B39,'Orçamento Analítico'!$B$6:$I$2743,7,FALSE) -> 14.05 | H39: =G39*(1+$G$2) -> 17.29274 | I39: =TRUNC(H39*F39,2) -> 34497.28 | J39: =I39/$H$420 -> 0.0048482642
A40: 4.5 | B40: COMP. SEDE 11 - 08 | C40: Próprio | D40: VIGA METÁLICA EM PERFIL W 460 x 60, LAMINADO OU SOLDADO, EM AÇO ESTRUTURAL, COM CONEXÕES SOLDADAS, INCLUSOS MÃO DE OBRA, TRANSPORTE E IÇAMENTO UTILIZANDO GUINDASTE - FORNECIMENTO E INSTALAÇÃO. AF_01/2020_P | E40: KG | F40: 522.6 | G40: =VLOOKUP(B40,'Orçamento Analítico'!$B$6:$I$2743,7,FALSE) -> 14.05 | H40: =G40*(1+$G$2) -> 17.29274 | I40: =TRUNC(H40*F40,2) -> 9037.18 | J40: =I40/$H$420 -> 0.0012700896
A41: 4.6 | B41: COMP. SEDE 09 | C41: Próprio | D41: VIGA METÁLICA EM PERFIL W 410 x 53, LAMINADO OU SOLDADO, EM AÇO ESTRUTURAL, COM CONEXÕES SOLDADAS, INCLUSOS MÃO DE OBRA, TRANSPORTE E IÇAMENTO UTILIZANDO GUINDASTE - FORNECIMENTO E INSTALAÇÃO. AF_01/2020_P | E41: KG | F41: 15735.9 | G41: =VLOOKUP(B41,'Orçamento Analítico'!$B$6:$I$2743,7,FALSE) -> 14.05 | H41: =G41*(1+$G$2) -> 17.29274 | I41: =TRUNC(H41*F41,2) -> 272116.82 | J41: =I41/$H$420 -> 0.038243428
A42: 4.7 | B42: COMP. SEDE 10 | C42: Próprio | D42: VIGA METÁLICA EM PERFIL W 410 x 46.1, LAMINADO OU SOLDADO, EM AÇO ESTRUTURAL, COM CONEXÕES SOLDADAS, INCLUSOS MÃO DE OBRA, TRANSPORTE E IÇAMENTO UTILIZANDO GUINDASTE - FORNECIMENTO E INSTALAÇÃO. AF_01/2020_P | E42: KG | F42: 6878.5 | G42: =VLOOKUP(B42,'Orçamento Analítico'!$B$6:$I$2743,7,FALSE) -> 14.05 | H42: =G42*(1+$G$2) -> 17.29274 | I42: =TRUNC(H42*F42,2) -> 118948.11 | J42: =I42/$H$420 -> 0.016717024
A43: 4.8 | B43: COMP. SEDE 11 | C43: Próprio | D43: VIGA METÁLICA EM PERFIL W 360 x 39, LAMINADO OU SOLDADO, EM AÇO ESTRUTURAL, COM CONEXÕES SOLDADAS, INCLUSOS MÃO DE OBRA, TRANSPORTE E IÇAMENTO UTILIZANDO GUINDASTE - FORNECIMENTO E INSTALAÇÃO. AF_01/2020_P | E43: KG | F43: 10058.8 | G43: =VLOOKUP(B43,'Orçamento Analítico'!$B$6:$I$2743,7,FALSE) -> 14.05 | H43: =G43*(1+$G$2) -> 17.29274 | I43: =TRUNC(H43*F43,2) -> 173944.21 | J43: =I43/$H$420 -> 0.024446202
A44: 4.9 | B44: COMP. SEDE 12 | C44: Próprio | D44: VIGA METÁLICA EM PERFIL W 310 x 32,7, LAMINADO OU SOLDADO, EM AÇO ESTRUTURAL, COM CONEXÕES SOLDADAS, INCLUSOS MÃO DE OBRA, TRANSPORTE E IÇAMENTO UTILIZANDO GUINDASTE - FORNECIMENTO E INSTALAÇÃO. AF_01/2020_P | E44: KG | F44: 4383 | G44: =VLOOKUP(B44,'Orçamento Analítico'!$B$6:$I$2743,7,FALSE) -> 14.05 | H44: =G44*(1+$G$2) -> 17.29274 | I44: =TRUNC(H44*F44,2) -> 75794.07 | J44: =I44/$H$420 -> 0.010652135
A45: 4.10 | B45: COMP. SEDE 13 | C45: Próprio | D45: PILAR METÁLICO PERFIL LAMINADO/SOLDADO, W 310 x 23.8, EM AÇO ESTRUTURAL, COM CONEXÕES PARAFUSADAS, INCLUSOS MÃO DE OBRA, TRANSPORTE, IÇAMENTO UTILIZANDO GUINDASTE E CONEXÕES - FORNECIMENTO E INSTALAÇÃO. | E45: KG | F45: 87.9 | G45: =VLOOKUP(B45,'Orçamento Analítico'!$B$6:$I$2743,7,FALSE) -> 16.07 | H45: =G45*(1+$G$2) -> 19.778956 | I45: =TRUNC(H45*F45,2) -> 1738.57 | J45: =I45/$H$420 -> 0.00024433946
A46: 4.11 | B46: COMP. SEDE 14 | C46: Próprio | D46: VIGA METÁLICA EM PERFIL W 250 x80, LAMINADO OU SOLDADO, EM AÇO ESTRUTURAL, COM CONEXÕES SOLDADAS, INCLUSOS MÃO DE OBRA, TRANSPORTE E IÇAMENTO UTILIZANDO GUINDASTE - FORNECIMENTO E INSTALAÇÃO. AF_01/2020_P | E46: KG | F46: 5184 | G46: =VLOOKUP(B46,'Orçamento Analítico'!$B$6:$I$2743,7,FALSE) -> 14.05 | H46: =G46*(1+$G$2) -> 17.29274 | I46: =TRUNC(H46*F46,2) -> 89645.56 | J46: =I46/$H$420 -> 0.01259883
A47: 4.12 | B47: COMP. SEDE 15 | C47: Próprio | D47: VIGA METÁLICA EM PERFIL W 250 x22.3, LAMINADO OU SOLDADO, EM AÇO ESTRUTURAL, COM CONEXÕES SOLDADAS, INCLUSOS MÃO DE OBRA, TRANSPORTE E IÇAMENTO UTILIZANDO GUINDASTE - FORNECIMENTO E INSTALAÇÃO. AF_01/2020_P | E47: KG | F47: 1564 | G47: =VLOOKUP(B47,'Orçamento Analítico'!$B$6:$I$2743,7,FALSE) -> 14.05 | H47: =G47*(1+$G$2) -> 17.29274 | I47: =TRUNC(H47*F47,2) -> 27045.84 | J47: =I47/$H$420 -> 0.0038010353
... A52: 4.17 | B52: COMP. SEDE 20 | C52: Próprio | D52: LAJE STEEL DECK PARA PISO COM CAPA DE CONCRETO FCK 25 MPA, ESPESSURA DA LAJE 15CM, ESPESSURA DA CHAPA 0,95 MM, INCLUSIVE IÇAMENTO COM GUINDASTE. AF_01/2020 | E52: M² | F52: 2036.1 | G52: =VLOOKUP(B52,'Orçamento Analítico'!$B$6:$I$2743,7,FALSE) -> 284.84 | H52: =G52*(1+$G$2) -> 350.58107 | I52: =TRUNC(H52*F52,2) -> 713818.12 | J52: =I52/$H$420 -> 0.10032034
A53: 4.18 | B53: 102074 | C53: SINAPI | D53: ESCADA EM CONCRETO ARMADO MOLDADO IN LOCO, FCK 25 MPA, COM 2 LANCES EM U E LAJE PLANA, FÔRMA EM CHAPA DE MADEIRA COMPENSADA RESINADA. AF_11/2020_PA | E53: m³ | F53: 1.4 | G53: =VLOOKUP(B53,'Orçamento Analítico'!$B$6:$I$2743,7,FALSE) -> 5131.28 | H53: =G53*(1+$G$2) -> 6315.5794 | I53: =TRUNC(H53*F53,2) -> 8841.81 | J53: =I53/$H$420 -> 0.0012426322
A54: 5 | D54: ALVENARIAS E DIVISÕES E ACESSÓRIOS | F54: 1 | I54: =SUM(I55:I61) -> 555245.65 | J54: =I54/$H$420 -> 0.078034489
A55: 5.1 | B55: 96358 | C55: SINAPI | D55: PAREDE COM SISTEMA EM CHAPAS DE GESSO PARA DRYWALL, USO INTERNO, COM DUAS FACES SIMPLES E ESTRUTURA METÁLICA COM GUIAS SIMPLES, SEM VÃOS. AF_07/2023_PS | E55: m² | F55: 454.85 | G55: =VLOOKUP(B55,'Orçamento Analítico'!$B$6:$I$2743,7,FALSE) -> 101.27 | H55: =G55*(1+$G$2) -> 124.64312 | I55: =TRUNC(H55*F55,2) -> 56693.92 | J55: =I55/$H$420 -> 0.0079677906
A56: 5.2 | B56: 96359 | C56: SINAPI | D56: PAREDE COM SISTEMA EM CHAPAS DE GESSO PARA DRYWALL, USO INTERNO, COM DUAS FACES SIMPLES E ESTRUTURA METÁLICA COM GUIAS SIMPLES PARA PAREDES COM ÁREA LÍQUIDA MAIOR OU IGUAL A 6 M2, COM VÃOS. AF_07/2023_PS | E56: m² | F56: 986.86 | G56: =VLOOKUP(B56,'Orçamento Analítico'!$B$6:$I$2743,7,FALSE) -> 114.39 | H56: =G56*(1+$G$2) -> 140.79121 | I56: =TRUNC(H56*F56,2) -> 138941.21 | J56: =I56/$H$420 -> 0.019526864
A57: 5.3 | B57: COMP. SEDE 21 | C57: Próprio | D57: PAREDE COM PLACAS DE GESSO ACARTONADO (DRYWALL), PARA USO EXTERNO (PLACA CIMENTÍCIA E RU), COM DUAS FACES SIMPLES E ESTRUTURA METÁLICA COM GUIAS SIMPLES, INCLUINDO ISOLAMENTO TÉRMICO/ACÚSTICO COM LÃ DE VIDRO | E57: M² | F57: 1303.11 | G57: =VLOOKUP(B57,'Orçamento Analítico'!$B$6:$I$2743,7,FALSE) -> 185.92 | H57: =G57*(1+$G$2) -> 228.83034 | I57: =TRUNC(H57*F57,2) -> 298191.09 | J57: =I57/$H$420 -> 0.041907918
A58: 5.4 | B58: 96373 | C58: SINAPI | D58: INSTALAÇÃO DE REFORÇO METÁLICO EM PAREDE DRYWALL. AF_07/2023 | E58: M | F58: 250 | G58: =VLOOKUP(B58,'Orçamento Analítico'!$B$6:$I$2743,7,FALSE) -> 13.53 | H58: =G58*(1+$G$2) -> 16.652724 | I58: =TRUNC(H58*F58,2) -> 4163.18 | J58: =I58/$H$420 -> 0.0005850953
A59: 5.5 | B59: 102253 | C59: SINAPI | D59: DIVISORIA SANITÁRIA, TIPO CABINE, EM GRANITO CINZA POLIDO, ESP = 3CM, ASSENTADO COM ARGAMASSA COLANTE AC III-E, EXCLUSIVE FERRAGENS. AF_01/2021 | E59: m² | F59: 35.28 | G59: =VLOOKUP(B59,'Orçamento Analítico'!$B$6:$I$2743,7,FALSE) -> 1223.29 | H59: =G59*(1+$G$2) -> 1505.6253 | I59: =TRUNC(H59*F59,2) -> 53118.46 | J59: =I59/$H$420 -> 0.0074652937
A60: 5.6 | B60: 102255 | C60: SINAPI | D60: TAPA VISTA DE MICTÓRIO EM GRANITO CINZA POLIDO, ESP = 3CM, ASSENTADO COM ARGAMASSA COLANTE AC III-E . AF_01/2021 | E60: m² | F60: 2.08 | G60: =VLOOKUP(B60,'Orçamento Analítico'!$B$6:$I$2743,7,FALSE) -> 1213.07 | H60: =G60*(1+$G$2) -> 1493.0466 | I60: =TRUNC(H60*F60,2) -> 3105.53 | J60: =I60/$H$420 -> 0.00043645267
A61: 5.7 | B61: 99857 | C61: SINAPI | D61: CORRIMÃO SIMPLES, DIÂMETRO EXTERNO = 1 1/2", EM ALUMÍNIO. AF_04/2019_PS | E61: M | F61: 13.3 | G61: =VLOOKUP(B61,'Orçamento Analítico'!$B$6:$I$2743,7,FALSE) -> 63.06 | H61: =G61*(1+$G$2) -> 77.614248 | I61: =TRUNC(H61*F61,2) -> 1032.26 | J61: =I61/$H$420 -> 0.00014507431
A62: 6 | D62: IMPERMEABILIZAÇÕES | F62: 1 | I62: =SUM(I63:I67) -> 289143.44 | J62: =I62/$H$420 -> 0.040636357
A63: 6.1 | B63: 98555 | C63: SINAPI | D63: IMPERMEABILIZAÇÃO DE SUPERFÍCIE COM ARGAMASSA POLIMÉRICA / MEMBRANA ACRÍLICA, 3 DEMÃOS. AF_09/2023 | E63: m² | F63: 99.88 | G63: =VLOOKUP(B63,'Orçamento Analítico'!$B$6:$I$2743,7,FALSE) -> 32.5 | H63: =G63*(1+$G$2) -> 40.001 | I63: =TRUNC(H63*F63,2) -> 3995.29 | J63: =I63/$H$420 -> 0.00056149996
A64: 6.2 | B64: 98558 | C64: SINAPI | D64: TRATAMENTO DE RALO OU PONTO EMERGENTE COM ARGAMASSA POLIMÉRICA / MEMBRANA ACRÍLICA REFORÇADO COM TELA DE POLIÉSTER (MAV). AF_09/2023 | E64: UN | F64: 4 | G64: =VLOOKUP(B64,'Orçamento Analítico'!$B$6:$I$2743,7,FALSE) -> 10.47 | H64: =G64*(1+$G$2) -> 12.886476 | I64: =TRUNC(H64*F64,2) -> 51.54 | J64: =I64/$H$420 -> 7.2434562e-06
A65: 6.3 | B65: 98559 | C65: SINAPI | D65: TRATAMENTO DE RODAPÉ COM TELA DE POLIÉSTER. AF_09/2023 | E65: M | F65: 1663.5 | G65: =VLOOKUP(B65,'Orçamento Analítico'!$B$6:$I$2743,7,FALSE) -> 5.74 | H65: =G65*(1+$G$2) -> 7.064792 | I65: =TRUNC(H65*F65,2) -> 11752.28 | J65: =I65/$H$420 -> 0.001651671
A66: 6.4 | B66: 98546 | C66: SINAPI | D66: IMPERMEABILIZAÇÃO DE SUPERFÍCIE COM MANTA ASFÁLTICA, UMA CAMADA, INCLUSIVE APLICAÇÃO DE PRIMER ASFÁLTICO, E=4MM. AF_09/2023 | E66: m² | F66: 1046 | G66: =VLOOKUP(B66,'Orçamento Analítico'!$B$6:$I$2743,7,FALSE) -> 149.36 | H66: =G66*(1+$G$2) -> 183.83229 | I66: =TRUNC(H66*F66,2) -> 192288.57 | J66: =I66/$H$420 -> 0.027024327
A67: 6.5 | B67: 98565 | C67: SINAPI | D67: PROTEÇÃO MECÂNICA DE SUPERFICIE HORIZONTAL COM ARGAMASSA DE CIMENTO E AREIA, TRAÇO 1:3, E=3CM. AF_09/2023 | E67: m² | F67: 1046 | G67: =VLOOKUP(B67,'Orçamento Analítico'!$B$6:$I$2743,7,FALSE) -> 62.96 | H67: =G67*(1+$G$2) -> 77.491168 | I67: =TRUNC(H67*F67,2) -> 81055.76 | J67: =I67/$H$420 -> 0.011391615
A68: 7 | D68: PEITORIS E CHAPINS | F68: 1 | I68: =SUM(I69:I70) -> 30850.4 | J68: =I68/$H$420 -> 0.0043357299
A69: 7.1 | B69: 101965 | C69: SINAPI | D69: PEITORIL LINEAR EM GRANITO OU MÁRMORE, L = 15CM, COMPRIMENTO DE ATÉ 2M, ASSENTADO COM ARGAMASSA 1:6 COM ADITIVO. AF_11/2020 | E69: M | F69: 115.25 | G69: =VLOOKUP(B69,'Orçamento Analítico'!$B$6:$I$2743,7,FALSE) -> 166.71 | H69: =G69*(1+$G$2) -> 205.18667 | I69: =TRUNC(H69*F69,2) -> 23647.76 | J69: =I69/$H$420 -> 0.0033234675
A70: 7.2 | B70: 101979 | C70: SINAPI | D70: CHAPIM (RUFO CAPA) EM AÇO GALVANIZADO, CORTE 33. AF_11/2020 | E70: M | F70: 140 | G70: =VLOOKUP(B70,'Orçamento Analítico'!$B$6:$I$2743,7,FALSE) -> 41.8 | H70: =G70*(1+$G$2) -> 51.44744 | I70: =TRUNC(H70*F70,2) -> 7202.64 | J70: =I70/$H$420 -> 0.0010122625
A71: 8 | D71: REVESTIMENTOS - PAREDES | F71: 1 | I71: =SUM(I72:I75) -> 59469.93 | J71: =I71/$H$420 -> 0.0083579323
A72: 8.1 | B72: 87894 | C72: SINAPI | D72: CHAPISCO APLICADO EM ALVENARIA (SEM PRESENÇA DE VÃOS) E ESTRUTURAS DE CONCRETO DE FACHADA, COM COLHER DE PEDREIRO. ARGAMASSA TRAÇO 1:3 COM PREPARO EM BETONEIRA 400L. AF_10/2022 | E72: m² | F72: 150 | G72: =VLOOKUP(B72,'Orçamento Analítico'!$B$6:$I$2743,7,FALSE) -> 7.49 | H72: =G72*(1+$G$2) -> 9.218692 | I72: =TRUNC(H72*F72,2) -> 1382.8 | J72: =I72/$H$420 -> 0.00019433937
A73: 8.2 | B73: 87792 | C73: SINAPI | D73: EMBOÇO OU MASSA ÚNICA EM ARGAMASSA TRAÇO 1:2:8, PREPARO MECÂNICO COM BETONEIRA 400 L, APLICADA MANUALMENTE EM PANOS CEGOS DE FACHADA (SEM PRESENÇA DE VÃOS), ESPESSURA DE 25 MM. AF_08/2022 | E73: m² | F73: 75 | G73: =VLOOKUP(B73,'Orçamento Analítico'!$B$6:$I$2743,7,FALSE) -> 43.39 | H73: =G73*(1+$G$2) -> 53.404412 | I73: =TRUNC(H73*F73,2) -> 4005.33 | J73: =I73/$H$420 -> 0.00056291099
A74: 8.3 | B74: 87265 | C74: SINAPI | D74: REVESTIMENTO CERÂMICO PARA PAREDES INTERNAS COM PLACAS TIPO ESMALTADA DE DIMENSÕES 20X20 CM APLICADAS NA ALTURA INTEIRA DAS PAREDES. AF_02/2023_PE | E74: m² | F74: 337.42 | G74: =VLOOKUP(B74,'Orçamento Analítico'!$B$6:$I$2743,7,FALSE) -> 73.12 | H74: =G74*(1+$G$2) -> 89.996096 | I74: =TRUNC(H74*F74,2) -> 30366.48 | J74: =I74/$H$420 -> 0.0042677196
A75: 8.4 | B75: 88650 | C75: SINAPI | D75: RODAPÉ CERÂMICO DE 7CM DE ALTURA COM PLACAS TIPO ESMALTADA DE DIMENSÕES 60X60CM. AF_02/2023 | E75: M | F75: 1300.15 | G75: =VLOOKUP(B75,'Orçamento Analítico'!$B$6:$I$2743,7,FALSE) -> 14.82 | H75: =G75*(1+$G$2) -> 18.240456 | I75: =TRUNC(H75*F75,2) -> 23715.32 | J75: =I75/$H$420 -> 0.0033329624
A76: 9 | D76: REVESTIMENTOS - PISOS | F76: 1 | H76: 570391.18 | I76: =SUM(I77:I82) -> 610152.66 | J76: =I76/$H$420 -> 0.085751146
A77: 9.1 | B77: 87630 | C77: SINAPI | D77: CONTRAPISO EM ARGAMASSA TRAÇO 1:4 (CIMENTO E AREIA), PREPARO MECÂNICO COM BETONEIRA 400 L, APLICADO EM ÁREAS SECAS SOBRE LAJE, ADERIDO, ACABAMENTO NÃO REFORÇADO, ESPESSURA 3CM. AF_07/2021 | E77: m² | F77: 1916.83 | G77: =VLOOKUP(B77,'Orçamento Analítico'!$B$6:$I$2743,7,FALSE) -> 49.69 | H77: =G77*(1+$G$2) -> 61.158452 | I77: =TRUNC(H77*F77,2) -> 117230.35 | J77: =I77/$H$420 -> 0.016475609
A78: 9.2 | B78: 87263 | C78: SINAPI | D78: REVESTIMENTO CERÂMICO PARA PISO COM PLACAS TIPO PORCELANATO DE DIMENSÕES 60X60 CM APLICADA EM AMBIENTES DE ÁREA MAIOR QUE 10 M². AF_02/2023_PE | E78: m² | F78: 1739.96 | G78: =VLOOKUP(B78,'Orçamento Analítico'!$B$6:$I$2743,7,FALSE) -> 146.94 | H78: =G78*(1+$G$2) -> 180.85375 | I78: =TRUNC(H78*F78,2) -> 314678.29 | J78: =I78/$H$420 -> 0.044225037
A79: 9.3 | B79: 98689 | C79: SINAPI | D79: SOLEIRA EM GRANITO, LARGURA 15 CM, ESPESSURA 2,0 CM. AF_09/2020 | E79: M | F79: 57.1 | G79: =VLOOKUP(B79,'Orçamento Analítico'!$B$6:$I$2743,7,FALSE) -> 165.23 | H79: =G79*(1+$G$2) -> 203.36508 | I79: =TRUNC(H79*F79,2) -> 11612.14 | J79: =I79/$H$420 -> 0.0016319757
A80: 9.4 | B80: 10709 | C80: SINAPI | D80: CARPETE DE NYLON EM MANTA PARA TRAFEGO COMERCIAL PESADO, E = 9 A 10 MM (INSTALADO) | E80: M² | F80: 180.2 | G80: =VLOOKUP(B80,'Orçamento Analítico'!$B$6:$I$2743,7,FALSE) -> 230.97 | H80: =G80*(1+$G$2) -> 284.27788 | I80: =TRUNC(H80*F80,2) -> 51226.87 | J80: =I80/$H$420 -> 0.0071994487
A81: 9.5 | B81: 94990 | C81: SINAPI | D81: EXECUÇÃO DE PASSEIO (CALÇADA) OU PISO DE CONCRETO COM CONCRETO MOLDADO IN LOCO, FEITO EM OBRA, ACABAMENTO CONVENCIONAL, NÃO ARMADO. AF_08/2022 | E81: m³ | F81: 51.52 | G81: =VLOOKUP(B81,'Orçamento Analítico'!$B$6:$I$2743,7,FALSE) -> 1094.19 | H81: =G81*(1+$G$2) -> 1346.7291 | I81: =TRUNC(H81*F81,2) -> 69383.48 | J81: =I81/$H$420 -> 0.0097511874
A82: 9.6 | B82: 101094 | C82: SINAPI | D82: PISO PODOTÁTIL DE ALERTA OU DIRECIONAL, DE BORRACHA, ASSENTADO SOBRE ARGAMASSA. AF_05/2020 | E82: M | F82: 194 | G82: =VLOOKUP(B82,'Orçamento Analítico'!$B$6:$I$2743,7,FALSE) -> 192.74 | H82: =G82*(1+$G$2) -> 237.22439 | I82: =TRUNC(H82*F82,2) -> 46021.53 | J82: =I82/$H$420 -> 0.0064678878
A83: 10 | D83: INSTALAÇÕES HIDROSSANITÁRIAS | F83: 1 | I83: =I84+I130+I160 -> 212813.86 | J83: =I83/$H$420 -> 0.029908961
A84: 10.1 | D84: ÁGUA FRIA | F84: 1 | I84: =SUM(I85:I129) -> 19952.35 | J84: =I84/$H$420 -> 0.0028041128
A85: 10.1.1 | B85: 103036 | C85: SINAPI | D85: REGISTRO DE ESFERA, PVC, ROSCÁVEL, COM VOLANTE, 1/2" - FORNECIMENTO E INSTALAÇÃO. AF_08/2021 | E85: UN | F85: 1 | G85: =VLOOKUP(B85,'Orçamento Analítico'!$B$6:$I$2743,7,FALSE) -> 23.79 | H85: =G85*(1+$G$2) -> 29.280732 | I85: =TRUNC(H85*F85,2) -> 29.28 | J85: =I85/$H$420 -> 4.1150252e-06
A86: 10.1.2 | B86: 89987 | C86: SINAPI | D86: REGISTRO DE GAVETA BRUTO, LATÃO, ROSCÁVEL, 3/4", COM ACABAMENTO E CANOPLA CROMADOS - FORNECIMENTO E INSTALAÇÃO. AF_08/2021 | E86: UN | F86: 15 | G86: =VLOOKUP(B86,'Orçamento Analítico'!$B$6:$I$2743,7,FALSE) -> 100.21 | H86: =G86*(1+$G$2) -> 123.33847 | I86: =TRUNC(H86*F86,2) -> 1850.07 | J86: =I86/$H$420 -> 0.00026000972
A87: 10.1.3 | B87: 89985 | C87: SINAPI | D87: REGISTRO DE PRESSÃO BRUTO, LATÃO, ROSCÁVEL, 3/4", COM ACABAMENTO E CANOPLA CROMADOS - FORNECIMENTO E INSTALAÇÃO. AF_08/2021 | E87: UN | F87: 8 | G87: =VLOOKUP(B87,'Orçamento Analítico'!$B$6:$I$2743,7,FALSE) -> 95.15 | H87: =G87*(1+$G$2) -> 117.11062 | I87: =TRUNC(H87*F87,2) -> 936.88 | J87: =I87/$H$420 -> 0.00013166956
A88: 10.1.4 | B88: 103041 | C88: SINAPI | D88: REGISTRO DE ESFERA, PVC, ROSCÁVEL, COM BORBOLETA, 1/2" - FORNECIMENTO E INSTALAÇÃO. AF_08/2021 | E88: UN | F88: 1 | G88: =VLOOKUP(B88,'Orçamento Analítico'!$B$6:$I$2743,7,FALSE) -> 19.88 | H88: =G88*(1+$G$2) -> 24.468304 | I88: =TRUNC(H88*F88,2) -> 24.46 | J88: =I88/$H$420 -> 3.4376201e-06
A89: 10.1.5 | B89: 89986 | C89: SINAPI | D89: REGISTRO DE GAVETA BRUTO, LATÃO, ROSCÁVEL, 1/2", COM ACABAMENTO E CANOPLA CROMADOS - FORNECIMENTO E INSTALAÇÃO. AF_08/2021 | E89: UN | F89: 15 | G89: =VLOOKUP(B89,'Orçamento Analítico'!$B$6:$I$2743,7,FALSE) -> 88.15 | H89: =G89*(1+$G$2) -> 108.49502 | I89: =TRUNC(H89*F89,2) -> 1627.42 | J89: =I89/$H$420 -> 0.00022871838
A90: 10.1.6 | B90: 94793 | C90: SINAPI | D90: REGISTRO DE GAVETA BRUTO, LATÃO, ROSCÁVEL, 1 1/4", COM ACABAMENTO E CANOPLA CROMADOS - FORNECIMENTO E INSTALAÇÃO. AF_08/2021 | E90: UN | F90: 2 | G90: =VLOOKUP(B90,'Orçamento Analítico'!$B$6:$I$2743,7,FALSE) -> 167.37 | H90: =G90*(1+$G$2) -> 205.999 | I90: =TRUNC(H90*F90,2) -> 411.99 | J90: =I90/$H$420 -> 5.7901271e-05
A91: 10.1.7 | B91: 86886 | C91: SINAPI | D91: ENGATE FLEXÍVEL EM INOX, 1/2 X 30CM - FORNECIMENTO E INSTALAÇÃO. AF_01/2020 | E91: UN | F91: 16 | G91: =VLOOKUP(B91,'Orçamento Analítico'!$B$6:$I$2743,7,FALSE) -> 59.29 | H91: =G91*(1+$G$2) -> 72.974132 | I91: =TRUNC(H91*F91,2) -> 1167.58 | J91: =I91/$H$420 -> 0.00016409225
A92: 10.1.8 | B92: 86884 | C92: SINAPI | D92: ENGATE FLEXÍVEL EM PLÁSTICO BRANCO, 1/2" X 30CM - FORNECIMENTO E INSTALAÇÃO. AF_01/2020 | E92: UN | F92: 17 | G92: =VLOOKUP(B92,'Orçamento Analítico'!$B$6:$I$2743,7,FALSE) -> 11.81 | H92: =G92*(1+$G$2) -> 14.535748 | I92: =TRUNC(H92*F92,2) -> 247.1 | J92: =I92/$H$420 -> 3.4727552e-05
A93: 10.1.9 | B93: 104031 | C93: SINAPI | D93: COLAR DE TOMADA, PVC, COM TRAVAS, DE 60 MM X 1/2" OU 60 MM X 3/4", PARA LIGAÇÃO PREDIAL DE ÁGUA. AF_06/2022 | E93: UN | F93: 1 | G93: =VLOOKUP(B93,'Orçamento Analítico'!$B$6:$I$2743,7,FALSE) -> 16.75 | H93: =G93*(1+$G$2) -> 20.6159 | I93: =TRUNC(H93*F93,2) -> 20.61 | J93: =I93/$H$420 -> 2.8965392e-06
A94: 10.1.10 | B94: 89378 | C94: SINAPI | D94: LUVA, PVC, SOLDÁVEL, DN 25MM, INSTALADO EM RAMAL OU SUB-RAMAL DE ÁGUA - FORNECIMENTO E INSTALAÇÃO. AF_06/2022 | E94: UN | F94: 1 | G94: =VLOOKUP(B94,'Orçamento Analítico'!$B$6:$I$2743,7,FALSE) -> 7.06 | H94: =G94*(1+$G$2) -> 8.689448 | I94: =TRUNC(H94*F94,2) -> 8.68 | J94: =I94/$H$420 -> 1.2198913e-06
A95: 10.1.11 | B95: 89372 | C95: SINAPI | D95: LUVA DE CORRER, PVC, SOLDÁVEL, DN 20MM, INSTALADO EM RAMAL OU SUB-RAMAL DE ÁGUA - FORNECIMENTO E INSTALAÇÃO. AF_06/2022 | E95: UN | F95: 1 | G95: =VLOOKUP(B95,'Orçamento Analítico'!$B$6:$I$2743,7,FALSE) -> 15.64 | H95: =G95*(1+$G$2) -> 19.249712 | I95: =TRUNC(H95*F95,2) -> 19.24 | J95: =I95/$H$420 -> 2.7039988e-06
A96: 10.1.12 | B96: 89379 | C96: SINAPI | D96: LUVA DE CORRER, PVC, SOLDÁVEL, DN 25MM, INSTALADO EM RAMAL OU SUB-RAMAL DE ÁGUA - FORNECIMENTO E INSTALAÇÃO. AF_12/2014 | E96: UN | F96: 2 | G96: =VLOOKUP(B96,'Orçamento Analítico'!$B$6:$I$2743,7,FALSE) -> 18.38 | H96: =G96*(1+$G$2) -> 22.622104 | I96: =TRUNC(H96*F96,2) -> 45.24 | J96: =I96/$H$420 -> 6.3580512e-06
... A129: 10.1.45 | B129: 89448 | C129: SINAPI | D129: TUBO, PVC, SOLDÁVEL, DE 40MM, INSTALADO EM PRUMADA DE ÁGUA - FORNECIMENTO E INSTALAÇÃO. AF_06/2022 | E129: M | F129: 64.89 | G129: =VLOOKUP(B129,'Orçamento Analítico'!$B$6:$I$2743,7,FALSE) -> 15.92 | H129: =G129*(1+$G$2) -> 19.594336 | I129: =TRUNC(H129*F129,2) -> 1271.47 | J129: =I129/$H$420 -> 0.000178693
A130: 10.2 | D130: ESGOTO E DRENAGEM | F130: 1 | I130: =SUM(I131:I159) -> 23412.48 | J130: =I130/$H$420 -> 0.0032904011
A131: 10.2.1 | B131: 104345 | C131: SINAPI | D131: JUNÇÃO DE REDUÇÃO INVERTIDA, PVC, SÉRIE NORMAL, ESGOTO PREDIAL, DN 100 X 50 MM, JUNTA ELÁSTICA, FORNECIDO E INSTALADO EM RAMAL DE DESCARGA OU RAMAL DE ESGOTO SANITÁRIO. AF_08/2022 | E131: UN | F131: 8 | G131: =VLOOKUP(B131,'Orçamento Analítico'!$B$6:$I$2743,7,FALSE) -> 40.91 | H131: =G131*(1+$G$2) -> 50.352028 | I131: =TRUNC(H131*F131,2) -> 402.81 | J131: =I131/$H$420 -> 5.661111e-05
A132: 10.2.2 | B132: 89785 | C132: SINAPI | D132: JUNÇÃO SIMPLES, PVC, SERIE NORMAL, ESGOTO PREDIAL, DN 50 X 50 MM, JUNTA ELÁSTICA, FORNECIDO E INSTALADO EM RAMAL DE DESCARGA OU RAMAL DE ESGOTO SANITÁRIO. AF_08/2022 | E132: UN | F132: 12 | G132: =VLOOKUP(B132,'Orçamento Analítico'!$B$6:$I$2743,7,FALSE) -> 25.89 | H132: =G132*(1+$G$2) -> 31.865412 | I132: =TRUNC(H132*F132,2) -> 382.38 | J132: =I132/$H$420 -> 5.3739868e-05
A133: 10.2.3 | B133: 89783 | C133: SINAPI | D133: JUNÇÃO SIMPLES, PVC, SERIE NORMAL, ESGOTO PREDIAL, DN 40 MM, JUNTA SOLDÁVEL, FORNECIDO E INSTALADO EM RAMAL DE DESCARGA OU RAMAL DE ESGOTO SANITÁRIO. AF_08/2022 | E133: UN | F133: 8 | G133: =VLOOKUP(B133,'Orçamento Analítico'!$B$6:$I$2743,7,FALSE) -> 14.3 | H133: =G133*(1+$G$2) -> 17.60044 | I133: =TRUNC(H133*F133,2) -> 140.8 | J133: =I133/$H$420 -> 1.9788099e-05
A134: 10.2.4 | B134: 89797 | C134: SINAPI | D134: JUNÇÃO SIMPLES, PVC, SERIE NORMAL, ESGOTO PREDIAL, DN 100 X 100 MM, JUNTA ELÁSTICA, FORNECIDO E INSTALADO EM RAMAL DE DESCARGA OU RAMAL DE ESGOTO SANITÁRIO. AF_08/2022 | E134: UN | F134: 8 | G134: =VLOOKUP(B134,'Orçamento Analítico'!$B$6:$I$2743,7,FALSE) -> 48.7 | H134: =G134*(1+$G$2) -> 59.93996 | I134: =TRUNC(H134*F134,2) -> 479.51 | J134: =I134/$H$420 -> 6.7390564e-05
A135: 10.2.5 | B135: 89733 | C135: SINAPI | D135: CURVA CURTA 90 GRAUS, PVC, SERIE NORMAL, ESGOTO PREDIAL, DN 50 MM, JUNTA ELÁSTICA, FORNECIDO E INSTALADO EM RAMAL DE DESCARGA OU RAMAL DE ESGOTO SANITÁRIO. AF_08/2022 | E135: UN | F135: 6 | G135: =VLOOKUP(B135,'Orçamento Analítico'!$B$6:$I$2743,7,FALSE) -> 21.87 | H135: =G135*(1+$G$2) -> 26.917596 | I135: =TRUNC(H135*F135,2) -> 161.5 | J135: =I135/$H$420 -> 2.2697287e-05
A136: 10.2.6 | B136: 89810 | C136: SINAPI | D136: JOELHO 45 GRAUS, PVC, SERIE NORMAL, ESGOTO PREDIAL, DN 100 MM, JUNTA ELÁSTICA, FORNECIDO E INSTALADO EM PRUMADA DE ESGOTO SANITÁRIO OU VENTILAÇÃO. AF_08/2022 | E136: UN | F136: 2 | G136: =VLOOKUP(B136,'Orçamento Analítico'!$B$6:$I$2743,7,FALSE) -> 29.38 | H136: =G136*(1+$G$2) -> 36.160904 | I136: =TRUNC(H136*F136,2) -> 72.32 | J136: =I136/$H$420 -> 1.0163887e-05
...

Sheet Orçamento Analítico
D1: Obra | E1: Bancos | F1: B.D.I. | H1: Encargos Sociais
D2: CONCLUSÃO DA OBRA DE CONSTRUÇÃO DA UNIDADE DESCENTRALIZADA DA CODEVASF NO ESTADO DO AMAPÁ - 11ª SUPERINTENDÊNCIA REGIONAL, NO MUNICÍPIO DE MACAPÁ/AP. | E2: SINAPI - 03/2026 - Amapá SICRO3 - 01/2026 - Amapá SBC 05/2026 EMOP 03/2026 SIURB 01/2026 | F2: 23,08% | H2: Não Desonerado: embutido nos preços unitário dos insumos de mão de obra, de acordo com as bases.
A3: Planilha Orçamentária Analítica
A4: 0 | D4: ELABORAÇÃO/COMPATIBILIZAÇÃO DE PROJETOS
A5: 0.1 | B5: Código | C5: Banco | D5: Descrição | E5: Tipo | F5: Und | G5: Quant. | H5: Valor Unit | I5: Total
A6: Composição | B6: 90778 | C6: SINAPI | D6: ENGENHEIRO CIVIL DE OBRA PLENO COM ENCARGOS COMPLEMENTARES | E6: Livro SINAPI: Cálculos e Parâmetros | F6: H | G6: 1 | H6: =I6 -> 146.61 | I6: =SUM(I7:I13) -> 146.61
A7: Composição Auxiliar | B7: 95403 | C7: SINAPI | D7: CURSO DE CAPACITAÇÃO PARA ENGENHEIRO CIVIL DE OBRA PLENO (ENCARGOS COMPLEMENTARES) - HORISTA | E7: Livro SINAPI: Cálculos e Parâmetros | F7: H | G7: 1 | H7: =IF(A7="Composição Auxiliar",VLOOKUP(B7,'SINAPI COMPOSIÇÃO'!$A$2:$E$10256,4,FALSE),IF(A7="Insumo",IF(VLOOKUP(B7,'SINAPI INSUMOS'!$A$2:$F$4852,5,FALSE)=OR("",0),VLOOKUP(B7,'SINAPI INSUMOS'!$A$2:$F$4852,6,FALSE),VLOOKUP(B7,'SINAPI INSUMOS'!$A$2:$F$4852,5,FALSE)),"VERIFICAR")) -> 2.08 | I7: =TRUNC(G7*H7,2) -> 2.08
A8: Insumo | B8: 2707 | C8: SINAPI | D8: ENGENHEIRO CIVIL DE OBRA PLENO (HORISTA) | E8: Mão de Obra | F8: H | G8: 1 | H8: =IF(A8="Composição Auxiliar",VLOOKUP(B8,'SINAPI COMPOSIÇÃO'!$A$2:$E$10256,4,FALSE),IF(A8="Insumo",IF(VLOOKUP(B8,'SINAPI INSUMOS'!$A$2:$F$4852,5,FALSE)=OR("",0),VLOOKUP(B8,'SINAPI INSUMOS'!$A$2:$F$4852,6,FALSE),VLOOKUP(B8,'SINAPI INSUMOS'!$A$2:$F$4852,5,FALSE)),"VERIFICAR")) -> 141.45 | I8: =TRUNC(G8*H8,2) -> 141.45
A9: Insumo | B9: 43486 | C9: SINAPI | D9: EPI - FAMILIA ENGENHEIRO CIVIL - HORISTA (ENCARGOS COMPLEMENTARES - COLETADO CAIXA) | E9: Encargos Complementares | F9: H | G9: 1 | H9: =IF(A9="Composição Auxiliar",VLOOKUP(B9,'SINAPI COMPOSIÇÃO'!$A$2:$E$10256,4,FALSE),IF(A9="Insumo",IF(VLOOKUP(B9,'SINAPI INSUMOS'!$A$2:$F$4852,5,FALSE)=OR("",0),VLOOKUP(B9,'SINAPI INSUMOS'!$A$2:$F$4852,6,FALSE),VLOOKUP(B9,'SINAPI INSUMOS'!$A$2:$F$4852,5,FALSE)),"VERIFICAR")) -> 1.09 | I9: =TRUNC(G9*H9,2) -> 1.09
A10: Insumo | B10: 43462 | C10: SINAPI | D10: FERRAMENTAS - FAMILIA ENGENHEIRO CIVIL - HORISTA (ENCARGOS COMPLEMENTARES - COLETADO CAIXA) | E10: Encargos Complementares | F10: H | G10: 1 | H10: =IF(A10="Composição Auxiliar",VLOOKUP(B10,'SINAPI COMPOSIÇÃO'!$A$2:$E$10256,4,FALSE),IF(A10="Insumo",IF(VLOOKUP(B10,'SINAPI INSUMOS'!$A$2:$F$4852,5,FALSE)=OR("",0),VLOOKUP(B10,'SINAPI INSUMOS'!$A$2:$F$4852,6,FALSE),VLOOKUP(B10,'SINAPI INSUMOS'!$A$2:$F$4852,5,FALSE)),"VERIFICAR")) -> 0.02 | I10: =TRUNC(G10*H10,2) -> 0.02
A11: Insumo | B11: 37370 | C11: SINAPI | D11: ALIMENTACAO - HORISTA (COLETADO CAIXA - ENCARGOS COMPLEMENTARES) | E11: Encargos Complementares | F11: H | G11: 1 | H11: =IF(A11="Composição Auxiliar",VLOOKUP(B11,'SINAPI COMPOSIÇÃO'!$A$2:$E$10256,4,FALSE),IF(A11="Insumo",IF(VLOOKUP(B11,'SINAPI INSUMOS'!$A$2:$F$4852,5,FALSE)=OR("",0),VLOOKUP(B11,'SINAPI INSUMOS'!$A$2:$F$4852,6,FALSE),VLOOKUP(B11,'SINAPI INSUMOS'!$A$2:$F$4852,5,FALSE)),"VERIFICAR")) -> 0.66 | I11: =TRUNC(G11*H11,2) -> 0.66
A12: Insumo | B12: 37372 | C12: SINAPI | D12: EXAMES - HORISTA (COLETADO CAIXA - ENCARGOS COMPLEMENTARES) | E12: Encargos Complementares | F12: H | G12: 1 | H12: =IF(A12="Composição Auxiliar",VLOOKUP(B12,'SINAPI COMPOSIÇÃO'!$A$2:$E$10256,4,FALSE),IF(A12="Insumo",IF(VLOOKUP(B12,'SINAPI INSUMOS'!$A$2:$F$4852,5,FALSE)=OR("",0),VLOOKUP(B12,'SINAPI INSUMOS'!$A$2:$F$4852,6,FALSE),VLOOKUP(B12,'SINAPI INSUMOS'!$A$2:$F$4852,5,FALSE)),"VERIFICAR")) -> 1.3 | I12: =TRUNC(G12*H12,2) -> 1.3
A13: Insumo | B13: 37373 | C13: SINAPI | D13: SEGURO - HORISTA (COLETADO CAIXA - ENCARGOS COMPLEMENTARES) | E13: Encargos Complementares | F13: H | G13: 1 | H13: =IF(A13="Composição Auxiliar",VLOOKUP(B13,'SINAPI COMPOSIÇÃO'!$A$2:$E$10256,4,FALSE),IF(A13="Insumo",IF(VLOOKUP(B13,'SINAPI INSUMOS'!$A$2:$F$4852,5,FALSE)=OR("",0),VLOOKUP(B13,'SINAPI INSUMOS'!$A$2:$F$4852,6,FALSE),VLOOKUP(B13,'SINAPI INSUMOS'!$A$2:$F$4852,5,FALSE)),"VERIFICAR")) -> 0.01 | I13: =TRUNC(G13*H13,2) -> 0.01
A14: 0.2 | B14: Código | C14: Banco | D14: Descrição | E14: Tipo | F14: Und | G14: Quant. | H14: Valor Unit | I14: Total
A15: Composição | B15: 90769 | C15: SINAPI | D15: ARQUITETO DE OBRA PLENO COM ENCARGOS COMPLEMENTARES | E15: Livro SINAPI: Cálculos e Parâmetros | F15: H | G15: 1 | H15: =I15 -> 144.36 | I15: =SUM(I16:I22) -> 144.36
A16: Composição Auxiliar | B16: 95395 | C16: SINAPI | D16: CURSO DE CAPACITAÇÃO PARA ARQUITETO DE OBRA PLENO (ENCARGOS COMPLEMENTARES) - HORISTA | E16: Livro SINAPI: Cálculos e Parâmetros | F16: H | G16: 1 | H16: =IF(A16="Composição Auxiliar",VLOOKUP(B16,'SINAPI COMPOSIÇÃO'!$A$2:$E$10256,4,FALSE),IF(A16="Insumo",IF(VLOOKUP(B16,'SINAPI INSUMOS'!$A$2:$F$4852,5,FALSE)=OR("",0),VLOOKUP(B16,'SINAPI INSUMOS'!$A$2:$F$4852,6,FALSE),VLOOKUP(B16,'SINAPI INSUMOS'!$A$2:$F$4852,5,FALSE)),"VERIFICAR")) -> 1.16 | I16: =TRUNC(G16*H16,2) -> 1.16
A17: Insumo | B17: 37372 | C17: SINAPI | D17: EXAMES - HORISTA (COLETADO CAIXA - ENCARGOS COMPLEMENTARES) | E17: Encargos Complementares | F17: H | G17: 1 | H17: =IF(A17="Composição Auxiliar",VLOOKUP(B17,'SINAPI COMPOSIÇÃO'!$A$2:$E$10256,4,FALSE),IF(A17="Insumo",IF(VLOOKUP(B17,'SINAPI INSUMOS'!$A$2:$F$4852,5,FALSE)=OR("",0),VLOOKUP(B17,'SINAPI INSUMOS'!$A$2:$F$4852,6,FALSE),VLOOKUP(B17,'SINAPI INSUMOS'!$A$2:$F$4852,5,FALSE)),"VERIFICAR")) -> 1.3 | I17: =TRUNC(G17*H17,2) -> 1.3
A18: Insumo | B18: 37373 | C18: SINAPI | D18: SEGURO - HORISTA (COLETADO CAIXA - ENCARGOS COMPLEMENTARES) | E18: Encargos Complementares | F18: H | G18: 1 | H18: =IF(A18="Composição Auxiliar",VLOOKUP(B18,'SINAPI COMPOSIÇÃO'!$A$2:$E$10256,4,FALSE),IF(A18="Insumo",IF(VLOOKUP(B18,'SINAPI INSUMOS'!$A$2:$F$4852,5,FALSE)=OR("",0),VLOOKUP(B18,'SINAPI INSUMOS'!$A$2:$F$4852,6,FALSE),VLOOKUP(B18,'SINAPI INSUMOS'!$A$2:$F$4852,5,FALSE)),"VERIFICAR")) -> 0.01 | I18: =TRUNC(G18*H18,2) -> 0.01
A19: Insumo | B19: 37370 | C19: SINAPI | D19: ALIMENTACAO - HORISTA (COLETADO CAIXA - ENCARGOS COMPLEMENTARES) | E19: Encargos Complementares | F19: H | G19: 1 | H19: =IF(A19="Composição Auxiliar",VLOOKUP(B19,'SINAPI COMPOSIÇÃO'!$A$2:$E$10256,4,FALSE),IF(A19="Insumo",IF(VLOOKUP(B19,'SINAPI INSUMOS'!$A$2:$F$4852,5,FALSE)=OR("",0),VLOOKUP(B19,'SINAPI INSUMOS'!$A$2:$F$4852,6,FALSE),VLOOKUP(B19,'SINAPI INSUMOS'!$A$2:$F$4852,5,FALSE)),"VERIFICAR")) -> 0.66 | I19: =TRUNC(G19*H19,2) -> 0.66
A20: Insumo | B20: 43486 | C20: SINAPI | D20: EPI - FAMILIA ENGENHEIRO CIVIL - HORISTA (ENCARGOS COMPLEMENTARES - COLETADO CAIXA) | E20: Encargos Complementares | F20: H | G20: 1 | H20: =IF(A20="Composição Auxiliar",VLOOKUP(B20,'SINAPI COMPOSIÇÃO'!$A$2:$E$10256,4,FALSE),IF(A20="Insumo",IF(VLOOKUP(B20,'SINAPI INSUMOS'!$A$2:$F$4852,5,FALSE)=OR("",0),VLOOKUP(B20,'SINAPI INSUMOS'!$A$2:$F$4852,6,FALSE),VLOOKUP(B20,'SINAPI INSUMOS'!$A$2:$F$4852,5,FALSE)),"VERIFICAR")) -> 1.09 | I20: =TRUNC(G20*H20,2) -> 1.09
A21: Insumo | B21: 33952 | C21: SINAPI | D21: ARQUITETO PLENO (HORISTA) | E21: Mão de Obra | F21: H | G21: 1 | H21: =IF(A21="Composição Auxiliar",VLOOKUP(B21,'SINAPI COMPOSIÇÃO'!$A$2:$E$10256,4,FALSE),IF(A21="Insumo",IF(VLOOKUP(B21,'SINAPI INSUMOS'!$A$2:$F$4852,5,FALSE)=OR("",0),VLOOKUP(B21,'SINAPI INSUMOS'!$A$2:$F$4852,6,FALSE),VLOOKUP(B21,'SINAPI INSUMOS'!$A$2:$F$4852,5,FALSE)),"VERIFICAR")) -> 140.12 | I21: =TRUNC(G21*H21,2) -> 140.12
A22: Insumo | B22: 43462 | C22: SINAPI | D22: FERRAMENTAS - FAMILIA ENGENHEIRO CIVIL - HORISTA (ENCARGOS COMPLEMENTARES - COLETADO CAIXA) | E22: Encargos Complementares | F22: H | G22: 1 | H22: =IF(A22="Composição Auxiliar",VLOOKUP(B22,'SINAPI COMPOSIÇÃO'!$A$2:$E$10256,4,FALSE),IF(A22="Insumo",IF(VLOOKUP(B22,'SINAPI INSUMOS'!$A$2:$F$4852,5,FALSE)=OR("",0),VLOOKUP(B22,'SINAPI INSUMOS'!$A$2:$F$4852,6,FALSE),VLOOKUP(B22,'SINAPI INSUMOS'!$A$2:$F$4852,5,FALSE)),"VERIFICAR")) -> 0.02 | I22: =TRUNC(G22*H22,2) -> 0.02
A23: 0.3 | B23: Código | C23: Banco | D23: Descrição | E23: Tipo | F23: Und | G23: Quant. | H23: Valor Unit | I23: Total
A24: Composição | B24: 90775 | C24: SINAPI | D24: DESENHISTA PROJETISTA COM ENCARGOS COMPLEMENTARES | E24: Livro SINAPI: Cálculos e Parâmetros | F24: H | G24: 1 | H24: =I24 -> 21.14 | I24: =SUM(I25:I32) -> 21.14
A25: Composição Auxiliar | B25: 95400 | C25: SINAPI | D25: CURSO DE CAPACITAÇÃO PARA DESENHISTA PROJETISTA (ENCARGOS COMPLEMENTARES) - HORISTA | E25: Livro SINAPI: Cálculos e Parâmetros | F25: H | G25: 1 | H25: =IF(A25="Composição Auxiliar",VLOOKUP(B25,'SINAPI COMPOSIÇÃO'!$A$2:$E$10256,4,FALSE),IF(A25="Insumo",IF(VLOOKUP(B25,'SINAPI INSUMOS'!$A$2:$F$4852,5,FALSE)=OR("",0),VLOOKUP(B25,'SINAPI INSUMOS'!$A$2:$F$4852,6,FALSE),VLOOKUP(B25,'SINAPI INSUMOS'!$A$2:$F$4852,5,FALSE)),"VERIFICAR")) -> 0.09 | I25: =TRUNC(G25*H25,2) -> 0.09
A26: Insumo | B26: 43469 | C26: SINAPI | D26: FERRAMENTAS - FAMILIA TOPOGRAFO - HORISTA (ENCARGOS COMPLEMENTARES - COLETADO CAIXA) | E26: Encargos Complementares | F26: H | G26: 1 | H26: =IF(A26="Composição Auxiliar",VLOOKUP(B26,'SINAPI COMPOSIÇÃO'!$A$2:$E$10256,4,FALSE),IF(A26="Insumo",IF(VLOOKUP(B26,'SINAPI INSUMOS'!$A$2:$F$4852,5,FALSE)=OR("",0),VLOOKUP(B26,'SINAPI INSUMOS'!$A$2:$F$4852,6,FALSE),VLOOKUP(B26,'SINAPI INSUMOS'!$A$2:$F$4852,5,FALSE)),"VERIFICAR")) -> 0.07 | I26: =TRUNC(G26*H26,2) -> 0.07
A27: Insumo | B27: 43493 | C27: SINAPI | D27: EPI - FAMILIA TOPOGRAFO - HORISTA (ENCARGOS COMPLEMENTARES - COLETADO CAIXA) | E27: Encargos Complementares | F27: H | G27: 1 | H27: =IF(A27="Composição Auxiliar",VLOOKUP(B27,'SINAPI COMPOSIÇÃO'!$A$2:$E$10256,4,FALSE),IF(A27="Insumo",IF(VLOOKUP(B27,'SINAPI INSUMOS'!$A$2:$F$4852,5,FALSE)=OR("",0),VLOOKUP(B27,'SINAPI INSUMOS'!$A$2:$F$4852,6,FALSE),VLOOKUP(B27,'SINAPI INSUMOS'!$A$2:$F$4852,5,FALSE)),"VERIFICAR")) -> 0.88 | I27: =TRUNC(G27*H27,2) -> 0.88
A28: Insumo | B28: 37373 | C28: SINAPI | D28: SEGURO - HORISTA (COLETADO CAIXA - ENCARGOS COMPLEMENTARES) | E28: Encargos Complementares | F28: H | G28: 1 | H28: =IF(A28="Composição Auxiliar",VLOOKUP(B28,'SINAPI COMPOSIÇÃO'!$A$2:$E$10256,4,FALSE),IF(A28="Insumo",IF(VLOOKUP(B28,'SINAPI INSUMOS'!$A$2:$F$4852,5,FALSE)=OR("",0),VLOOKUP(B28,'SINAPI INSUMOS'!$A$2:$F$4852,6,FALSE),VLOOKUP(B28,'SINAPI INSUMOS'!$A$2:$F$4852,5,FALSE)),"VERIFICAR")) -> 0.01 | I28: =TRUNC(G28*H28,2) -> 0.01
A29: Insumo | B29: 37370 | C29: SINAPI | D29: ALIMENTACAO - HORISTA (COLETADO CAIXA - ENCARGOS COMPLEMENTARES) | E29: Encargos Complementares | F29: H | G29: 1 | H29: =IF(A29="Composição Auxiliar",VLOOKUP(B29,'SINAPI COMPOSIÇÃO'!$A$2:$E$10256,4,FALSE),IF(A29="Insumo",IF(VLOOKUP(B29,'SINAPI INSUMOS'!$A$2:$F$4852,5,FALSE)=OR("",0),VLOOKUP(B29,'SINAPI INSUMOS'!$A$2:$F$4852,6,FALSE),VLOOKUP(B29,'SINAPI INSUMOS'!$A$2:$F$4852,5,FALSE)),"VERIFICAR")) -> 0.66 | I29: =TRUNC(G29*H29,2) -> 0.66
A30: Insumo | B30: 37372 | C30: SINAPI | D30: EXAMES - HORISTA (COLETADO CAIXA - ENCARGOS COMPLEMENTARES) | E30: Encargos Complementares | F30: H | G30: 1 | H30: =IF(A30="Composição Auxiliar",VLOOKUP(B30,'SINAPI COMPOSIÇÃO'!$A$2:$E$10256,4,FALSE),IF(A30="Insumo",IF(VLOOKUP(B30,'SINAPI INSUMOS'!$A$2:$F$4852,5,FALSE)=OR("",0),VLOOKUP(B30,'SINAPI INSUMOS'!$A$2:$F$4852,6,FALSE),VLOOKUP(B30,'SINAPI INSUMOS'!$A$2:$F$4852,5,FALSE)),"VERIFICAR")) -> 1.3 | I30: =TRUNC(G30*H30,2) -> 1.3
A31: Insumo | B31: 2358 | C31: SINAPI | D31: DESENHISTA PROJETISTA (HORISTA) | E31: Mão de Obra | F31: H | G31: 1 | H31: =IF(A31="Composição Auxiliar",VLOOKUP(B31,'SINAPI COMPOSIÇÃO'!$A$2:$E$10256,4,FALSE),IF(A31="Insumo",IF(VLOOKUP(B31,'SINAPI INSUMOS'!$A$2:$F$4852,5,FALSE)=OR("",0),VLOOKUP(B31,'SINAPI INSUMOS'!$A$2:$F$4852,6,FALSE),VLOOKUP(B31,'SINAPI INSUMOS'!$A$2:$F$4852,5,FALSE)),"VERIFICAR")) -> 17.75 | I31: =TRUNC(G31*H31,2) -> 17.75
A32: Insumo | B32: 37371 | C32: SINAPI | D32: TRANSPORTE - HORISTA (COLETADO CAIXA - ENCARGOS COMPLEMENTARES) | E32: Encargos Complementares | F32: H | G32: 1 | H32: =IF(A32="Composição Auxiliar",VLOOKUP(B32,'SINAPI COMPOSIÇÃO'!$A$2:$E$10256,4,FALSE),IF(A32="Insumo",IF(VLOOKUP(B32,'SINAPI INSUMOS'!$A$2:$F$4852,5,FALSE)=OR("",0),VLOOKUP(B32,'SINAPI INSUMOS'!$A$2:$F$4852,6,FALSE),VLOOKUP(B32,'SINAPI INSUMOS'!$A$2:$F$4852,5,FALSE)),"VERIFICAR")) -> 0.38 | I32: =TRUNC(G32*H32,2) -> 0.38
A33: 1 | D33: INSTALAÇÕES INICIAIS DA OBRA
A34: 1.1 | B34: Código | C34: Banco | D34: Descrição | E34: Tipo | F34: Und | G34: Quant. | H34: Valor Unit | I34: Total
A35: Composição | B35: COMP. SEDE 11 - 01 | C35: Próprio | D35: FORNECIMENTO E COLOCAÇÃO DE PLACA DE OBRA (4,80 X 2,4 0 M) - EM CHAPA GALVANIZADA *N. 22*, ADESIVADA E FIXADA COM SUPORTE EM EUCALIPTO AUTOCLAVADO. | E35: CANT - CANTEIRO DE OBRAS | F35: UN | G35: 1 | H35: =I35 -> 2065.5 | I35: =SUM(I36:I39) -> 2065.5
A36: Composição Auxiliar | B36: 88262 | C36: SINAPI | D36: CARPINTEIRO DE FORMAS COM ENCARGOS COMPLEMENTARES | E36: SEDI - SERVIÇOS DIVERSOS | F36: H | G36: 4.5 | H36: =IF(A36="Composição Auxiliar",VLOOKUP(B36,'SINAPI COMPOSIÇÃO'!$A$2:$E$10256,4,FALSE),IF(A36="Insumo",IF(VLOOKUP(B36,'SINAPI INSUMOS'!$A$2:$F$4852,5,FALSE)=OR("",0),VLOOKUP(B36,'SINAPI INSUMOS'!$A$2:$F$4852,6,FALSE),VLOOKUP(B36,'SINAPI INSUMOS'!$A$2:$F$4852,5,FALSE)),"VERIFICAR")) -> 26.98 | I36: =TRUNC(G36*H36,2) -> 121.41
A37: Composição Auxiliar | B37: 88316 | C37: SINAPI | D37: SERVENTE COM ENCARGOS COMPLEMENTARES | E37: SEDI - SERVIÇOS DIVERSOS | F37: H | G37: 6.75 | H37: =IF(A37="Composição Auxiliar",VLOOKUP(B37,'SINAPI COMPOSIÇÃO'!$A$2:$E$10256,4,FALSE),IF(A37="Insumo",IF(VLOOKUP(B37,'SINAPI INSUMOS'!$A$2:$F$4852,5,FALSE)=OR("",0),VLOOKUP(B37,'SINAPI INSUMOS'!$A$2:$F$4852,6,FALSE),VLOOKUP(B37,'SINAPI INSUMOS'!$A$2:$F$4852,5,FALSE)),"VERIFICAR")) -> 21.32 | I37: =TRUNC(G37*H37,2) -> 143.91
A38: Insumo | B38: 4813 | C38: SINAPI | D38: PLACA DE OBRA (PARA CONSTRUCAO CIVIL) EM CHAPA GALVANIZADA *N. 22*, ADESIVADA, DE *2,4 X 1,2* M (SEM POSTES PARA FIXACAO) | E38: Material | F38: m² | G38: 2 | H38: =IF(A38="Composição Auxiliar",VLOOKUP(B38,'SINAPI COMPOSIÇÃO'!$A$2:$E$10256,4,FALSE),IF(A38="Insumo",IF(VLOOKUP(B38,'SINAPI INSUMOS'!$A$2:$F$4852,5,FALSE)=OR("",0),VLOOKUP(B38,'SINAPI INSUMOS'!$A$2:$F$4852,6,FALSE),VLOOKUP(B38,'SINAPI INSUMOS'!$A$2:$F$4852,5,FALSE)),"VERIFICAR")) -> 432 | I38: =TRUNC(G38*H38,2) -> 864
A39: Insumo | B39: 4115 | C39: SINAPI | D39: MADEIRA ROLICA TRATADA, D = 12 A 15 CM, H = 3,00 M, EM EUCALIPTO OU EQUIVALENTE DA REGIAO | E39: Material | F39: M | G39: 31.5 | H39: =IF(A39="Composição Auxiliar",VLOOKUP(B39,'SINAPI COMPOSIÇÃO'!$A$2:$E$10256,4,FALSE),IF(A39="Insumo",IF(VLOOKUP(B39,'SINAPI INSUMOS'!$A$2:$F$4852,5,FALSE)=OR("",0),VLOOKUP(B39,'SINAPI INSUMOS'!$A$2:$F$4852,6,FALSE),VLOOKUP(B39,'SINAPI INSUMOS'!$A$2:$F$4852,5,FALSE)),"VERIFICAR")) -> 29.72 | I39: =TRUNC(G39*H39,2) -> 936.18
A40: 2 | D40: PREPARO DO TERRENO - MOVIMENTO DE TERRA E LIMPEZA
A41: 2.1 | B41: Código | C41: Banco | D41: Descrição | E41: Tipo | F41: Und | G41: Quant. | H41: Valor Unit | I41: Total
A42: Composição | B42: 100575-M | C42: SINAPI | D42: REGULARIZAÇÃO DE SUPERFÍCIES COM MOTONIVELADORA. AF_09/2024 | E42: PAVI - PAVIMENTAÇÃO | F42: m² | G42: 1 | H42: =I42 -> 1.87 | I42: =SUM(I43:I49) -> 1.87
A43: Composição Auxiliar | B43: 5934 | C43: SINAPI | D43: MOTONIVELADORA POTÊNCIA BÁSICA LÍQUIDA (PRIMEIRA MARCHA) 125 HP, PESO BRUTO 13032 KG, LARGURA DA LÂMINA DE 3,7 M - CHI DIURNO. AF_06/2014 | E43: CHOR - CUSTOS HORÁRIOS DE MÁQUINAS E EQUIPAMENTOS | F43: CHI | G43: 0.0007318 | H43: =IF(A43="Composição Auxiliar",VLOOKUP(B43,'SINAPI COMPOSIÇÃO'!$A$2:$E$10256,4,FALSE),IF(A43="Insumo",IF(VLOOKUP(B43,'SINAPI INSUMOS'!$A$2:$F$4852,5,FALSE)=OR("",0),VLOOKUP(B43,'SINAPI INSUMOS'!$A$2:$F$4852,6,FALSE),VLOOKUP(B43,'SINAPI INSUMOS'!$A$2:$F$4852,5,FALSE)),"VERIFICAR")) -> 96.54 | I43: =TRUNC(G43*H43,2) -> 0.07
A44: Composição Auxiliar | B44: 88316 | C44: SINAPI | D44: SERVENTE COM ENCARGOS COMPLEMENTARES | E44: SEDI - SERVIÇOS DIVERSOS | F44: H | G44: 0.0010343 | H44: =IF(A44="Composição Auxiliar",VLOOKUP(B44,'SINAPI COMPOSIÇÃO'!$A$2:$E$10256,4,FALSE),IF(A44="Insumo",IF(VLOOKUP(B44,'SINAPI INSUMOS'!$A$2:$F$4852,5,FALSE)=OR("",0),VLOOKUP(B44,'SINAPI INSUMOS'!$A$2:$F$4852,6,FALSE),VLOOKUP(B44,'SINAPI INSUMOS'!$A$2:$F$4852,5,FALSE)),"VERIFICAR")) -> 21.32 | I44: =TRUNC(G44*H44,2) -> 0.02
A45: Composição Auxiliar | B45: 5903 | C45: SINAPI | D45: CAMINHÃO PIPA 10.000 L TRUCADO, PESO BRUTO TOTAL 23.000 KG, CARGA ÚTIL MÁXIMA 15.935 KG, DISTÂNCIA ENTRE EIXOS 4,8 M, POTÊNCIA 230 CV, INCLUSIVE TANQUE DE AÇO PARA TRANSPORTE DE ÁGUA - CHI DIURNO. AF_06/2014 | E45: CHOR - CUSTOS HORÁRIOS DE MÁQUINAS E EQUIPAMENTOS | F45: CHI | G45: 0.007545 | H45: =IF(A45="Composição Auxiliar",VLOOKUP(B45,'SINAPI COMPOSIÇÃO'!$A$2:$E$10256,4,FALSE),IF(A45="Insumo",IF(VLOOKUP(B45,'SINAPI INSUMOS'!$A$2:$F$4852,5,FALSE)=OR("",0),VLOOKUP(B45,'SINAPI INSUMOS'!$A$2:$F$4852,6,FALSE),VLOOKUP(B45,'SINAPI INSUMOS'!$A$2:$F$4852,5,FALSE)),"VERIFICAR")) -> 72.97 | I45: =TRUNC(G45*H45,2) -> 0.55
A46: Composição Auxiliar | B46: 5901 | C46: SINAPI | D46: CAMINHÃO PIPA 10.000 L TRUCADO, PESO BRUTO TOTAL 23.000 KG, CARGA ÚTIL MÁXIMA 15.935 KG, DISTÂNCIA ENTRE EIXOS 4,8 M, POTÊNCIA 230 CV, INCLUSIVE TANQUE DE AÇO PARA TRANSPORTE DE ÁGUA - CHP DIURNO. AF_06/2014 | E46: CHOR - CUSTOS HORÁRIOS DE MÁQUINAS E EQUIPAMENTOS | F46: CHP | G46: 0.0010702 | H46: =IF(A46="Composição Auxiliar",VLOOKUP(B46,'SINAPI COMPOSIÇÃO'!$A$2:$E$10256,4,FALSE),IF(A46="Insumo",IF(VLOOKUP(B46,'SINAPI INSUMOS'!$A$2:$F$4852,5,FALSE)=OR("",0),VLOOKUP(B46,'SINAPI INSUMOS'!$A$2:$F$4852,6,FALSE),VLOOKUP(B46,'SINAPI INSUMOS'!$A$2:$F$4852,5,FALSE)),"VERIFICAR")) -> 335.44 | I46: =TRUNC(G46*H46,2) -> 0.35
A47: Composição Auxiliar | B47: 5932 | C47: SINAPI | D47: MOTONIVELADORA POTÊNCIA BÁSICA LÍQUIDA (PRIMEIRA MARCHA) 125 HP, PESO BRUTO 13032 KG, LARGURA DA LÂMINA DE 3,7 M - CHP DIURNO. AF_06/2014 | E47: CHOR - CUSTOS HORÁRIOS DE MÁQUINAS E EQUIPAMENTOS | F47: CHP | G47: 0.0003025 | H47: =IF(A47="Composição Auxiliar",VLOOKUP(B47,'SINAPI COMPOSIÇÃO'!$A$2:$E$10256,4,FALSE),IF(A47="Insumo",IF(VLOOKUP(B47,'SINAPI INSUMOS'!$A$2:$F$4852,5,FALSE)=OR("",0),VLOOKUP(B47,'SINAPI INSUMOS'!$A$2:$F$4852,6,FALSE),VLOOKUP(B47,'SINAPI INSUMOS'!$A$2:$F$4852,5,FALSE)),"VERIFICAR")) -> 261.77 | I47: =TRUNC(G47*H47,2) -> 0.07
A48: Composição Auxiliar | B48: 73436 | C48: SINAPI | D48: ROLO COMPACTADOR VIBRATÓRIO PÉ DE CARNEIRO PARA SOLOS, POTÊNCIA 80 HP, PESO OPERACIONAL SEM/COM LASTRO 7,4 / 8,8 T, LARGURA DE TRABALHO 1,68 M - CHP DIURNO. AF_02/2016 | E48: CHOR - CUSTOS HORÁRIOS DE MÁQUINAS E EQUIPAMENTOS | F48: CHP | G48: 0.0025195 | H48: =IF(A48="Composição Auxiliar",VLOOKUP(B48,'SINAPI COMPOSIÇÃO'!$A$2:$E$10256,4,FALSE),IF(A48="Insumo",IF(VLOOKUP(B48,'SINAPI INSUMOS'!$A$2:$F$4852,5,FALSE)=OR("",0),VLOOKUP(B48,'SINAPI INSUMOS'!$A$2:$F$4852,6,FALSE),VLOOKUP(B48,'SINAPI INSUMOS'!$A$2:$F$4852,5,FALSE)),"VERIFICAR")) -> 164.31 | I48: =TRUNC(G48*H48,2) -> 0.41
A49: Composição Auxiliar | B49: 93244 | C49: SINAPI | D49: ROLO COMPACTADOR VIBRATÓRIO PÉ DE CARNEIRO PARA SOLOS, POTÊNCIA 80 HP, PESO OPERACIONAL SEM/COM LASTRO 7,4 / 8,8 T, LARGURA DE TRABALHO 1,68 M - CHI DIURNO. AF_02/2016 | E49: CHOR - CUSTOS HORÁRIOS DE MÁQUINAS E EQUIPAMENTOS | F49: CHI | G49: 0.0060957 | H49: =IF(A49="Composição Auxiliar",VLOOKUP(B49,'SINAPI COMPOSIÇÃO'!$A$2:$E$10256,4,FALSE),IF(A49="Insumo",IF(VLOOKUP(B49,'SINAPI INSUMOS'!$A$2:$F$4852,5,FALSE)=OR("",0),VLOOKUP(B49,'SINAPI INSUMOS'!$A$2:$F$4852,6,FALSE),VLOOKUP(B49,'SINAPI INSUMOS'!$A$2:$F$4852,5,FALSE)),"VERIFICAR")) -> 65.69 | I49: =TRUNC(G49*H49,2) -> 0.4
A50: 2.2 | B50: Código | C50: Banco | D50: Descrição | E50: Tipo | F50: Und | G50: Quant. | H50: Valor Unit | I50: Total
A51: Composição | B51: 96386 | C51: SINAPI | D51: EXECUÇÃO E COMPACTAÇÃO DE CORPO DE ATERRO (95% DE ENERGIA DO PROCTOR NORMAL) COM SOLO PREDOMINANTEMENTE ARENOSO ESPESSURA 15CM - EXCLUSIVE MATERIAL, ESCAVAÇÃO, CARGA E TRANSPORTE. AF_09/2024 | E51: MOVT - MOVIMENTO DE TERRA | F51: m³ | G51: 1 | H51: =I51 -> 6.52 | I51: =SUM(I52:I58) -> 6.52
A52: Composição Auxiliar | B52: 5932 | C52: SINAPI | D52: MOTONIVELADORA POTÊNCIA BÁSICA LÍQUIDA (PRIMEIRA MARCHA) 125 HP, PESO BRUTO 13032 KG, LARGURA DA LÂMINA DE 3,7 M - CHP DIURNO. AF_06/2014 | E52: CHOR - CUSTOS HORÁRIOS DE MÁQUINAS E EQUIPAMENTOS | F52: CHP | G52: 0.0045112 | H52: =IF(A52="Composição Auxiliar",VLOOKUP(B52,'SINAPI COMPOSIÇÃO'!$A$2:$E$10256,4,FALSE),IF(A52="Insumo",IF(VLOOKUP(B52,'SINAPI INSUMOS'!$A$2:$F$4852,5,FALSE)=OR("",0),VLOOKUP(B52,'SINAPI INSUMOS'!$A$2:$F$4852,6,FALSE),VLOOKUP(B52,'SINAPI INSUMOS'!$A$2:$F$4852,5,FALSE)),"VERIFICAR")) -> 261.77 | I52: =TRUNC(G52*H52,2) -> 1.18
A53: Composição Auxiliar | B53: 96464 | C53: SINAPI | D53: ROLO COMPACTADOR DE PNEUS, ESTÁTICO, PRESSÃO VARIÁVEL, POTÊNCIA 110 HP, PESO SEM/COM LASTRO 10,8/27 T, LARGURA DE ROLAGEM 2,30 M - CHI DIURNO. AF_06/2017 | E53: CHOR - CUSTOS HORÁRIOS DE MÁQUINAS E EQUIPAMENTOS | F53: CHI | G53: 0.0122774 | H53: =IF(A53="Composição Auxiliar",VLOOKUP(B53,'SINAPI COMPOSIÇÃO'!$A$2:$E$10256,4,FALSE),IF(A53="Insumo",IF(VLOOKUP(B53,'SINAPI INSUMOS'!$A$2:$F$4852,5,FALSE)=OR("",0),VLOOKUP(B53,'SINAPI INSUMOS'!$A$2:$F$4852,6,FALSE),VLOOKUP(B53,'SINAPI INSUMOS'!$A$2:$F$4852,5,FALSE)),"VERIFICAR")) -> 87.81 | I53: =TRUNC(G53*H53,2) -> 1.07
A54: Composição Auxiliar | B54: 5903 | C54: SINAPI | D54: CAMINHÃO PIPA 10.000 L TRUCADO, PESO BRUTO TOTAL 23.000 KG, CARGA ÚTIL MÁXIMA 15.935 KG, DISTÂNCIA ENTRE EIXOS 4,8 M, POTÊNCIA 230 CV, INCLUSIVE TANQUE DE AÇO PARA TRANSPORTE DE ÁGUA - CHI DIURNO. AF_06/2014 | E54: CHOR - CUSTOS HORÁRIOS DE MÁQUINAS E EQUIPAMENTOS | F54: CHI | G54: 0.0111688 | H54: =IF(A54="Composição Auxiliar",VLOOKUP(B54,'SINAPI COMPOSIÇÃO'!$A$2:$E$10256,4,FALSE),IF(A54="Insumo",IF(VLOOKUP(B54,'SINAPI INSUMOS'!$A$2:$F$4852,5,FALSE)=OR("",0),VLOOKUP(B54,'SINAPI INSUMOS'!$A$2:$F$4852,6,FALSE),VLOOKUP(B54,'SINAPI INSUMOS'!$A$2:$F$4852,5,FALSE)),"VERIFICAR")) -> 72.97 | I54: =TRUNC(G54*H54,2) -> 0.81
A55: Composição Auxiliar | B55: 96463 | C55: SINAPI | D55: ROLO COMPACTADOR DE PNEUS, ESTÁTICO, PRESSÃO VARIÁVEL, POTÊNCIA 110 HP, PESO SEM/COM LASTRO 10,8/27 T, LARGURA DE ROLAGEM 2,30 M - CHP DIURNO. AF_06/2017 | E55: CHOR - CUSTOS HORÁRIOS DE MÁQUINAS E EQUIPAMENTOS | F55: CHP | G55: 0.0031484 | H55: =IF(A55="Composição Auxiliar",VLOOKUP(B55,'SINAPI COMPOSIÇÃO'!$A$2:$E$10256,4,FALSE),IF(A55="Insumo",IF(VLOOKUP(B55,'SINAPI INSUMOS'!$A$2:$F$4852,5,FALSE)=OR("",0),VLOOKUP(B55,'SINAPI INSUMOS'!$A$2:$F$4852,6,FALSE),VLOOKUP(B55,'SINAPI INSUMOS'!$A$2:$F$4852,5,FALSE)),"VERIFICAR")) -> 215.57 | I55: =TRUNC(G55*H55,2) -> 0.67
A56: Composição Auxiliar | B56: 5901 | C56: SINAPI | D56: CAMINHÃO PIPA 10.000 L TRUCADO, PESO BRUTO TOTAL 23.000 KG, CARGA ÚTIL MÁXIMA 15.935 KG, DISTÂNCIA ENTRE EIXOS 4,8 M, POTÊNCIA 230 CV, INCLUSIVE TANQUE DE AÇO PARA TRANSPORTE DE ÁGUA - CHP DIURNO. AF_06/2014 | E56: CHOR - CUSTOS HORÁRIOS DE MÁQUINAS E EQUIPAMENTOS | F56: CHP | G56: 0.004257 | H56: =IF(A56="Composição Auxiliar",VLOOKUP(B56,'SINAPI COMPOSIÇÃO'!$A$2:$E$10256,4,FALSE),IF(A56="Insumo",IF(VLOOKUP(B56,'SINAPI INSUMOS'!$A$2:$F$4852,5,FALSE)=OR("",0),VLOOKUP(B56,'SINAPI INSUMOS'!$A$2:$F$4852,6,FALSE),VLOOKUP(B56,'SINAPI INSUMOS'!$A$2:$F$4852,5,FALSE)),"VERIFICAR")) -> 335.44 | I56: =TRUNC(G56*H56,2) -> 1.42
A57: Composição Auxiliar | B57: 88316 | C57: SINAPI | D57: SERVENTE COM ENCARGOS COMPLEMENTARES | E57: SEDI - SERVIÇOS DIVERSOS | F57: H | G57: 0.0154259 | H57: =IF(A57="Composição Auxiliar",VLOOKUP(B57,'SINAPI COMPOSIÇÃO'!$A$2:$E$10256,4,FALSE),IF(A57="Insumo",IF(VLOOKUP(B57,'SINAPI INSUMOS'!$A$2:$F$4852,5,FALSE)=OR("",0),VLOOKUP(B57,'SINAPI INSUMOS'!$A$2:$F$4852,6,FALSE),VLOOKUP(B57,'SINAPI INSUMOS'!$A$2:$F$4852,5,FALSE)),"VERIFICAR")) -> 21.32 | I57: =TRUNC(G57*H57,2) -> 0.32
A58: Composição Auxiliar | B58: 5934 | C58: SINAPI | D58: MOTONIVELADORA POTÊNCIA BÁSICA LÍQUIDA (PRIMEIRA MARCHA) 125 HP, PESO BRUTO 13032 KG, LARGURA DA LÂMINA DE 3,7 M - CHI DIURNO. AF_06/2014 | E58: CHOR - CUSTOS HORÁRIOS DE MÁQUINAS E EQUIPAMENTOS | F58: CHI | G58: 0.0109146 | H58: =IF(A58="Composição Auxiliar",VLOOKUP(B58,'SINAPI COMPOSIÇÃO'!$A$2:$E$10256,4,FALSE),IF(A58="Insumo",IF(VLOOKUP(B58,'SINAPI INSUMOS'!$A$2:$F$4852,5,FALSE)=OR("",0),VLOOKUP(B58,'SINAPI INSUMOS'!$A$2:$F$4852,6,FALSE),VLOOKUP(B58,'SINAPI INSUMOS'!$A$2:$F$4852,5,FALSE)),"VERIFICAR")) -> 96.54 | I58: =TRUNC(G58*H58,2) -> 1.05
A59: 2.3 | B59: Código | C59: Banco | D59: Descrição | E59: Tipo | F59: Und | G59: Quant. | H59: Valor Unit | I59: Total
A60: Composição | B60: 100979 | C60: SINAPI | D60: CARGA, MANOBRA E DESCARGA DE SOLOS E MATERIAIS GRANULARES EM CAMINHÃO BASCULANTE 14 M³ - CARGA COM ESCAVADEIRA HIDRÁULICA (CAÇAMBA DE 1,20 M³ / 155 HP) E DESCARGA LIVRE (UNIDADE: M3). AF_07/2020 | E60: TRAN - TRANSPORTES, CARGAS E DESCARGAS | F60: m³ | G60: 1 | H60: =I60 -> 6.77 | I60: =SUM(I61:I64) -> 6.77
A61: Composição Auxiliar | B61: 89877 | C61: SINAPI | D61: CAMINHÃO BASCULANTE 14 M3, COM CAVALO MECÂNICO DE CAPACIDADE MÁXIMA DE TRAÇÃO COMBINADO DE 36000 KG, POTÊNCIA 286 CV, INCLUSIVE SEMIREBOQUE COM CAÇAMBA METÁLICA - CHI DIURNO. AF_12/2014 | E61: CHOR - CUSTOS HORÁRIOS DE MÁQUINAS E EQUIPAMENTOS | F61: CHI | G61: 0.0085571 | H61: =IF(A61="Composição Auxiliar",VLOOKUP(B61,'SINAPI COMPOSIÇÃO'!$A$2:$E$10256,4,FALSE),IF(A61="Insumo",IF(VLOOKUP(B61,'SINAPI INSUMOS'!$A$2:$F$4852,5,FALSE)=OR("",0),VLOOKUP(B61,'SINAPI INSUMOS'!$A$2:$F$4852,6,FALSE),VLOOKUP(B61,'SINAPI INSUMOS'!$A$2:$F$4852,5,FALSE)),"VERIFICAR")) -> 86.24 | I61: =TRUNC(G61*H61,2) -> 0.73
A62: Composição Auxiliar | B62: 89876 | C62: SINAPI | D62: CAMINHÃO BASCULANTE 14 M3, COM CAVALO MECÂNICO DE CAPACIDADE MÁXIMA DE TRAÇÃO COMBINADO DE 36000 KG, POTÊNCIA 286 CV, INCLUSIVE SEMIREBOQUE COM CAÇAMBA METÁLICA - CHP DIURNO. AF_12/2014 | E62: CHOR - CUSTOS HORÁRIOS DE MÁQUINAS E EQUIPAMENTOS | F62: CHP | G62: 0.0127112 | H62: =IF(A62="Composição Auxiliar",VLOOKUP(B62,'SINAPI COMPOSIÇÃO'!$A$2:$E$10256,4,FALSE),IF(A62="Insumo",IF(VLOOKUP(B62,'SINAPI INSUMOS'!$A$2:$F$4852,5,FALSE)=OR("",0),VLOOKUP(B62,'SINAPI INSUMOS'!$A$2:$F$4852,6,FALSE),VLOOKUP(B62,'SINAPI INSUMOS'!$A$2:$F$4852,5,FALSE)),"VERIFICAR")) -> 345.23 | I62: =TRUNC(G62*H62,2) -> 4.38
A63: Composição Auxiliar | B63: 88907 | C63: SINAPI | D63: ESCAVADEIRA HIDRÁULICA SOBRE ESTEIRAS, CAÇAMBA 1,20 M3, PESO OPERACIONAL 21 T, POTÊNCIA BRUTA 155 HP - CHP DIURNO. AF_06/2014 | E63: CHOR - CUSTOS HORÁRIOS DE MÁQUINAS E EQUIPAMENTOS | F63: CHP | G63: 0.0040582 | H63: =IF(A63="Composição Auxiliar",VLOOKUP(B63,'SINAPI COMPOSIÇÃO'!$A$2:$E$10256,4,FALSE),IF(A63="Insumo",IF(VLOOKUP(B63,'SINAPI INSUMOS'!$A$2:$F$4852,5,FALSE)=OR("",0),VLOOKUP(B63,'SINAPI INSUMOS'!$A$2:$F$4852,6,FALSE),VLOOKUP(B63,'SINAPI INSUMOS'!$A$2:$F$4852,5,FALSE)),"VERIFICAR")) -> 259.26 | I63: =TRUNC(G63*H63,2) -> 1.05
A64: Composição Auxiliar | B64: 88908 | C64: SINAPI | D64: ESCAVADEIRA HIDRÁULICA SOBRE ESTEIRAS, CAÇAMBA 1,20 M3, PESO OPERACIONAL 21 T, POTÊNCIA BRUTA 155 HP - CHI DIURNO. AF_06/2014 | E64: CHOR - CUSTOS HORÁRIOS DE MÁQUINAS E EQUIPAMENTOS | F64: CHI | G64: 0.0064882 | H64: =IF(A64="Composição Auxiliar",VLOOKUP(B64,'SINAPI COMPOSIÇÃO'!$A$2:$E$10256,4,FALSE),IF(A64="Insumo",IF(VLOOKUP(B64,'SINAPI INSUMOS'!$A$2:$F$4852,5,FALSE)=OR("",0),VLOOKUP(B64,'SINAPI INSUMOS'!$A$2:$F$4852,6,FALSE),VLOOKUP(B64,'SINAPI INSUMOS'!$A$2:$F$4852,5,FALSE)),"VERIFICAR")) -> 94.96 | I64: =TRUNC(G64*H64,2) -> 0.61
A65: 2.4 | B65: Código | C65: Banco | D65: Descrição | E65: Tipo | F65: Und | G65: Quant. | H65: Valor Unit | I65: Total
A66: Composição | B66: 95876 | C66: SINAPI | D66: TRANSPORTE COM CAMINHÃO BASCULANTE DE 14 M³, EM VIA URBANA PAVIMENTADA, DMT ATÉ 30 KM (UNIDADE: M3XKM). AF_07/2020 | E66: TRAN - TRANSPORTES, CARGAS E DESCARGAS | F66: M3XKM | G66: 1 | H66: =I66 -> 2.34 | I66: =SUM(I67:I68) -> 2.34
A67: Composição Auxiliar | B67: 89876 | C67: SINAPI | D67: CAMINHÃO BASCULANTE 14 M3, COM CAVALO MECÂNICO DE CAPACIDADE MÁXIMA DE TRAÇÃO COMBINADO DE 36000 KG, POTÊNCIA 286 CV, INCLUSIVE SEMIREBOQUE COM CAÇAMBA METÁLICA - CHP DIURNO. AF_12/2014 | E67: CHOR - CUSTOS HORÁRIOS DE MÁQUINAS E EQUIPAMENTOS | F67: CHP | G67: 0.0062112 | H67: =IF(A67="Composição Auxiliar",VLOOKUP(B67,'SINAPI COMPOSIÇÃO'!$A$2:$E$10256,4,FALSE),IF(A67="Insumo",IF(VLOOKUP(B67,'SINAPI INSUMOS'!$A$2:$F$4852,5,FALSE)=OR("",0),VLOOKUP(B67,'SINAPI INSUMOS'!$A$2:$F$4852,6,FALSE),VLOOKUP(B67,'SINAPI INSUMOS'!$A$2:$F$4852,5,FALSE)),"VERIFICAR")) -> 345.23 | I67: =TRUNC(G67*H67,2) -> 2.14
A68: Composição Auxiliar | B68: 89877 | C68: SINAPI | D68: CAMINHÃO BASCULANTE 14 M3, COM CAVALO MECÂNICO DE CAPACIDADE MÁXIMA DE TRAÇÃO COMBINADO DE 36000 KG, POTÊNCIA 286 CV, INCLUSIVE SEMIREBOQUE COM CAÇAMBA METÁLICA - CHI DIURNO. AF_12/2014 | E68: CHOR - CUSTOS HORÁRIOS DE MÁQUINAS E EQUIPAMENTOS | F68: CHI | G68: 0.0023338 | H68: =IF(A68="Composição Auxiliar",VLOOKUP(B68,'SINAPI COMPOSIÇÃO'!$A$2:$E$10256,4,FALSE),IF(A68="Insumo",IF(VLOOKUP(B68,'SINAPI INSUMOS'!$A$2:$F$4852,5,FALSE)=OR("",0),VLOOKUP(B68,'SINAPI INSUMOS'!$A$2:$F$4852,6,FALSE),VLOOKUP(B68,'SINAPI INSUMOS'!$A$2:$F$4852,5,FALSE)),"VERIFICAR")) -> 86.24 | I68: =TRUNC(G68*H68,2) -> 0.2
A69: 3 | D69: INFRAESTRUTURA
A70: 3.1 | B70: Código | C70: Banco | D70: Descrição | E70: Tipo | F70: Und | G70: Quant. | H70: Valor Unit | I70: Total
A71: Composição | B71: 96523 | C71: SINAPI | D71: ESCAVAÇÃO MANUAL PARA BLOCO DE COROAMENTO OU SAPATA (INCLUINDO ESCAVAÇÃO PARA COLOCAÇÃO DE FÔRMAS). AF_01/2024 | E71: MOVT - MOVIMENTO DE TERRA | F71: m³ | G71: 1 | H71: =I71 -> 93.28 | I71: =SUM(I72:I73) -> 93.28
A72: Composição Auxiliar | B72: 88316 | C72: SINAPI | D72: SERVENTE COM ENCARGOS COMPLEMENTARES | E72: SEDI - SERVIÇOS DIVERSOS | F72: H | G72: 3.126 | H72: =IF(A72="Composição Auxiliar",VLOOKUP(B72,'SINAPI COMPOSIÇÃO'!$A$2:$E$10256,4,FALSE),IF(A72="Insumo",IF(VLOOKUP(B72,'SINAPI INSUMOS'!$A$2:$F$4852,5,FALSE)=OR("",0),VLOOKUP(B72,'SINAPI INSUMOS'!$A$2:$F$4852,6,FALSE),VLOOKUP(B72,'SINAPI INSUMOS'!$A$2:$F$4852,5,FALSE)),"VERIFICAR")) -> 21.32 | I72: =TRUNC(G72*H72,2) -> 66.64
A73: Composição Auxiliar | B73: 88309 | C73: SINAPI | D73: PEDREIRO COM ENCARGOS COMPLEMENTARES | E73: SEDI - SERVIÇOS DIVERSOS | F73: H | G73: 0.966 | H73: =IF(A73="Composição Auxiliar",VLOOKUP(B73,'SINAPI COMPOSIÇÃO'!$A$2:$E$10256,4,FALSE),IF(A73="Insumo",IF(VLOOKUP(B73,'SINAPI INSUMOS'!$A$2:$F$4852,5,FALSE)=OR("",0),VLOOKUP(B73,'SINAPI INSUMOS'!$A$2:$F$4852,6,FALSE),VLOOKUP(B73,'SINAPI INSUMOS'!$A$2:$F$4852,5,FALSE)),"VERIFICAR")) -> 27.58 | I73: =TRUNC(G73*H73,2) -> 26.64
A74: 3.2 | B74: Código | C74: Banco | D74: Descrição | E74: Tipo | F74: Und | G74: Quant. | H74: Valor Unit | I74: Total
A75: Composição | B75: 96527 | C75: SINAPI | D75: ESCAVAÇÃO MANUAL PARA VIGA BALDRAME OU SAPATA CORRIDA (INCLUINDO ESCAVAÇÃO PARA COLOCAÇÃO DE FÔRMAS). AF_01/2024 | E75: MOVT - MOVIMENTO DE TERRA | F75: m³ | G75: 1 | H75: =I75 -> 102.62 | I75: =SUM(I76:I77) -> 102.62
A76: Composição Auxiliar | B76: 88316 | C76: SINAPI | D76: SERVENTE COM ENCARGOS COMPLEMENTARES | E76: SEDI - SERVIÇOS DIVERSOS | F76: H | G76: 3.515 | H76: =IF(A76="Composição Auxiliar",VLOOKUP(B76,'SINAPI COMPOSIÇÃO'!$A$2:$E$10256,4,FALSE),IF(A76="Insumo",IF(VLOOKUP(B76,'SINAPI INSUMOS'!$A$2:$F$4852,5,FALSE)=OR("",0),VLOOKUP(B76,'SINAPI INSUMOS'!$A$2:$F$4852,6,FALSE),VLOOKUP(B76,'SINAPI INSUMOS'!$A$2:$F$4852,5,FALSE)),"VERIFICAR")) -> 21.32 | I76: =TRUNC(G76*H76,2) -> 74.93
A77: Composição Auxiliar | B77: 88309 | C77: SINAPI | D77: PEDREIRO COM ENCARGOS COMPLEMENTARES | E77: SEDI - SERVIÇOS DIVERSOS | F77: H | G77: 1.004 | H77: =IF(A77="Composição Auxiliar",VLOOKUP(B77,'SINAPI COMPOSIÇÃO'!$A$2:$E$10256,4,FALSE),IF(A77="Insumo",IF(VLOOKUP(B77,'SINAPI INSUMOS'!$A$2:$F$4852,5,FALSE)=OR("",0),VLOOKUP(B77,'SINAPI INSUMOS'!$A$2:$F$4852,6,FALSE),VLOOKUP(B77,'SINAPI INSUMOS'!$A$2:$F$4852,5,FALSE)),"VERIFICAR")) -> 27.58 | I77: =TRUNC(G77*H77,2) -> 27.69
A78: 3.3 | B78: Código | C78: Banco | D78: Descrição | E78: Tipo | F78: Und | G78: Quant. | H78: Valor Unit | I78: Total
A79: Composição | B79: 96619 | C79: SINAPI | D79: LASTRO DE CONCRETO MAGRO, APLICADO EM BLOCOS DE COROAMENTO OU SAPATAS, ESPESSURA DE 5 CM. AF_01/2024 | E79: FUES - FUNDAÇÕES E ESTRUTURAS | F79: m² | G79: 1 | H79: =I79 -> 54.62 | I79: =SUM(I80:I82) -> 54.62
A80: Composição Auxiliar | B80: 88316 | C80: SINAPI | D80: SERVENTE COM ENCARGOS COMPLEMENTARES | E80: SEDI - SERVIÇOS DIVERSOS | F80: H | G80: 0.12265 | H80: =IF(A80="Composição Auxiliar",VLOOKUP(B80,'SINAPI COMPOSIÇÃO'!$A$2:$E$10256,4,FALSE),IF(A80="Insumo",IF(VLOOKUP(B80,'SINAPI INSUMOS'!$A$2:$F$4852,5,FALSE)=OR("",0),VLOOKUP(B80,'SINAPI INSUMOS'!$A$2:$F$4852,6,FALSE),VLOOKUP(B80,'SINAPI INSUMOS'!$A$2:$F$4852,5,FALSE)),"VERIFICAR")) -> 21.32 | I80: =TRUNC(G80*H80,2) -> 2.61
A81: Composição Auxiliar | B81: 94968 | C81: SINAPI | D81: CONCRETO MAGRO PARA LASTRO, TRAÇO 1:4,5:4,5 (EM MASSA SECA DE CIMENTO/ AREIA MÉDIA/ BRITA 1) - PREPARO MECÂNICO COM BETONEIRA 600 L. AF_05/2021 | E81: FUES - FUNDAÇÕES E ESTRUTURAS | F81: m³ | G81: 0.069 | H81: =IF(A81="Composição Auxiliar",VLOOKUP(B81,'SINAPI COMPOSIÇÃO'!$A$2:$E$10256,4,FALSE),IF(A81="Insumo",IF(VLOOKUP(B81,'SINAPI INSUMOS'!$A$2:$F$4852,5,FALSE)=OR("",0),VLOOKUP(B81,'SINAPI INSUMOS'!$A$2:$F$4852,6,FALSE),VLOOKUP(B81,'SINAPI INSUMOS'!$A$2:$F$4852,5,FALSE)),"VERIFICAR")) -> 618.28 | I81: =TRUNC(G81*H81,2) -> 42.66
A82: Composição Auxiliar | B82: 88309 | C82: SINAPI | D82: PEDREIRO COM ENCARGOS COMPLEMENTARES | E82: SEDI - SERVIÇOS DIVERSOS | F82: H | G82: 0.33905 | H82: =IF(A82="Composição Auxiliar",VLOOKUP(B82,'SINAPI COMPOSIÇÃO'!$A$2:$E$10256,4,FALSE),IF(A82="Insumo",IF(VLOOKUP(B82,'SINAPI INSUMOS'!$A$2:$F$4852,5,FALSE)=OR("",0),VLOOKUP(B82,'SINAPI INSUMOS'!$A$2:$F$4852,6,FALSE),VLOOKUP(B82,'SINAPI INSUMOS'!$A$2:$F$4852,5,FALSE)),"VERIFICAR")) -> 27.58 | I82: =TRUNC(G82*H82,2) -> 9.35
A83: 3.4 | B83: Código | C83: Banco | D83: Descrição | E83: Tipo | F83: Und | G83: Quant. | H83: Valor Unit | I83: Total
A84: Composição | B84: 96541 | C84: SINAPI | D84: FABRICAÇÃO, MONTAGEM E DESMONTAGEM DE FÔRMA PARA SAPATA, EM CHAPA DE MADEIRA COMPENSADA RESINADA, E=17 MM, 4 UTILIZAÇÕES. AF_01/2024 | E84: FUES - FUNDAÇÕES E ESTRUTURAS | F84: m² | G84: 1 | H84: =I84 -> 185.49 | I84: =SUM(I85:I96) -> 185.49
A85: Composição Auxiliar | B85: 91692 | C85: SINAPI | D85: SERRA CIRCULAR DE BANCADA COM MOTOR ELÉTRICO POTÊNCIA DE 5HP, COM COIFA PARA DISCO 10" - CHP DIURNO. AF_08/2015 | E85: CHOR - CUSTOS HORÁRIOS DE MÁQUINAS E EQUIPAMENTOS | F85: CHP | G85: 0.06 | H85: =IF(A85="Composição Auxiliar",VLOOKUP(B85,'SINAPI COMPOSIÇÃO'!$A$2:$E$10256,4,FALSE),IF(A85="Insumo",IF(VLOOKUP(B85,'SINAPI INSUMOS'!$A$2:$F$4852,5,FALSE)=OR("",0),VLOOKUP(B85,'SINAPI INSUMOS'!$A$2:$F$4852,6,FALSE),VLOOKUP(B85,'SINAPI INSUMOS'!$A$2:$F$4852,5,FALSE)),"VERIFICAR")) -> 37.6 | I85: =TRUNC(G85*H85,2) -> 2.25
A86: Composição Auxiliar | B86: 88239 | C86: SINAPI | D86: AJUDANTE DE CARPINTEIRO COM ENCARGOS COMPLEMENTARES | E86: SEDI - SERVIÇOS DIVERSOS | F86: H | G86: 1.387 | H86: =IF(A86="Composição Auxiliar",VLOOKUP(B86,'SINAPI COMPOSIÇÃO'!$A$2:$E$10256,4,FALSE),IF(A86="Insumo",IF(VLOOKUP(B86,'SINAPI INSUMOS'!$A$2:$F$4852,5,FALSE)=OR("",0),VLOOKUP(B86,'SINAPI INSUMOS'!$A$2:$F$4852,6,FALSE),VLOOKUP(B86,'SINAPI INSUMOS'!$A$2:$F$4852,5,FALSE)),"VERIFICAR")) -> 23.07 | I86: =TRUNC(G86*H86,2) -> 31.99
A87: Composição Auxiliar | B87: 91693 | C87: SINAPI | D87: SERRA CIRCULAR DE BANCADA COM MOTOR ELÉTRICO POTÊNCIA DE 5HP, COM COIFA PARA DISCO 10" - CHI DIURNO. AF_08/2015 | E87: CHOR - CUSTOS HORÁRIOS DE MÁQUINAS E EQUIPAMENTOS | F87: CHI | G87: 0.239 | H87: =IF(A87="Composição Auxiliar",VLOOKUP(B87,'SINAPI COMPOSIÇÃO'!$A$2:$E$10256,4,FALSE),IF(A87="Insumo",IF(VLOOKUP(B87,'SINAPI INSUMOS'!$A$2:$F$4852,5,FALSE)=OR("",0),VLOOKUP(B87,'SINAPI INSUMOS'!$A$2:$F$4852,6,FALSE),VLOOKUP(B87,'SINAPI INSUMOS'!$A$2:$F$4852,5,FALSE)),"VERIFICAR")) -> 36.14 | I87: =TRUNC(G87*H87,2) -> 8.63
A88: Composição Auxiliar | B88: 88262 | C88: SINAPI | D88: CARPINTEIRO DE FORMAS COM ENCARGOS COMPLEMENTARES | E88: SEDI - SERVIÇOS DIVERSOS | F88: H | G88: 3.395 | H88: =IF(A88="Composição Auxiliar",VLOOKUP(B88,'SINAPI COMPOSIÇÃO'!$A$2:$E$10256,4,FALSE),IF(A88="Insumo",IF(VLOOKUP(B88,'SINAPI INSUMOS'!$A$2:$F$4852,5,FALSE)=OR("",0),VLOOKUP(B88,'SINAPI INSUMOS'!$A$2:$F$4852,6,FALSE),VLOOKUP(B88,'SINAPI INSUMOS'!$A$2:$F$4852,5,FALSE)),"VERIFICAR")) -> 26.98 | I88: =TRUNC(G88*H88,2) -> 91.59
A89: Insumo | B89: 5074 | C89: SINAPI | D89: PREGO DE ACO POLIDO COM CABECA 15 X 18 (1 1/2 X 13) | E89: Material | F89: KG | G89: 0.005 | H89: =IF(A89="Composição Auxiliar",VLOOKUP(B89,'SINAPI COMPOSIÇÃO'!$A$2:$E$10256,4,FALSE),IF(A89="Insumo",IF(VLOOKUP(B89,'SINAPI INSUMOS'!$A$2:$F$4852,5,FALSE)=OR("",0),VLOOKUP(B89,'SINAPI INSUMOS'!$A$2:$F$4852,6,FALSE),VLOOKUP(B89,'SINAPI INSUMOS'!$A$2:$F$4852,5,FALSE)),"VERIFICAR")) -> 17.77 | I89: =TRUNC(G89*H89,2) -> 0.08
A90: Insumo | B90: 20247 | C90: SINAPI | D90: PREGO DE ACO POLIDO COM CABECA 15 X 15 (1 1/4 X 13) | E90: Material | F90: KG | G90: 0.022 | H90: =IF(A90="Composição Auxiliar",VLOOKUP(B90,'SINAPI COMPOSIÇÃO'!$A$2:$E$10256,4,FALSE),IF(A90="Insumo",IF(VLOOKUP(B90,'SINAPI INSUMOS'!$A$2:$F$4852,5,FALSE)=OR("",0),VLOOKUP(B90,'SINAPI INSUMOS'!$A$2:$F$4852,6,FALSE),VLOOKUP(B90,'SINAPI INSUMOS'!$A$2:$F$4852,5,FALSE)),"VERIFICAR")) -> 17.56 | I90: =TRUNC(G90*H90,2) -> 0.38
A91: Insumo | B91: 4491 | C91: SINAPI | D91: PONTALETE *7,5 X 7,5* CM EM PINUS, MISTA OU EQUIVALENTE DA REGIAO - BRUTA | E91: Material | F91: M | G91: 0.733 | H91: =IF(A91="Composição Auxiliar",VLOOKUP(B91,'SINAPI COMPOSIÇÃO'!$A$2:$E$10256,4,FALSE),IF(A91="Insumo",IF(VLOOKUP(B91,'SINAPI INSUMOS'!$A$2:$F$4852,5,FALSE)=OR("",0),VLOOKUP(B91,'SINAPI INSUMOS'!$A$2:$F$4852,6,FALSE),VLOOKUP(B91,'SINAPI INSUMOS'!$A$2:$F$4852,5,FALSE)),"VERIFICAR")) -> 10.05 | I91: =TRUNC(G91*H91,2) -> 7.36
A92: Insumo | B92: 1358 | C92: SINAPI | D92: CHAPA/PAINEL DE MADEIRA COMPENSADA RESINADA (MADEIRITE RESINADO ROSA) PARA FORMA DE CONCRETO, DE 2200 X 1100 MM, E = 17 MM | E92: Material | F92: m² | G92: 0.336 | H92: =IF(A92="Composição Auxiliar",VLOOKUP(B92,'SINAPI COMPOSIÇÃO'!$A$2:$E$10256,4,FALSE),IF(A92="Insumo",IF(VLOOKUP(B92,'SINAPI INSUMOS'!$A$2:$F$4852,5,FALSE)=OR("",0),VLOOKUP(B92,'SINAPI INSUMOS'!$A$2:$F$4852,6,FALSE),VLOOKUP(B92,'SINAPI INSUMOS'!$A$2:$F$4852,5,FALSE)),"VERIFICAR")) -> 62.3 | I92: =TRUNC(G92*H92,2) -> 20.93
A93: Insumo | B93: 4517 | C93: SINAPI | D93: SARRAFO *2,5 X 7,5* CM EM PINUS, MISTA OU EQUIVALENTE DA REGIAO - BRUTA | E93: Material | F93: M | G93: 5.401 | H93: =IF(A93="Composição Auxiliar",VLOOKUP(B93,'SINAPI COMPOSIÇÃO'!$A$2:$E$10256,4,FALSE),IF(A93="Insumo",IF(VLOOKUP(B93,'SINAPI INSUMOS'!$A$2:$F$4852,5,FALSE)=OR("",0),VLOOKUP(B93,'SINAPI INSUMOS'!$A$2:$F$4852,6,FALSE),VLOOKUP(B93,'SINAPI INSUMOS'!$A$2:$F$4852,5,FALSE)),"VERIFICAR")) -> 3.52 | I93: =TRUNC(G93*H93,2) -> 19.01
A94: Insumo | B94: 2692 | C94: SINAPI | D94: DESMOLDANTE PROTETOR PARA FORMAS DE MADEIRA, DE BASE OLEOSA EMULSIONADA EM AGUA | E94: Material | F94: L | G94: 0.00955 | H94: =IF(A94="Composição Auxiliar",VLOOKUP(B94,'SINAPI COMPOSIÇÃO'!$A$2:$E$10256,4,FALSE),IF(A94="Insumo",IF(VLOOKUP(B94,'SINAPI INSUMOS'!$A$2:$F$4852,5,FALSE)=OR("",0),VLOOKUP(B94,'SINAPI INSUMOS'!$A$2:$F$4852,6,FALSE),VLOOKUP(B94,'SINAPI INSUMOS'!$A$2:$F$4852,5,FALSE)),"VERIFICAR")) -> 7.67 | I94: =TRUNC(G94*H94,2) -> 0.07
A95: Insumo | B95: 5073 | C95: SINAPI | D95: PREGO DE ACO POLIDO COM CABECA 17 X 24 (2 1/4 X 11) | E95: Material | F95: KG | G95: 0.055 | H95: =IF(A95="Composição Auxiliar",VLOOKUP(B95,'SINAPI COMPOSIÇÃO'!$A$2:$E$10256,4,FALSE),IF(A95="Insumo",IF(VLOOKUP(B95,'SINAPI INSUMOS'!$A$2:$F$4852,5,FALSE)=OR("",0),VLOOKUP(B95,'SINAPI INSUMOS'!$A$2:$F$4852,6,FALSE),VLOOKUP(B95,'SINAPI INSUMOS'!$A$2:$F$4852,5,FALSE)),"VERIFICAR")) -> 16.16 | I95: =TRUNC(G95*H95,2) -> 0.88
A96: Insumo | B96: 40304 | C96: SINAPI | D96: PREGO DE ACO POLIDO COM CABECA DUPLA 17 X 27 (2 1/2 X 11) | E96: Material | F96: KG | G96: 0.119 | H96: =IF(A96="Composição Auxiliar",VLOOKUP(B96,'SINAPI COMPOSIÇÃO'!$A$2:$E$10256,4,FALSE),IF(A96="Insumo",IF(VLOOKUP(B96,'SINAPI INSUMOS'!$A$2:$F$4852,5,FALSE)=OR("",0),VLOOKUP(B96,'SINAPI INSUMOS'!$A$2:$F$4852,6,FALSE),VLOOKUP(B96,'SINAPI INSUMOS'!$A$2:$F$4852,5,FALSE)),"VERIFICAR")) -> 19.57 | I96: =TRUNC(G96*H96,2) -> 2.32
A97: 3.5 | B97: Código | C97: Banco | D97: Descrição | E97: Tipo | F97: Und | G97: Quant. | H97: Valor Unit | I97: Total
A98: Composição | B98: 96542 | C98: SINAPI | D98: FABRICAÇÃO, MONTAGEM E DESMONTAGEM DE FÔRMA PARA VIGA BALDRAME, EM CHAPA DE MADEIRA COMPENSADA RESINADA, E=17 MM, 4 UTILIZAÇÕES. AF_01/2024 | E98: FUES - FUNDAÇÕES E ESTRUTURAS | F98: m² | G98: 1 | H98: =I98 -> 100.78 | I98: =SUM(I99:I109) -> 100.78
A99: Composição Auxiliar | B99: 91692 | C99: SINAPI | D99: SERRA CIRCULAR DE BANCADA COM MOTOR ELÉTRICO POTÊNCIA DE 5HP, COM COIFA PARA DISCO 10" - CHP DIURNO. AF_08/2015 | E99: CHOR - CUSTOS HORÁRIOS DE MÁQUINAS E EQUIPAMENTOS | F99: CHP | G99: 0.014 | H99: =IF(A99="Composição Auxiliar",VLOOKUP(B99,'SINAPI COMPOSIÇÃO'!$A$2:$E$10256,4,FALSE),IF(A99="Insumo",IF(VLOOKUP(B99,'SINAPI INSUMOS'!$A$2:$F$4852,5,FALSE)=OR("",0),VLOOKUP(B99,'SINAPI INSUMOS'!$A$2:$F$4852,6,FALSE),VLOOKUP(B99,'SINAPI INSUMOS'!$A$2:$F$4852,5,FALSE)),"VERIFICAR")) -> 37.6 | I99: =TRUNC(G99*H99,2) -> 0.52
A100: Composição Auxiliar | B100: 88262 | C100: SINAPI | D100: CARPINTEIRO DE FORMAS COM ENCARGOS COMPLEMENTARES | E100: SEDI - SERVIÇOS DIVERSOS | F100: H | G100: 1.718 | H100: =IF(A100="Composição Auxiliar",VLOOKUP(B100,'SINAPI COMPOSIÇÃO'!$A$2:$E$10256,4,FALSE),IF(A100="Insumo",IF(VLOOKUP(B100,'SINAPI INSUMOS'!$A$2:$F$4852,5,FALSE)=OR("",0),VLOOKUP(B100,'SINAPI INSUMOS'!$A$2:$F$4852,6,FALSE),VLOOKUP(B100,'SINAPI INSUMOS'!$A$2:$F$4852,5,FALSE)),"VERIFICAR")) -> 26.98 | I100: =TRUNC(G100*H100,2) -> 46.35
...

Sheet MEMORIA DE CÁLCULO NOVA
A1: MEMÓRIA DE CÁLCULO
A3: Obra: Conclusão da obra de construção da Unidade Descentralizada da Codevasf no estado do Amapá - 11ª Superintendência Regional, no município de Macapá/AP.
A4: Data: Fev/25
A5: ITENS DA PLANILHA ORÇAMENTÁRIA
A7: 1.1 | B7: FORNECIMENTO E COLOCAÇÃO DE PLACA DE OBRA (4,80 X 2,4 0 M) - EM CHAPA GALVANIZADA *N. 22*, ADESIVADA E FIXADA COM SUPORTE EM EUCALIPTO AUTOCLAVADO. | P7: ok
A9: LOCAL | E9: QUANT. | F9: COMP. (M) | H9: ALT. (M) | J9: ÁREA (M²) | L9: TRANSP | M9: OBS
A10: Alinhamento da divisa do terreno | E10: 1
L12: Total levantado | O12: =E10 -> 1 | Q12: 0
A14: 2.1 | B14: REGULARIZAÇÃO DE SUPERFÍCIES COM MOTONIVELADORA. AF_11/2019 | P14: ok
A16: LOCAL | E16: QUANT. | F16: COMP. (M) | H16: LARG. (M) | J16: ÁREA (M²) | L16: TRANSP | M16: OBS
A17: Terreno | E17: 1 | F17: 100 | H17: 12.85 | J17: =F17*H17 -> 1285
L19: Total levantado | O19: =J17 -> 1285
A21: 2.2 | B21: EXECUÇÃO E COMPACTAÇÃO DE ATERRO COM SOLO PREDOMINANTEMENTE ARENOSO - EXCLUSIVE SOLO, ESCAVAÇÃO, CARGA E TRANSPORTE. AF_11/2019 | P21: OK
A23: LOCAL | E23: QUANT. | F23: ÁREA. (M) | H23: ESP. (M) | J23: VOL. (M³) | L23: TRANSP | M23: OBS
A24: ATERRO | E24: 1 | F24: =J17 -> 1285 | H24: 0.4 | J24: =F24*H24 -> 514
A25: ATERRO ATÉ A ALTURA DA FACE SUPERIOR DA VIGA BALDRAME | E25: 1 | F25: 51.75 | H25: 20.65 | J25: =F25*H25 -> 1068.6375 | M25: A área de aterro foi estimada por aproximação geométrica da seção em declive, modelada como triângulo retângulo, multiplicada pela largura da edificação.
L27: Total levantado | O27: =SUM(J24:K25) -> 1582.6375
A29: 2.3 | B29: CARGA, MANOBRA E DESCARGA DE SOLOS E MATERIAIS GRANULARES EM CAMINHÃO BASCULANTE 14 M³ - CARGA COM ESCAVADEIRA HIDRÁULICA (CAÇAMBA DE 1,20 M³ / 155 HP) E DESCARGA LIVRE (UNIDADE: M3). AF_07/2020 | P29: OK
A31: LOCAL | E31: QUANT. | F31: VOL. MATERIAL COMPACTADO (M³) | H31: TAXA DE CONTRAÇÃO | I31: TAXA DE EMPOLAMENTO | J31: VOL. (M³) | L31: TRANSP | M31: OBS
A32: Material para confecção do corpo do aterro | E32: 1 | F32: =O27 -> 1582.6375 | H32: 0.9 | I32: 1.25 | J32: =(F32/H32)*I32 -> 2198.1076
L34: Total levantado | O34: =J32 -> 2198.1076
A36: 2.4 | B36: TRANSPORTE COM CAMINHÃO BASCULANTE DE 14 M³, EM VIA URBANA PAVIMENTADA, DMT ATÉ 30 KM (UNIDADE: M3XKM). AF_07/2020 | P36: OK
A38: LOCAL | E38: QUANT. | F38: VOL. MATERIAL (M³) | J38: DIST. | L38: TRANSP | M38: OBS
A39: Terra para aterro | E39: 1 | F39: =O34 -> 2198.1076 | J39: 8 | L39: =F39*J39 -> 17584.861
L41: Total levantado | O41: =L39 -> 17584.861
A43: 3.1 | B43: ESCAVAÇÃO MANUAL PARA BLOCO DE COROAMENTO OU SAPATA (INCLUINDO ESCAVAÇÃO PARA COLOCAÇÃO DE FÔRMAS). AF_06/2017 | P43: OK
A45: LOCAL | E45: QUANT. | F45: COMP. (M) | H45: LARG. (M) | J45: ALT (M) | L45: VOL. (M³) | M45: OBS
A46: Sapatas tipo 01 - arrimo | E46: 9 | F46: 1 | H46: 1 | J46: 2.5 | L46: =ROUND(E46*F46*H46*J46,2) -> 22.5 | M46: Comprimento e largura com afastamentos para colocação de fôrmas.
L48: Total levantado | O48: =L46 -> 22.5
A50: 3.2 | B50: ESCAVAÇÃO MANUAL DE VALA PARA VIGA BALDRAME (INCLUINDO ESCAVAÇÃO PARA COLOCAÇÃO DE FÔRMAS). AF_06/2017 | P50: ok
A52: LOCAL | E52: QUANT. | F52: COMP. (M) | H52: LARG. (M) | J52: ALT (M) | L52: VOL. (M³) | M52: OBS
A53: Baldrame/Muro de arrimo | E53: 1 | F53: =8.74+20+8.74+5.68+5.68 -> 48.84 | H53: 0.3 | J53: 0.35 | L53: =F53*H53*J53 -> 5.1282
L55: Total levantado | O55: =L53 -> 5.1282
A57: 3.3 | B57: LASTRO DE CONCRETO MAGRO, APLICADO EM BLOCOS DE COROAMENTO OU SAPATAS, ESPESSURA DE 5 CM. AF_08/2017 | P57: ok
A59: LOCAL | E59: QUANT. | F59: COMP. (M) | H59: LARG. (M) | J59: ÁREA (M²) | L59: VOL. (M³) | M59: OBS
A60: Lastro para sapatas | E60: 9 | F60: 1 | H60: 1 | J60: =E60*F60*H60 -> 9
L62: Total levantado | O62: =J60 -> 9
A64: 3.4 | B64: FABRICAÇÃO, MONTAGEM E DESMONTAGEM DE FÔRMA PARA SAPATA, EM CHAPA DE MADEIRA COMPENSADA RESINADA, E=17 MM, 4 UTILIZAÇÕES. AF_06/2017 | P64: ok
A66: LOCAL | E66: QUANT. | F66: PER. (M) | H66: ALT. (M) | J66: ÁREA (M²) | L66: VOL. (M³) | M66: OBS
A67: Fundação | E67: 9 | F67: 4 | H67: 0.4 | J67: =E67*F67*H67 -> 14.4
L69: Total levantado | O69: =J67 -> 14.4
A71: 3.5 | B71: FABRICAÇÃO, MONTAGEM E DESMONTAGEM DE FÔRMA PARA VIGA BALDRAME, EM CHAPA DE MADEIRA COMPENSADA RESINADA, E=17 MM, 4 UTILIZAÇÕES. AF_06/2017 | P71: ok
A73: LOCAL | E73: QUANT. | F73: COMP. (M) | H73: ALT. (M) | J73: ÁREA (M²) | L73: VOL. (M³) | M73: OBS
A74: Fundação | E74: 1 | J74: 545.97 | M74: Saldo do contrato 0.0362.00/2023
L76: Total levantado | O76: =J74 -> 545.97
A78: 3.6 | B78: MONTAGEM E DESMONTAGEM DE FÔRMA DE PILARES RETANGULARES E ESTRUTURAS SIMILARES, PÉ-DIREITO SIMPLES, EM CHAPA DE MADEIRA COMPENSADA RESINADA, 4 UTILIZAÇÕES. AF_09/2020 | P78: ok
A80: LOCAL | E80: QUANT. | F80: COMP. (M) | H80: LARG. (M) | J80: ÁREA (M²) | L80: VOL. (M³) | M80: OBS
A81: Fundação | E81: 9 | J81: 24.21 | M81: Saldo do contrato 0.0362.00/2023
L83: Total levantado | O83: =J81 -> 24.21
A85: 3.7 | B85: ARMAÇÃO DE SAPATA ISOLADA, VIGA BALDRAME E SAPATA CORRIDA UTILIZANDO AÇO CA-60 DE 5 MM - MONTAGEM. AF_01/2024 | P85: ok
A87: LOCAL | E87: QUANT. | F87: PESO (KG) | H87: LARG. (M) | J87: ÁREA (M²) | L87: VOL. (M³) | M87: OBS
A88: Sapatas | E88: 9 | F88: 0
A89: Vigas | E89: 1 | F89: 100
L91: Total levantado | O91: =SUM(F88:G89) -> 100
A93: 3.8 | B93: ARMAÇÃO DE SAPATA ISOLADA, VIGA BALDRAME E SAPATA CORRIDA UTILIZANDO AÇO CA-50 DE 8 MM - MONTAGEM. AF_01/2024 | P93: ok
A95: LOCAL | E95: QUANT. | F95: PESO (KG) | H95: LARG. (M) | J95: ÁREA (M²) | L95: VOL. (M³) | M95: OBS
A96: Sapatas | E96: 1 | F96: 70
A97: Vigas | E97: 1 | F97: 50
L99: Total levantado | O99: =SUM(F96:G97) -> 120
A101: 3.9 | B101: ARMAÇÃO DE BLOCO, VIGA BALDRAME OU SAPATA UTILIZANDO AÇO CA-50 DE 10 MM - MONTAGEM. AF_06/2017 | P101: ok
A103: LOCAL | E103: QUANT. | F103: PESO (KG) | H103: LARG. (M) | J103: ÁREA (M²) | L103: VOL. (M³) | M103: OBS
A104: Sapatas | E104: 1 | F104: 50
A105: Vigas | E105: 1 | F105: 70
A106: Pilares | E106: 1 | F106: 70
L108: Total levantado | O108: =SUM(F104:G106) -> 190
A110: 3.10 | B110: ARMAÇÃO DE BLOCO, SAPATA ISOLADA, VIGA BALDRAME E SAPATA CORRIDA UTILIZANDO AÇO CA-50 DE 12,5 MM - MONTAGEM. AF_01/2024 | P110: ok
A112: LOCAL | E112: QUANT. | F112: PESO (KG) | H112: LARG. (M) | J112: ÁREA (M²) | L112: VOL. (M³) | M112: OBS
A113: Pilares | E113: 1 | F113: 50
L115: Total levantado | O115: =SUM(F113:G113) -> 50
A117: 3.11 | B117: CONCRETAGEM DE SAPATAS, FCK 30 MPA, COM USO DE BOMBA LANÇAMENTO, ADENSAMENTO E ACABAMENTO. AF_11/2016 | P117: ok
A119: LOCAL | E119: QUANT. | F119: COMP. (M) | H119: LARG. (M) | J119: ALT. (M) | L119: VOL. (M³) | M119: OBS
A120: Sapatas | E120: 9 | F120: 1 | H120: 1 | J120: 0.4 | L120: =E120*F120*H120*J120 -> 3.6 | M120: Conforme projeto estrutural
A121: Arranques dos Pilares | E121: 9 | F121: 0.3 | H121: 0.2 | J121: 2 | L121: =E121*F121*H121*J121 -> 1.08 | M121: Conforme projeto estrutural
L123: Total levantado | O123: =SUM(L120:L121) -> 4.68
A125: 3.12 | B125: CONCRETAGEM DE BLOCO DE COROAMENTO OU VIGA BALDRAME, FCK 30 MPA, COM USO DE BOMBA - LANÇAMENTO, ADENSAMENTO E ACABAMENTO. AF_01/2024 | P125: ok
A127: LOCAL | E127: QUANT. | F127: COMP. (M) | H127: LARG. (M) | J127: ÁREA (M²) | L127: VOL. (M³) | M127: OBS
A128: Baldrame | E128: 1 | L128: 52.86 | M128: Conforme projeto estrutural
L130: Total levantado | O130: =SUM(L128:L128) -> 52.86
A132: 3.13 | B132: IMPERMEABILIZAÇÃO DE SUPERFÍCIE COM EMULSÃO ASFÁLTICA, 2 DEMÃOS AF_06/2018 | P132: ok
A134: LOCAL | E134: QUANT. | F134: COMP. (M) | H134: LARG. (M) | J134: ÁREA (M²) | L134: VOL. (M³) | M134: OBS
A135: Baldrame | E135: 1 | J135: =486.2+59.77 -> 545.97 | M135: Área de fôrmas do baldrame + área da superfície. Quantidades retiradas de projeto estrutural.
L137: Total levantado | O137: =J135 -> 545.97
A139: 3.14 | B139: ATERRO MANUAL DE VALAS COM SOLO ARGILO-ARENOSO E COMPACTAÇÃO MECANIZADA. | P139: ok
A141: LOCAL | E141: QUANT. | F141: ÁREA SEÇÃO 01 (M²) | H141: ÁREA SEÇÃO 02 (M²) | J141: SEMI-DIST (M) | L141: VOL. (M³) | M141: OBS
A142: Aterro da área sob as vigas baldrame | E142: 1 | F142: 56.5 | H142: 56.5 | J142: 10 | L142: =(F142+H142)*J142 -> 1130 | M142: Aterro sob a edificação, impossível de fazer com equipamento mecânico (rolo compactador). Área da seção = comprimento de 50 metros (comprimento da edificação) x 2,26 (desnível conforme levantamento topográfico) / 2 (seção triangular)
L144: Total levantado | O144: =L142 -> 1130
A146: 3.15 | B146: ALVENARIA DE BLOCO DE CONCRETO CHEIO COM ARMAÇÃO, EM CONCRETO COM FCK 15MPA , ESP. 14CM, PARA REVESTIMENTO, INCLUSIVE ARGAMASSA PARA ASSENTAMENTO | P146: ok
A148: LOCAL | E148: QUANT. | F148: ÁREA SEÇÃO 01 - LATERAL (M²) | H148: ÁREA SEÇÃO 02 - LATERAL (M²) | J148: ÁREA SEÇÃO 03 - FUNDO (M²) | L148: ÁREA TOTAL (M³) | M148: OBS
A149: Perímetro da edificação | E149: 1 | F149: =50*1.55/2 -> 38.75 | H149: =50*1.55/2 -> 38.75 | J149: =2.15*20 -> 43 | L149: =F149+H149+J149 -> 120.5 | M149: Muro de arrimo sob a edificação, necessário para conter o aterro. Área da seção 01, 02 e 03 = comprimento (50 ou 20 metros) (lateral ou fundo da edificação) x 1,15 (desnível conforme levantamento topográfico) / 2 (seção triangular). O desnível, nesse caso, corresponde a diferença de altura entre a camada de aterro na área externa e o nível que ficará a edificação.
L151: Total levantado | O151: =L149 -> 120.5
A153: 3.16 | B153: CAMADA SEPARADORA PARA EXECUÇÃO DE RADIER, PISO DE CONCRETO OU LAJE SOBRE SOLO, EM LONA PLÁSTICA. AF_09/2021 | P153: ok
A155: LOCAL | E155: QUANT. | F155: COMP. (M) | H155: LARG. (M) | J155: ÁREA (M²) | L155: VOL. (M³) | M155: OBS
A156: Impermeabilização do piso | E156: 1 | F156: 50 | H156: 20 | J156: =F156*H156 -> 1000
L158: Total levantado | O158: =SUM(J156) -> 1000
A160: 3.17 | B160: ARMAÇÃO DE LAJE DE ESTRUTURA CONVENCIONAL DE CONCRETO ARMADO UTILIZANDO AÇO CA-60 DE 5,0 MM - MONTAGEM. AF_06/2022
A162: LOCAL | E162: QUANT. | F162: PESO (KG) | H162: LARG. (M) | J162: ÁREA (M²) | L162: VOL. (M³) | M162: OBS | P162: ok
A163: Lajes | E163: 1 | F163: =530.86+1221.12 -> 1751.98 | M163: Conforme projeto estrutural
L165: Total levantado | O165: =SUM(F163:G163) -> 1751.98
A167: 3.18 | B167: CONCRETAGEM DE RADIER, PISO DE CONCRETO OU LAJE SOBRE SOLO, FCK 25 MPA - LANÇAMENTO, ADENSAMENTO E ACABAMENTO. AF_09/2021 | P167: ok
A169: LOCAL | E169: QUANT. | F169: COMP. (M) | H169: LARG. (M) | J169: ÁREA (M²) | L169: VOL. (M³) | M169: OBS
...

Sheet Curva ABC de Serviços
C1: Obra | D1: Bancos | E1: B.D.I. | H1: Encargos Sociais
C2: CONCLUSÃO DA OBRA DE CONSTRUÇÃO DA UNIDADE DESCENTRALIZADA DA CODEVASF NO ESTADO DO AMAPÁ - 11ª SUPERINTENDÊNCIA REGIONAL, NO MUNICÍPIO DE MACAPÁ/AP. | D2: SINAPI - 01/2025 - Amapá SICRO3 - 10/2024 - Amapá | E2: 23,08% | H2: Não Desonerado: embutido nos preços unitário dos insumos de mão de obra, de acordo com as bases.
A3: Curva ABC de Serviços
A4: Código | B4: Banco | C4: Descrição | D4: Tipo | E4: Und | F4: Quant. | G4: Valor Unit | H4: Total | I4: Peso (%) | J4: Peso Acumulado (%)
A5: COMP. SEDE 20 | B5: Próprio | C5: LAJE STEEL DECK PARA PISO COM CAPA DE CONCRETO FCK 25 MPA, ESPESSURA DA LAJE 15CM, ESPESSURA DA CHAPA 0,95 MM, INCLUSIVE IÇAMENTO COM GUINDASTE. AF_01/2020 | D5: SEDI - SERVIÇOS DIVERSOS | E5: M² | F5: 2.036,1 | G5: 285,05 | H5: 580.390,30 | I5: 10,37 | J5: 10,37
A6: 92398 | B6: SINAPI | C6: EXECUÇÃO DE PAVIMENTO EM PISO INTERTRAVADO, COM BLOCO RETANGULAR COR NATURAL DE 20 X 10 CM, ESPESSURA 8 CM. AF_10/2022 | D6: PAVI - PAVIMENTAÇÃO | E6: m² | F6: 4.000,0 | G6: 105,44 | H6: 421.760,00 | I6: 7,54 | J6: 17,91
A7: COMPOSIÇÃO - 30 SEDE | B7: Próprio | C7: ADMINISTRAÇÃO LOCAL DE OBRA DE EDIFICAÇÃO | D7: SERT - SERVIÇOS TÉCNICOS | E7: UN | F7: 1,0 | G7: 372.334,43 | H7: 372.334,43 | I7: 6,65 | J7: 24,56
A8: COMP. SEDE 11 - 04 | B8: Próprio | C8: VIGA METÁLICA EM PERFIL W 610 x 113, LAMINADO OU SOLDADO, EM AÇO ESTRUTURAL, COM CONEXÕES SOLDADAS, INCLUSOS MÃO DE OBRA, TRANSPORTE E IÇAMENTO UTILIZANDO GUINDASTE - FORNECIMENTO E INSTALAÇÃO. AF_01/2020_P | D8: SEDI - SERVIÇOS DIVERSOS | E8: KG | F8: 18.976,0 | G8: 14,30 | H8: 271.356,80 | I8: 4,85 | J8: 29,41
A9: COMP. SEDE 21 | B9: Próprio | C9: PAREDE COM PLACAS DE GESSO ACARTONADO (DRYWALL), PARA USO EXTERNO (PLACA CIMENTÍCIA E RU), COM DUAS FACES SIMPLES E ESTRUTURA METÁLICA COM GUIAS SIMPLES, INCLUINDO ISOLAMENTO TÉRMICO/ACÚSTICO COM LÃ DE VIDRO | D9: PARE - PAREDES/PAINEIS | E9: M² | F9: 1.303,11 | G9: 185,58 | H9: 241.831,15 | I9: 4,32 | J9: 33,73
A10: 87263 | B10: SINAPI | C10: REVESTIMENTO CERÂMICO PARA PISO COM PLACAS TIPO PORCELANATO DE DIMENSÕES 60X60 CM APLICADA EM AMBIENTES DE ÁREA MAIOR QUE 10 M². AF_02/2023_PE | D10: PISO - PISOS | E10: m² | F10: 1.739,96 | G10: 137,00 | H10: 238.374,52 | I10: 4,26 | J10: 37,99
A11: COMP. SEDE 09 | B11: Próprio | C11: VIGA METÁLICA EM PERFIL W 410 x 53, LAMINADO OU SOLDADO, EM AÇO ESTRUTURAL, COM CONEXÕES SOLDADAS, INCLUSOS MÃO DE OBRA, TRANSPORTE E IÇAMENTO UTILIZANDO GUINDASTE - FORNECIMENTO E INSTALAÇÃO. AF_01/2020_P | D11: FUES - FUNDAÇÕES E ESTRUTURAS | E11: KG | F11: 15.735,9 | G11: 14,39 | H11: 226.439,60 | I11: 4,05 | J11: 42,04
A12: 98546 | B12: SINAPI | C12: IMPERMEABILIZAÇÃO DE SUPERFÍCIE COM MANTA ASFÁLTICA, UMA CAMADA, INCLUSIVE APLICAÇÃO DE PRIMER ASFÁLTICO, E=4MM. AF_09/2023 | D12: IMPE - IMPERMEABILIZAÇÕES E PROTEÇÕES DIVERSAS | E12: m² | F12: 1.046,0 | G12: 179,84 | H12: 188.112,64 | I12: 3,36 | J12: 45,40
A13: 96114 | B13: SINAPI | C13: FORRO EM DRYWALL, PARA AMBIENTES COMERCIAIS, INCLUSIVE ESTRUTURA BIRECIONAL DE FIXAÇÃO. AF_08/2023_PS | D13: REVE - REVESTIMENTO E TRATAMENTO DE SUPERFÍCIES | E13: m² | F13: 1.962,73 | G13: 80,60 | H13: 158.196,03 | I13: 2,83 | J13: 48,23
A14: COMP. SEDE 11 | B14: Próprio | C14: VIGA METÁLICA EM PERFIL W 360 x 39, LAMINADO OU SOLDADO, EM AÇO ESTRUTURAL, COM CONEXÕES SOLDADAS, INCLUSOS MÃO DE OBRA, TRANSPORTE E IÇAMENTO UTILIZANDO GUINDASTE - FORNECIMENTO E INSTALAÇÃO. AF_01/2020_P | D14: FUES - FUNDAÇÕES E ESTRUTURAS | E14: KG | F14: 10.058,8 | G14: 14,39 | H14: 144.746,13 | I14: 2,59 | J14: 50,82
A15: COMP. SEDE 11 - 05 | B15: Próprio | C15: VIGA METÁLICA EM PERFIL W 530 x 101, LAMINADO OU SOLDADO, EM AÇO ESTRUTURAL, COM CONEXÕES SOLDADAS, INCLUSOS MÃO DE OBRA, TRANSPORTE E IÇAMENTO UTILIZANDO GUINDASTE - FORNECIMENTO E INSTALAÇÃO. AF_01/2020_P | D15: SEDI - SERVIÇOS DIVERSOS | E15: KG | F15: 8.019,0 | G15: 14,30 | H15: 114.671,70 | I15: 2,05 | J15: 52,87
... A270: 89378 | B270: SINAPI | C270: LUVA, PVC, SOLDÁVEL, DN 25MM, INSTALADO EM RAMAL OU SUB-RAMAL DE ÁGUA - FORNECIMENTO E INSTALAÇÃO. AF_06/2022 | D270: INHI - INSTALAÇÕES HIDROS SANITÁRIAS | E270: UN | F270: 1,0 | G270: 6,53 | H270: 6,53 | I270: 0,00 | J270: 100,00
F272: Total sem BDI | H272: 5595691.7
F273: Total do BDI | H273: 1287791
F274: Total Geral | H274: 6883482.7
A276: _______________________________________________________________ LUIS FERNANDO ANTUNES LIMA ANALISTA EM DESENVOLVIMENTO REGIONAL - 11ª GRD/UIP

Sheet Curva ABC de Insumos
D1: Obra | E1: Bancos | F1: B.D.I. | I1: Encargos Sociais
D2: CONCLUSÃO DA OBRA DE CONSTRUÇÃO DA UNIDADE DESCENTRALIZADA DA CODEVASF NO ESTADO DO AMAPÁ - 11ª SUPERINTENDÊNCIA REGIONAL, NO MUNICÍPIO DE MACAPÁ/AP. | E2: SINAPI - 01/2025 - Amapá SICRO3 - 10/2024 - Amapá | F2: 23,08% | I2: Não Desonerado: embutido nos preços unitário dos insumos de mão de obra, de acordo com as bases.
A3: Curva ABC de Insumos
A4: Código | B4: Banco | C4: Grupo | D4: Descrição | E4: Tipo | F4: Und | G4: Quantidade | I4: Valor Unitário | K4: Total | N4: Peso | O4: Valor Acumulado | P4: Peso Acumulado
G5: Operativa | H5: Improdutiva | I5: Operativa | J5: Improdutiva | K5: Operativa | L5: Improdutiva | M5: Geral
A6: 00036170 | B6: SINAPI | D6: BLOQUETE/PISO INTERTRAVADO DE CONCRETO - MODELO ONDA/16 FACES/RETANGULAR/TIJOLINHO/PAVER/HOLANDES/PARALELEPIPEDO, *20 X 10* CM, E = 8 CM, RESISTENCIA DE 35 MPA, COR NATURAL | E6: Material | F6: m² | G6: 4.011,6224201 | I6: 82,00 | K6: 328.953,04 | M6: 328953.04 | N6: 5,88% | O6: 328953.04 | P6: 5,88%
A7: 00001527 | B7: SINAPI | D7: CONCRETO USINADO BOMBEAVEL, CLASSE DE RESISTENCIA C25, BRITA 0 E 1, SLUMP = 100 +/- 20 MM, COM BOMBEAMENTO (DISPONIBILIZACAO DE BOMBA), SEM O LANCAMENTO (NBR 8953) | E7: Material | F7: m³ | G7: 263,9905456 | I7: 902,23 | K7: 238.180,19 | M7: 238180.19 | N7: 4,26% | O7: 567133.23 | P7: 10,14%
A8: 00040811 | B8: SINAPI | D8: ENGENHEIRO CIVIL DE OBRA JUNIOR (MENSALISTA) | E8: Mão de Obra | F8: MES | G8: 10,0991725 | I8: 21.806,07 | K8: 220.223,26 | M8: 220223.26 | N8: 3,94% | O8: 787356.49 | P8: 14,07%
A9: 00043124 | B9: SINAPI | D9: CHAPA EM ACO GALVANIZADO PARA STEEL DECK, COM NERVURAS TRAPEZOIDAIS, LARGURA UTIL DE 915 MM E ESPESSURA DE 0,95 MM | E9: Material | F9: m² | G9: 2.041,8127346 | I9: 102,39 | K9: 209.061,21 | M9: 209061.21 | N9: 3,74% | O9: 996417.7 | P9: 17,81%
A10: PREÇO DE MERCADO | B10: Próprio | D10: PERFIL "I" DE ACO LAMINADO W 610 x 113 - REF A572 GR. 50 | E10: Material | F10: KG | G10: 18.953,4277072 | I10: 9,90 | K10: 187.638,93 | M10: 187638.93 | N10: 3,35% | O10: 1184056.6 | P10: 21,16%
A11: 00044474 | B11: SINAPI | D11: GUINDASTE HIDRAULICO AUTOPROPELIDO, COM LANCA TELESCOPICA 40 M, CAPACIDADE MAXIMA 60 T, POTENCIA 260 KW, TRACAO 6 X 6 | E11: Equipamento para Aquisição Permanente | F11: UN | G11: 0,0642322 | I11: 2.485.831,60 | K11: 159.670,36 | M11: 159670.36 | N11: 2,85% | O11: 1343727 | P11: 24,01%
A12: 00045190 | B12: SINAPI | D12: PISO EM PORCELANATO, RETIFICADO, LISO, MONOCOLOR, ACETINADO OU POLIDO, FORMATO MAIOR QUE 2500 ATE 6400 CM2 | E12: Material | F12: m² | G12: 1.857,8047161 | I12: 85,00 | K12: 157.913,40 | M12: 157913.4 | N12: 2,82% | O12: 1501640.4 | P12: 26,84%
A13: PREÇO DE MERCADO 09 | B13: Próprio | D13: PERFIL "I" DE ACO LAMINADO W 410 x 53 - REF A572 GR. 50 | E13: Material | F13: KG | G13: 15.717,1818644 | I13: 9,99 | K13: 157.014,65 | M13: 157014.65 | N13: 2,81% | O13: 1658655 | P13: 29,64%
A14: 00004015 | B14: SINAPI | D14: MANTA ASFALTICA ELASTOMERICA EM POLIESTER 4 MM, TIPO III, CLASSE B, ACABAMENTO PP (NBR 9952) | E14: Material | F14: M² | G14: 1.182,5590495 | I14: 121,52 | K14: 143.704,58 | M14: 143704.58 | N14: 2,57% | O14: 1802359.6 | P14: 32,21%
A15: 00001379 | B15: SINAPI | D15: CIMENTO PORTLAND COMPOSTO CP II-32 | E15: Material | F15: KG | G15: 123.440,9521507 | I15: 1,12 | K15: 138.253,87 | M15: 138253.87 | N15: 2,47% | O15: 1940613.5 | P15: 34,68%
A16: 00006111 | B16: SINAPI | D16: SERVENTE DE OBRAS (HORISTA) | E16: Mão de Obra | F16: H | G16: 8.811,5083881 | I16: 15,07 | K16: 132.789,43 | M16: 132789.43 | N16: 2,37% | O16: 2073402.9 | P16: 37,05%
A17: 00001525 | B17: SINAPI | D17: CONCRETO USINADO BOMBEAVEL, CLASSE DE RESISTENCIA C30, BRITA 0 E 1, SLUMP = 100 +/- 20 MM, COM BOMBEAMENTO (DISPONIBILIZACAO DE BOMBA), SEM O LANCAMENTO (NBR 8953) | E17: Material | F17: m³ | G17: 123,5792252 | I17: 929,99 | K17: 114.927,44 | M17: 114927.44 | N17: 2,05% | O17: 2188330.4 | P17: 39,11%
... A489: 00040864 | B489: SINAPI | D489: SEGURO - MENSALISTA (COLETADO CAIXA - ENCARGOS COMPLEMENTARES) | E489: Material | F489: MES | G489: 32,4613407 | I489: 0,01 | K489: 0,32 | M489: 0.32461341 | N489: 0,00% | O489: 5595691.7 | P489: 100,00%
M491: Totais por Tipo
L492: Equipamento | P492: R$ 5.272,50
L493: Equipamento para Aquisição Permanente | P493: R$ 194.103,80
L494: Mão de Obra | P494: R$ 1.083.710,49
L495: Material | P495: R$ 4.271.484,89
L496: Serviços | P496: R$ 36.488,49
L497: Taxas | P497: R$ 0,00
L498: Administração | P498: R$ 0,00
L499: Aluguel | P499: R$ 0,00
L500: Verba | P500: R$ 0,00
L501: Transporte | P501: R$ 0,00
L502: Franquia | P502: R$ 4.631,55
L503: Outros | P503: R$ 0,00
L505: Total sem BDI | N505: 5595691.7
L506: Total do BDI | N506: 1287791
L507: Total Geral | N507: 6883482.7
A509: _______________________________________________________________ LUIS FERNANDO ANTUNES LIMA ANALISTA EM DESENVOLVIMENTO REGIONAL - 11ª GRD/UIP

Sheet Planilha de BDI S. DESON
C1: MINISTÉRIO DO DESENVOLVIMENTO REGIONAL
C2: COMPANHIA DE DESENVOLVIMENTO DOS VALES DO SÃO FRANCISCO E PARNAÍBA
A3: DEMONSTRATIVO DE CÁLCULO DOS BENEFÍCIOS E DESPESAS INDIRETAS - BDI
A5: PROPONENTE: COMPANHIA DE DESENVOLVIMENTO DOS VALES DO SÃO FRANCISCO E PARNAÍBA
A6: EMPREENDIMENTO: CONCLUSÃO DA OBRA DE CONSTRUÇÃO DA SEDE DA 11ª SUPERINTENDÊNCIA REGIONAL DA CODEVASF NO MUNICÍPIO DE MACAPÁ/AP
A7: LOCAL: RODOVIA JOSMAR CHAVES PINTO, KM 05, S/N, UNIVERSIDADE, MACAPA/AP.
A8: Data: Fev/2025
A9: MEMÓRIA DE CÁLCULO
A11: Composição do BDI | D11: Intervalos de Referência | E11: Composição adotada | G11: BDI Proposto: | I11: =((((1+E12+E15+E16))*(1+E14)*(1+E13))/(1-(E17+E18+E19+E20))-1) -> 0.23082952
A12: Administração Central (AC) | D12: De 3,00 % até 5,5% | E12: 0.04
A13: Lucro (L) | D13: De 6,16 % até 8,96% | E13: 0.076
A14: Despesas Financeiras (DF) | D14: De 0,59 % até 1,39% | E14: 0.0123
A15: Seguros (S) + Garantias (G) | D15: De 0,80 % até 1,00% | E15: 0.0085 | G15: Observação: Composição do BDI, intervalos admissíveis e Fórmula de Cálculo nos termos do Acórdão 2622/2013 do TCU.
A16: Riscos (R) | D16: De 0,97 % até 1,27% | E16: 0.012
A17: Tributos (I) | B17: PIS | D17: 0.0065 | E17: 0.0065
B18: COFINS | D18: 0.03 | E18: 0.03
B19: CPRB | D19: 0.045
B20: ISS | D20: De 2,0 % até 5,0% | E20: 0.025 | G20: Coloca-se 50% do valor do ISS do munícipio. Verificar primeiro a legislação municipal.
C21: _____________________________________________________ | E21: Obs.: Folha de pagamento sem desoneração.
C22: ='[11]PLANILHA SEM DESONERAÇÃO'!C370 -> LUIS FERNANDO ANTUNES LIMA
B23: ='[11]PLANILHA SEM DESONERAÇÃO'!C371 -> ANALISTA DE DESENVOLVIMENTO REGIONAL
B24: ='[11]PLANILHA SEM DESONERAÇÃO'!C372 -> ENGENHEIRO CIVIL - CREA 186819/D

Sheet COT ORÇAMENTO AÇO LAMINADO
B2: Processo | C2: 59500.003753/2025-45
B3: Responsável | C3: AG/GCT/UCT
B4: Área de Origem | C4: AG/GCT/UCT
B5: Data da pesquisa | C5: 46092
B7: ITEM: | I7: UNIDADE DE MEDIDA: | J7: KG | K7: QUANTIDADE: | L7: 320 | O7: Tabela auxiliar de metodologias para exclusão de preços
B8: LICITAÇÕES ANTERIORES | O8: Licitações Anteriores
B9: Órgão | C9: Edital/Ano - Nº do Lote / Item | D9: Quantidade | E9: Valor Unitário | F9: Data | G9: índice de atualização (nome) | H9: I0 | I9: If | J9: Variação acumulada do índice (%) | K9: Preço unitário atualizado | L9: Utilizar? (Sim/Não) | O9: Outliers | P9: Por critério do(a) analista
J10: =IF(ISBLANK(E10),"",IF(ISNUMBER(H10),(I10-H10)/H10,0)) | K10: =IF(ISBLANK(E10),"",E10*(1+J10)) | L10: =IF(ISNUMBER(K10),IF($L$32<>$P$9,O10,P10),"") | O10: =IF(ISNUMBER(K10),IF(OR(K10<_xlfn.QUARTILE.INC($K$10:$K$29,1)-1.5*(_xlfn.QUARTILE.INC($K$10:K29,3)-_xlfn.QUARTILE.INC($K$10:$K$29,1)),K10>_xlfn.QUARTILE.INC($K$10:$K$29,3)+1.5*(_xlfn.QUARTILE.INC($K$10:$K$29,3)-_xlfn.QUARTILE.INC($K$10:$K$29,1))),"Não","Sim"),"")
J11: =IF(ISBLANK(E11),"",IF(ISNUMBER(H11),(I11-H11)/H11,0)) | K11: =IF(ISBLANK(E11),"",E11*(1+J11)) | L11: =IF(ISNUMBER(K11),IF($L$32<>$P$9,O11,P11),"") | O11: =IF(ISNUMBER(K11),IF(OR(K11<_xlfn.QUARTILE.INC($K$10:$K$29,1)-1.5*(_xlfn.QUARTILE.INC($K$10:K29,3)-_xlfn.QUARTILE.INC($K$10:$K$29,1)),K11>_xlfn.QUARTILE.INC($K$10:$K$29,3)+1.5*(_xlfn.QUARTILE.INC($K$10:$K$29,3)-_xlfn.QUARTILE.INC($K$10:$K$29,1))),"Não","Sim"),"")
J12: =IF(ISBLANK(E12),"",IF(ISNUMBER(H12),(I12-H12)/H12,0)) | K12: =IF(ISBLANK(E12),"",E12*(1+J12)) | L12: =IF(ISNUMBER(K12),IF($L$32<>$P$9,O12,P12),"") | O12: =IF(ISNUMBER(K12),IF(OR(K12<_xlfn.QUARTILE.INC($K$10:$K$29,1)-1.5*(_xlfn.QUARTILE.INC($K$10:K30,3)-_xlfn.QUARTILE.INC($K$10:$K$29,1)),K12>_xlfn.QUARTILE.INC($K$10:$K$29,3)+1.5*(_xlfn.QUARTILE.INC($K$10:$K$29,3)-_xlfn.QUARTILE.INC($K$10:$K$29,1))),"Não","Sim"),"")
J13: =IF(ISBLANK(E13),"",IF(ISNUMBER(H13),(I13-H13)/H13,0)) | K13: =IF(ISBLANK(E13),"",E13*(1+J13)) | L13: =IF(ISNUMBER(K13),IF($L$32<>$P$9,O13,P13),"") | O13: =IF(ISNUMBER(K13),IF(OR(K13<_xlfn.QUARTILE.INC($K$10:$K$29,1)-1.5*(_xlfn.QUARTILE.INC($K$10:K31,3)-_xlfn.QUARTILE.INC($K$10:$K$29,1)),K13>_xlfn.QUARTILE.INC($K$10:$K$29,3)+1.5*(_xlfn.QUARTILE.INC($K$10:$K$29,3)-_xlfn.QUARTILE.INC($K$10:$K$29,1))),"Não","Sim"),"")
J14: =IF(ISBLANK(E14),"",IF(ISNUMBER(H14),(I14-H14)/H14,0)) | K14: =IF(ISBLANK(E14),"",E14*(1+J14)) | L14: =IF(ISNUMBER(K14),IF($L$32<>$P$9,O14,P14),"") | O14: =IF(ISNUMBER(K14),IF(OR(K14<_xlfn.QUARTILE.INC($K$10:$K$29,1)-1.5*(_xlfn.QUARTILE.INC($K$10:K32,3)-_xlfn.QUARTILE.INC($K$10:$K$29,1)),K14>_xlfn.QUARTILE.INC($K$10:$K$29,3)+1.5*(_xlfn.QUARTILE.INC($K$10:$K$29,3)-_xlfn.QUARTILE.INC($K$10:$K$29,1))),"Não","Sim"),"")
J15: =IF(ISBLANK(E15),"",IF(ISNUMBER(H15),(I15-H15)/H15,0)) | K15: =IF(ISBLANK(E15),"",E15*(1+J15)) | L15: =IF(ISNUMBER(K15),IF($L$32<>$P$9,O15,P15),"") | O15: =IF(ISNUMBER(K15),IF(OR(K15<_xlfn.QUARTILE.INC($K$10:$K$29,1)-1.5*(_xlfn.QUARTILE.INC($K$10:K35,3)-_xlfn.QUARTILE.INC($K$10:$K$29,1)),K15>_xlfn.QUARTILE.INC($K$10:$K$29,3)+1.5*(_xlfn.QUARTILE.INC($K$10:$K$29,3)-_xlfn.QUARTILE.INC($K$10:$K$29,1))),"Não","Sim"),"")
J16: =IF(ISBLANK(E16),"",IF(ISNUMBER(H16),(I16-H16)/H16,0)) | K16: =IF(ISBLANK(E16),"",E16*(1+J16)) | L16: =IF(ISNUMBER(K16),IF($L$32<>$P$9,O16,P16),"") | O16: =IF(ISNUMBER(K16),IF(OR(K16<_xlfn.QUARTILE.INC($K$10:$K$29,1)-1.5*(_xlfn.QUARTILE.INC($I$10:I37,3)-_xlfn.QUARTILE.INC($K$10:$K$29,1)),K16>_xlfn.QUARTILE.INC($K$10:$K$29,3)+1.5*(_xlfn.QUARTILE.INC($K$10:$K$29,3)-_xlfn.QUARTILE.INC($K$10:$K$29,1))),"Não","Sim"),"")
B17: COTAÇÕES DE MERCADO | O17: Cotações
B18: Empresa | J18: Data | K18: Preço Unitário | L18: Utilizar? (Sim/Não) | O18: Outliers | P18: Por critério do(a) analista
B19: ARCELLORMITTAL - VIGAS METÁLICAS | J19: 46093 | K19: 10.02 | L19: =IF(ISNUMBER(K19),IF($L$32=$O$18,O19,IF($L$32=$P$18,P19,"")),"") -> Sim | O19: =IF(ISNUMBER(K19),IF(OR(K19<_xlfn.QUARTILE.INC($K$10:$K$29,1)-1.5*(_xlfn.QUARTILE.INC($K$10:$K$29,3)-_xlfn.QUARTILE.INC($K$10:$K$29,1)),K19>_xlfn.QUARTILE.INC($K$10:$K$29,3)+1.5*(_xlfn.QUARTILE.INC($K$10:$K$29,3)-_xlfn.QUARTILE.INC($K$10:$K$29,1))),"Não","Sim"),"") -> Sim
B20: GERDAU - VIGAS METÁLICAS | J20: 46092 | K20: 9.24 | L20: =IF(ISNUMBER(K20),IF($L$32=$O$18,O20,IF($L$32=$P$18,P20,"")),"") -> Sim | O20: =IF(ISNUMBER(K20),IF(OR(K20<_xlfn.QUARTILE.INC($K$10:$K$29,1)-1.5*(_xlfn.QUARTILE.INC($K$10:$K$29,3)-_xlfn.QUARTILE.INC($K$10:$K$29,1)),K20>_xlfn.QUARTILE.INC($K$10:$K$29,3)+1.5*(_xlfn.QUARTILE.INC($K$10:$K$29,3)-_xlfn.QUARTILE.INC($K$10:$K$29,1))),"Não","Sim"),"") -> Sim
L21: =IF(ISNUMBER(K21),IF($L$32=$O$18,O21,IF($L$32=$P$18,P21,"")),"") | O21: =IF(ISNUMBER(K21),IF(OR(K21<_xlfn.QUARTILE.INC($K$10:$K$29,1)-1.5*(_xlfn.QUARTILE.INC($K$10:$K$29,3)-_xlfn.QUARTILE.INC($K$10:$K$29,1)),K21>_xlfn.QUARTILE.INC($K$10:$K$29,3)+1.5*(_xlfn.QUARTILE.INC($K$10:$K$29,3)-_xlfn.QUARTILE.INC($K$10:$K$29,1))),"Não","Sim"),"")
L22: =IF(ISNUMBER(K22),IF($L$32=$O$18,O22,IF($L$32=$P$18,P22,"")),"") | O22: =IF(ISNUMBER(K22),IF(OR(K22<_xlfn.QUARTILE.INC($K$10:$K$29,1)-1.5*(_xlfn.QUARTILE.INC($K$10:$K$29,3)-_xlfn.QUARTILE.INC($K$10:$K$29,1)),K22>_xlfn.QUARTILE.INC($K$10:$K$29,3)+1.5*(_xlfn.QUARTILE.INC($K$10:$K$29,3)-_xlfn.QUARTILE.INC($K$10:$K$29,1))),"Não","Sim"),"")
L23: =IF(ISNUMBER(K23),IF($L$32=$O$18,O23,IF($L$32=$P$18,P23,"")),"") | O23: =IF(ISNUMBER(K23),IF(OR(K23<_xlfn.QUARTILE.INC($K$10:$K$29,1)-1.5*(_xlfn.QUARTILE.INC($K$10:$K$29,3)-_xlfn.QUARTILE.INC($K$10:$K$29,1)),K23>_xlfn.QUARTILE.INC($K$10:$K$29,3)+1.5*(_xlfn.QUARTILE.INC($K$10:$K$29,3)-_xlfn.QUARTILE.INC($K$10:$K$29,1))),"Não","Sim"),"")
L24: =IF(ISNUMBER(K24),IF($L$32=$O$18,O24,IF($L$32=$P$18,P24,"")),"") | O24: =IF(ISNUMBER(K24),IF(OR(K24<_xlfn.QUARTILE.INC($K$10:$K$29,1)-1.5*(_xlfn.QUARTILE.INC($K$10:$K$29,3)-_xlfn.QUARTILE.INC($K$10:$K$29,1)),K24>_xlfn.QUARTILE.INC($K$10:$K$29,3)+1.5*(_xlfn.QUARTILE.INC($K$10:$K$29,3)-_xlfn.QUARTILE.INC($K$10:$K$29,1))),"Não","Sim"),"")
L25: =IF(ISNUMBER(K25),IF($L$32=$O$18,O25,IF($L$32=$P$18,P25,"")),"") | O25: =IF(ISNUMBER(K25),IF(OR(K25<_xlfn.QUARTILE.INC($K$10:$K$29,1)-1.5*(_xlfn.QUARTILE.INC($K$10:$K$29,3)-_xlfn.QUARTILE.INC($K$10:$K$29,1)),K25>_xlfn.QUARTILE.INC($K$10:$K$29,3)+1.5*(_xlfn.QUARTILE.INC($K$10:$K$29,3)-_xlfn.QUARTILE.INC($K$10:$K$29,1))),"Não","Sim"),"")
L26: =IF(ISNUMBER(K26),IF($L$32=$O$18,O26,IF($L$32=$P$18,P26,"")),"") | O26: =IF(ISNUMBER(K26),IF(OR(K26<_xlfn.QUARTILE.INC($K$10:$K$29,1)-1.5*(_xlfn.QUARTILE.INC($K$10:$K$29,3)-_xlfn.QUARTILE.INC($K$10:$K$29,1)),K26>_xlfn.QUARTILE.INC($K$10:$K$29,3)+1.5*(_xlfn.QUARTILE.INC($K$10:$K$29,3)-_xlfn.QUARTILE.INC($K$10:$K$29,1))),"Não","Sim"),"")
L27: =IF(ISNUMBER(K27),IF($L$32=$O$18,O27,IF($L$32=$P$18,P27,"")),"") | O27: =IF(ISNUMBER(K27),IF(OR(K27<_xlfn.QUARTILE.INC($K$10:$K$29,1)-1.5*(_xlfn.QUARTILE.INC($K$10:$K$29,3)-_xlfn.QUARTILE.INC($K$10:$K$29,1)),K27>_xlfn.QUARTILE.INC($K$10:$K$29,3)+1.5*(_xlfn.QUARTILE.INC($K$10:$K$29,3)-_xlfn.QUARTILE.INC($K$10:$K$29,1))),"Não","Sim"),"")
L28: =IF(ISNUMBER(K28),IF($L$32=$O$18,O28,IF($L$32=$P$18,P28,"")),"") | O28: =IF(ISNUMBER(K28),IF(OR(K28<_xlfn.QUARTILE.INC($K$10:$K$29,1)-1.5*(_xlfn.QUARTILE.INC($K$10:$K$29,3)-_xlfn.QUARTILE.INC($K$10:$K$29,1)),K28>_xlfn.QUARTILE.INC($K$10:$K$29,3)+1.5*(_xlfn.QUARTILE.INC($K$10:$K$29,3)-_xlfn.QUARTILE.INC($K$10:$K$29,1))),"Não","Sim"),"")
L29: =IF(ISNUMBER(K29),IF($L$32=$O$18,O29,IF($L$32=$P$18,P29,"")),"") | O29: =IF(ISNUMBER(K29),IF(OR(K29<_xlfn.QUARTILE.INC($K$10:$K$29,1)-1.5*(_xlfn.QUARTILE.INC($K$10:$K$29,3)-_xlfn.QUARTILE.INC($K$10:$K$29,1)),K29>_xlfn.QUARTILE.INC($K$10:$K$29,3)+1.5*(_xlfn.QUARTILE.INC($K$10:$K$29,3)-_xlfn.QUARTILE.INC($K$10:$K$29,1))),"Não","Sim"),"")
B30: Observações: | K30: Média: | L30: {=IF($L$32="","Selecione metodologia para exclusão de preços",AVERAGE(IF($L$10:$L$29="Sim",$K$10:$K$29)))} -> 9.63 | N30: Média (Cotações) | O30: {=IF(COUNTIF(O19:O29,"Sim")<3,"N/D (são necessários pelo menos 3 preços)",AVERAGE(IF(O19:O29="Sim",$K19:$K29)))} -> N/D (são necessários pelo menos 3 preços) | P30: {=IF(COUNTIF(P19:P29,"Sim")<3,"N/D (são necessários pelo menos 3 preços)",AVERAGE(IF(P19:P29="Sim",$K19:$K29)))} -> N/D (são necessários pelo menos 3 preços)
K31: Mediana: | L31: {=IF($L$32="","Selecione metodologia para exclusão de preços",MEDIAN(IF($L$10:$L$29="Sim",$K$10:$K$29)))} -> 9.63 | N31: Mediana (Cotações) | O31: {=IF(COUNTIF(O19:O29,"Sim")<3,"N/D (são necessários pelo menos 3 preços)",MEDIAN(IF(O19:O29="Sim",$K19:$K29)))} -> N/D (são necessários pelo menos 3 preços) | P31: {=IF(COUNTIF(P19:P29,"Sim")<3,"N/D (são necessários pelo menos 3 preços)",MEDIAN(IF(P19:P29="Sim",$K19:$K29)))} -> N/D (são necessários pelo menos 3 preços)
B32: Metodologia de exclusão de preços adotada: | L32: =IF(O35="",INDEX(O18:P18,MATCH(MIN(#REF!),#REF!,0)),O35) -> Outliers | N32: CV (Cotações) | O32: {=IF(COUNTIF(O19:O29,"Sim")<3,"N/D (são necessários pelo menos 3 preços)",_xlfn.STDEV.S(IF(O19:O29="Sim",$K19:$K29))/AVERAGE(IF(O19:O29="Sim",$K19:$K29)))} -> N/D (são necessários pelo menos 3 preços) | P32: {=IF(COUNTIF(P19:P29,"Sim")<3,"N/D (são necessários pelo menos 3 preços)",_xlfn.STDEV.S(IF(P19:P29="Sim",$K19:$K29))/AVERAGE(IF(P19:P29="Sim",$K19:$K29)))} -> N/D (são necessários pelo menos 3 preços)
N33: Média | O33: {=IF(SUM(COUNTIF($O$10:$O$16,"Sim")) + SUM(COUNTIF(O19:O29,"Sim")) < 3, "N/D (são necessários pelo menos 3 preços)", IFERROR(AVERAGE(_xlfn._xlws.FILTER($K$10:$K$16,$O$10:$O$16="Sim"), _xlfn._xlws.FILTER($K$19:$K$29,O19:O29="Sim")),O30))} -> N/D (são necessários pelo menos 3 preços) | P33: {=IF(SUM(COUNTIF($P$10:$P$16,"Sim")) + SUM(COUNTIF(P19:P29,"Sim")) < 3, "N/D (são necessários pelo menos 3 preços)", IFERROR(AVERAGE(_xlfn._xlws.FILTER($K$10:$K$16,$P$10:$P$16="Sim"), _xlfn._xlws.FILTER($K$19:$K$29,P19:P29="Sim")),P30))} -> N/D (são necessários pelo menos 3 preços)
N34: Mediana | O34: {=IF(SUM(COUNTIF($O$10:$O$16,"Sim")) + SUM(COUNTIF(O19:O29,"Sim")) < 3, "N/D (são necessários pelo menos 3 preços)", IFERROR(MEDIAN(_xlfn._xlws.FILTER($K$10:$K$16,$O$10:$O$16="Sim"), _xlfn._xlws.FILTER($K$19:$K$29,O19:O29="Sim")),O31))} -> N/D (são necessários pelo menos 3 preços) | P34: {=IF(SUM(COUNTIF($P10:$P$16,"Sim")) + SUM(COUNTIF(P19:P29,"Sim")) < 3, "N/D (são necessários pelo menos 3 preços)", IFERROR(MEDIAN(_xlfn._xlws.FILTER($K$10:$K$16,$P$10:$P$16="Sim"), _xlfn._xlws.FILTER($K$19:$K$29,P19:P29="Sim")),P31))} -> N/D (são necessários pelo menos 3 preços)
B35: COSOLIDAÇÃO DOS PREÇOS | N35: Metodologia a adotar: | O35: {=IF(INDEX(O18:P18,P35)=0,"",INDEX(O18:P18,P35))} -> Outliers | P35: 1
B37: PREÇO UNITÁRIO ESTIMADO ADOTADO: | L37: =IF($B$39="Mediana:",L31,L30) -> 9.63
A39: =O18 -> Outliers | B39: Média:
A40: =P18 -> Por critério do(a) analista

Sheet COT ORÇAMENTO AÇO LAMINADO (2)
B2: Processo | C2: 59500.003753/2025-45
B3: Responsável | C3: AG/GCT/UCT
B4: Área de Origem | C4: AG/GCT/UCT
B5: Data da pesquisa | C5: 46092
B7: ITEM: | I7: UNIDADE DE MEDIDA: | J7: KG | K7: QUANTIDADE: | L7: 320 | O7: Tabela auxiliar de metodologias para exclusão de preços
B8: LICITAÇÕES ANTERIORES | O8: Licitações Anteriores
B9: Órgão | C9: Edital/Ano - Nº do Lote / Item | D9: Quantidade | E9: Valor Unitário | F9: Data | G9: índice de atualização (nome) | H9: I0 | I9: If | J9: Variação acumulada do índice (%) | K9: Preço unitário atualizado | L9: Utilizar? (Sim/Não) | O9: Outliers | P9: Por critério do(a) analista
J10: =IF(ISBLANK(E10),"",IF(ISNUMBER(H10),(I10-H10)/H10,0)) | K10: =IF(ISBLANK(E10),"",E10*(1+J10)) | L10: =IF(ISNUMBER(K10),IF($L$32<>$P$9,O10,P10),"") | O10: =IF(ISNUMBER(K10),IF(OR(K10<_xlfn.QUARTILE.INC($K$10:$K$29,1)-1.5*(_xlfn.QUARTILE.INC($K$10:K29,3)-_xlfn.QUARTILE.INC($K$10:$K$29,1)),K10>_xlfn.QUARTILE.INC($K$10:$K$29,3)+1.5*(_xlfn.QUARTILE.INC($K$10:$K$29,3)-_xlfn.QUARTILE.INC($K$10:$K$29,1))),"Não","Sim"),"")
J11: =IF(ISBLANK(E11),"",IF(ISNUMBER(H11),(I11-H11)/H11,0)) | K11: =IF(ISBLANK(E11),"",E11*(1+J11)) | L11: =IF(ISNUMBER(K11),IF($L$32<>$P$9,O11,P11),"") | O11: =IF(ISNUMBER(K11),IF(OR(K11<_xlfn.QUARTILE.INC($K$10:$K$29,1)-1.5*(_xlfn.QUARTILE.INC($K$10:K29,3)-_xlfn.QUARTILE.INC($K$10:$K$29,1)),K11>_xlfn.QUARTILE.INC($K$10:$K$29,3)+1.5*(_xlfn.QUARTILE.INC($K$10:$K$29,3)-_xlfn.QUARTILE.INC($K$10:$K$29,1))),"Não","Sim"),"")
J12: =IF(ISBLANK(E12),"",IF(ISNUMBER(H12),(I12-H12)/H12,0)) | K12: =IF(ISBLANK(E12),"",E12*(1+J12)) | L12: =IF(ISNUMBER(K12),IF($L$32<>$P$9,O12,P12),"") | O12: =IF(ISNUMBER(K12),IF(OR(K12<_xlfn.QUARTILE.INC($K$10:$K$29,1)-1.5*(_xlfn.QUARTILE.INC($K$10:K30,3)-_xlfn.QUARTILE.INC($K$10:$K$29,1)),K12>_xlfn.QUARTILE.INC($K$10:$K$29,3)+1.5*(_xlfn.QUARTILE.INC($K$10:$K$29,3)-_xlfn.QUARTILE.INC($K$10:$K$29,1))),"Não","Sim"),"")
J13: =IF(ISBLANK(E13),"",IF(ISNUMBER(H13),(I13-H13)/H13,0)) | K13: =IF(ISBLANK(E13),"",E13*(1+J13)) | L13: =IF(ISNUMBER(K13),IF($L$32<>$P$9,O13,P13),"") | O13: =IF(ISNUMBER(K13),IF(OR(K13<_xlfn.QUARTILE.INC($K$10:$K$29,1)-1.5*(_xlfn.QUARTILE.INC($K$10:K31,3)-_xlfn.QUARTILE.INC($K$10:$K$29,1)),K13>_xlfn.QUARTILE.INC($K$10:$K$29,3)+1.5*(_xlfn.QUARTILE.INC($K$10:$K$29,3)-_xlfn.QUARTILE.INC($K$10:$K$29,1))),"Não","Sim"),"")
J14: =IF(ISBLANK(E14),"",IF(ISNUMBER(H14),(I14-H14)/H14,0)) | K14: =IF(ISBLANK(E14),"",E14*(1+J14)) | L14: =IF(ISNUMBER(K14),IF($L$32<>$P$9,O14,P14),"") | O14: =IF(ISNUMBER(K14),IF(OR(K14<_xlfn.QUARTILE.INC($K$10:$K$29,1)-1.5*(_xlfn.QUARTILE.INC($K$10:K32,3)-_xlfn.QUARTILE.INC($K$10:$K$29,1)),K14>_xlfn.QUARTILE.INC($K$10:$K$29,3)+1.5*(_xlfn.QUARTILE.INC($K$10:$K$29,3)-_xlfn.QUARTILE.INC($K$10:$K$29,1))),"Não","Sim"),"")
J15: =IF(ISBLANK(E15),"",IF(ISNUMBER(H15),(I15-H15)/H15,0)) | K15: =IF(ISBLANK(E15),"",E15*(1+J15)) | L15: =IF(ISNUMBER(K15),IF($L$32<>$P$9,O15,P15),"") | O15: =IF(ISNUMBER(K15),IF(OR(K15<_xlfn.QUARTILE.INC($K$10:$K$29,1)-1.5*(_xlfn.QUARTILE.INC($K$10:K35,3)-_xlfn.QUARTILE.INC($K$10:$K$29,1)),K15>_xlfn.QUARTILE.INC($K$10:$K$29,3)+1.5*(_xlfn.QUARTILE.INC($K$10:$K$29,3)-_xlfn.QUARTILE.INC($K$10:$K$29,1))),"Não","Sim"),"")
J16: =IF(ISBLANK(E16),"",IF(ISNUMBER(H16),(I16-H16)/H16,0)) | K16: =IF(ISBLANK(E16),"",E16*(1+J16)) | L16: =IF(ISNUMBER(K16),IF($L$32<>$P$9,O16,P16),"") | O16: =IF(ISNUMBER(K16),IF(OR(K16<_xlfn.QUARTILE.INC($K$10:$K$29,1)-1.5*(_xlfn.QUARTILE.INC($I$10:I37,3)-_xlfn.QUARTILE.INC($K$10:$K$29,1)),K16>_xlfn.QUARTILE.INC($K$10:$K$29,3)+1.5*(_xlfn.QUARTILE.INC($K$10:$K$29,3)-_xlfn.QUARTILE.INC($K$10:$K$29,1))),"Não","Sim"),"")
B17: COTAÇÕES DE MERCADO | O17: Cotações
B18: Empresa | J18: Data | K18: Preço Unitário | L18: Utilizar? (Sim/Não) | O18: Outliers | P18: Por critério do(a) analista
B19: ARCELLORMITTAL - VIGAS METÁLICAS 200 X 19,3 E 150 X 24 | J19: 46093 | K19: 9.55 | L19: =IF(ISNUMBER(K19),IF($L$32=$O$18,O19,IF($L$32=$P$18,P19,"")),"") -> Sim | O19: =IF(ISNUMBER(K19),IF(OR(K19<_xlfn.QUARTILE.INC($K$10:$K$29,1)-1.5*(_xlfn.QUARTILE.INC($K$10:$K$29,3)-_xlfn.QUARTILE.INC($K$10:$K$29,1)),K19>_xlfn.QUARTILE.INC($K$10:$K$29,3)+1.5*(_xlfn.QUARTILE.INC($K$10:$K$29,3)-_xlfn.QUARTILE.INC($K$10:$K$29,1))),"Não","Sim"),"") -> Sim
B20: GERDAU - VIGAS METÁLICAS 200 X 19,3 E 150 X 24 | J20: 46092 | K20: 9.24 | L20: =IF(ISNUMBER(K20),IF($L$32=$O$18,O20,IF($L$32=$P$18,P20,"")),"") -> Sim | O20: =IF(ISNUMBER(K20),IF(OR(K20<_xlfn.QUARTILE.INC($K$10:$K$29,1)-1.5*(_xlfn.QUARTILE.INC($K$10:$K$29,3)-_xlfn.QUARTILE.INC($K$10:$K$29,1)),K20>_xlfn.QUARTILE.INC($K$10:$K$29,3)+1.5*(_xlfn.QUARTILE.INC($K$10:$K$29,3)-_xlfn.QUARTILE.INC($K$10:$K$29,1))),"Não","Sim"),"") -> Sim
L21: =IF(ISNUMBER(K21),IF($L$32=$O$18,O21,IF($L$32=$P$18,P21,"")),"") | O21: =IF(ISNUMBER(K21),IF(OR(K21<_xlfn.QUARTILE.INC($K$10:$K$29,1)-1.5*(_xlfn.QUARTILE.INC($K$10:$K$29,3)-_xlfn.QUARTILE.INC($K$10:$K$29,1)),K21>_xlfn.QUARTILE.INC($K$10:$K$29,3)+1.5*(_xlfn.QUARTILE.INC($K$10:$K$29,3)-_xlfn.QUARTILE.INC($K$10:$K$29,1))),"Não","Sim"),"")
L22: =IF(ISNUMBER(K22),IF($L$32=$O$18,O22,IF($L$32=$P$18,P22,"")),"") | O22: =IF(ISNUMBER(K22),IF(OR(K22<_xlfn.QUARTILE.INC($K$10:$K$29,1)-1.5*(_xlfn.QUARTILE.INC($K$10:$K$29,3)-_xlfn.QUARTILE.INC($K$10:$K$29,1)),K22>_xlfn.QUARTILE.INC($K$10:$K$29,3)+1.5*(_xlfn.QUARTILE.INC($K$10:$K$29,3)-_xlfn.QUARTILE.INC($K$10:$K$29,1))),"Não","Sim"),"")
L23: =IF(ISNUMBER(K23),IF($L$32=$O$18,O23,IF($L$32=$P$18,P23,"")),"") | O23: =IF(ISNUMBER(K23),IF(OR(K23<_xlfn.QUARTILE.INC($K$10:$K$29,1)-1.5*(_xlfn.QUARTILE.INC($K$10:$K$29,3)-_xlfn.QUARTILE.INC($K$10:$K$29,1)),K23>_xlfn.QUARTILE.INC($K$10:$K$29,3)+1.5*(_xlfn.QUARTILE.INC($K$10:$K$29,3)-_xlfn.QUARTILE.INC($K$10:$K$29,1))),"Não","Sim"),"")
L24: =IF(ISNUMBER(K24),IF($L$32=$O$18,O24,IF($L$32=$P$18,P24,"")),"") | O24: =IF(ISNUMBER(K24),IF(OR(K24<_xlfn.QUARTILE.INC($K$10:$K$29,1)-1.5*(_xlfn.QUARTILE.INC($K$10:$K$29,3)-_xlfn.QUARTILE.INC($K$10:$K$29,1)),K24>_xlfn.QUARTILE.INC($K$10:$K$29,3)+1.5*(_xlfn.QUARTILE.INC($K$10:$K$29,3)-_xlfn.QUARTILE.INC($K$10:$K$29,1))),"Não","Sim"),"")
L25: =IF(ISNUMBER(K25),IF($L$32=$O$18,O25,IF($L$32=$P$18,P25,"")),"") | O25: =IF(ISNUMBER(K25),IF(OR(K25<_xlfn.QUARTILE.INC($K$10:$K$29,1)-1.5*(_xlfn.QUARTILE.INC($K$10:$K$29,3)-_xlfn.QUARTILE.INC($K$10:$K$29,1)),K25>_xlfn.QUARTILE.INC($K$10:$K$29,3)+1.5*(_xlfn.QUARTILE.INC($K$10:$K$29,3)-_xlfn.QUARTILE.INC($K$10:$K$29,1))),"Não","Sim"),"")
L26: =IF(ISNUMBER(K26),IF($L$32=$O$18,O26,IF($L$32=$P$18,P26,"")),"") | O26: =IF(ISNUMBER(K26),IF(OR(K26<_xlfn.QUARTILE.INC($K$10:$K$29,1)-1.5*(_xlfn.QUARTILE.INC($K$10:$K$29,3)-_xlfn.QUARTILE.INC($K$10:$K$29,1)),K26>_xlfn.QUARTILE.INC($K$10:$K$29,3)+1.5*(_xlfn.QUARTILE.INC($K$10:$K$29,3)-_xlfn.QUARTILE.INC($K$10:$K$29,1))),"Não","Sim"),"")
L27: =IF(ISNUMBER(K27),IF($L$32=$O$18,O27,IF($L$32=$P$18,P27,"")),"") | O27: =IF(ISNUMBER(K27),IF(OR(K27<_xlfn.QUARTILE.INC($K$10:$K$29,1)-1.5*(_xlfn.QUARTILE.INC($K$10:$K$29,3)-_xlfn.QUARTILE.INC($K$10:$K$29,1)),K27>_xlfn.QUARTILE.INC($K$10:$K$29,3)+1.5*(_xlfn.QUARTILE.INC($K$10:$K$29,3)-_xlfn.QUARTILE.INC($K$10:$K$29,1))),"Não","Sim"),"")
L28: =IF(ISNUMBER(K28),IF($L$32=$O$18,O28,IF($L$32=$P$18,P28,"")),"") | O28: =IF(ISNUMBER(K28),IF(OR(K28<_xlfn.QUARTILE.INC($K$10:$K$29,1)-1.5*(_xlfn.QUARTILE.INC($K$10:$K$29,3)-_xlfn.QUARTILE.INC($K$10:$K$29,1)),K28>_xlfn.QUARTILE.INC($K$10:$K$29,3)+1.5*(_xlfn.QUARTILE.INC($K$10:$K$29,3)-_xlfn.QUARTILE.INC($K$10:$K$29,1))),"Não","Sim"),"")
L29: =IF(ISNUMBER(K29),IF($L$32=$O$18,O29,IF($L$32=$P$18,P29,"")),"") | O29: =IF(ISNUMBER(K29),IF(OR(K29<_xlfn.QUARTILE.INC($K$10:$K$29,1)-1.5*(_xlfn.QUARTILE.INC($K$10:$K$29,3)-_xlfn.QUARTILE.INC($K$10:$K$29,1)),K29>_xlfn.QUARTILE.INC($K$10:$K$29,3)+1.5*(_xlfn.QUARTILE.INC($K$10:$K$29,3)-_xlfn.QUARTILE.INC($K$10:$K$29,1))),"Não","Sim"),"")
B30: Observações: | K30: Média: | L30: {=IF($L$32="","Selecione metodologia para exclusão de preços",AVERAGE(IF($L$10:$L$29="Sim",$K$10:$K$29)))} -> 9.395 | N30: Média (Cotações) | O30: {=IF(COUNTIF(O19:O29,"Sim")<3,"N/D (são necessários pelo menos 3 preços)",AVERAGE(IF(O19:O29="Sim",$K19:$K29)))} -> N/D (são necessários pelo menos 3 preços) | P30: {=IF(COUNTIF(P19:P29,"Sim")<3,"N/D (são necessários pelo menos 3 preços)",AVERAGE(IF(P19:P29="Sim",$K19:$K29)))} -> N/D (são necessários pelo menos 3 preços)
K31: Mediana: | L31: {=IF($L$32="","Selecione metodologia para exclusão de preços",MEDIAN(IF($L$10:$L$29="Sim",$K$10:$K$29)))} -> 9.395 | N31: Mediana (Cotações) | O31: {=IF(COUNTIF(O19:O29,"Sim")<3,"N/D (são necessários pelo menos 3 preços)",MEDIAN(IF(O19:O29="Sim",$K19:$K29)))} -> N/D (são necessários pelo menos 3 preços) | P31: {=IF(COUNTIF(P19:P29,"Sim")<3,"N/D (são necessários pelo menos 3 preços)",MEDIAN(IF(P19:P29="Sim",$K19:$K29)))} -> N/D (são necessários pelo menos 3 preços)
B32: Metodologia de exclusão de preços adotada: | L32: =IF(O35="",INDEX(O18:P18,MATCH(MIN(#REF!),#REF!,0)),O35) -> Outliers | N32: CV (Cotações) | O32: {=IF(COUNTIF(O19:O29,"Sim")<3,"N/D (são necessários pelo menos 3 preços)",_xlfn.STDEV.S(IF(O19:O29="Sim",$K19:$K29))/AVERAGE(IF(O19:O29="Sim",$K19:$K29)))} -> N/D (são necessários pelo menos 3 preços) | P32: {=IF(COUNTIF(P19:P29,"Sim")<3,"N/D (são necessários pelo menos 3 preços)",_xlfn.STDEV.S(IF(P19:P29="Sim",$K19:$K29))/AVERAGE(IF(P19:P29="Sim",$K19:$K29)))} -> N/D (são necessários pelo menos 3 preços)
N33: Média | O33: {=IF(SUM(COUNTIF($O$10:$O$16,"Sim")) + SUM(COUNTIF(O19:O29,"Sim")) < 3, "N/D (são necessários pelo menos 3 preços)", IFERROR(AVERAGE(_xlfn._xlws.FILTER($K$10:$K$16,$O$10:$O$16="Sim"), _xlfn._xlws.FILTER($K$19:$K$29,O19:O29="Sim")),O30))} -> N/D (são necessários pelo menos 3 preços) | P33: {=IF(SUM(COUNTIF($P$10:$P$16,"Sim")) + SUM(COUNTIF(P19:P29,"Sim")) < 3, "N/D (são necessários pelo menos 3 preços)", IFERROR(AVERAGE(_xlfn._xlws.FILTER($K$10:$K$16,$P$10:$P$16="Sim"), _xlfn._xlws.FILTER($K$19:$K$29,P19:P29="Sim")),P30))} -> N/D (são necessários pelo menos 3 preços)
N34: Mediana | O34: {=IF(SUM(COUNTIF($O$10:$O$16,"Sim")) + SUM(COUNTIF(O19:O29,"Sim")) < 3, "N/D (são necessários pelo menos 3 preços)", IFERROR(MEDIAN(_xlfn._xlws.FILTER($K$10:$K$16,$O$10:$O$16="Sim"), _xlfn._xlws.FILTER($K$19:$K$29,O19:O29="Sim")),O31))} -> N/D (são necessários pelo menos 3 preços) | P34: {=IF(SUM(COUNTIF($P10:$P$16,"Sim")) + SUM(COUNTIF(P19:P29,"Sim")) < 3, "N/D (são necessários pelo menos 3 preços)", IFERROR(MEDIAN(_xlfn._xlws.FILTER($K$10:$K$16,$P$10:$P$16="Sim"), _xlfn._xlws.FILTER($K$19:$K$29,P19:P29="Sim")),P31))} -> N/D (são necessários pelo menos 3 preços)
B35: COSOLIDAÇÃO DOS PREÇOS | N35: Metodologia a adotar: | O35: {=IF(INDEX(O18:P18,P35)=0,"",INDEX(O18:P18,P35))} -> Outliers | P35: 1
B37: PREÇO UNITÁRIO ESTIMADO ADOTADO: | L37: =IF($B$39="Mediana:",L31,L30) -> 9.395
A39: =O18 -> Outliers | B39: Média:
A40: =P18 -> Por critério do(a) analista

Sheet COT ELETROCALHA 50X50
B2: Processo | C2: 59500.003753/2025-45
B3: Responsável | C3: AG/GCT/UCT
B4: Área de Origem | C4: AG/GCT/UCT
B5: Data da pesquisa | C5: 46092
B7: ITEM: | C7: ELETROCALHA 50X50 | I7: UNIDADE DE MEDIDA: | J7: m | K7: QUANTIDADE: | L7: 585 | O7: Tabela auxiliar de metodologias para exclusão de preços
B8: LICITAÇÕES ANTERIORES | O8: Licitações Anteriores
B9: Órgão | C9: Edital/Ano - Nº do Lote / Item | D9: Quantidade | E9: Valor Unitário | F9: Data | G9: índice de atualização (nome) | H9: I0 | I9: If | J9: Variação acumulada do índice (%) | K9: Preço unitário atualizado | L9: Utilizar? (Sim/Não) | O9: Outliers | P9: Por critério do(a) analista
J10: =IF(ISBLANK(E10),"",IF(ISNUMBER(H10),(I10-H10)/H10,0)) | K10: =IF(ISBLANK(E10),"",E10*(1+J10)) | L10: =IF(ISNUMBER(K10),IF($L$32<>$P$9,O10,P10),"") | O10: =IF(ISNUMBER(K10),IF(OR(K10<_xlfn.QUARTILE.INC($K$10:$K$29,1)-1.5*(_xlfn.QUARTILE.INC($K$10:K29,3)-_xlfn.QUARTILE.INC($K$10:$K$29,1)),K10>_xlfn.QUARTILE.INC($K$10:$K$29,3)+1.5*(_xlfn.QUARTILE.INC($K$10:$K$29,3)-_xlfn.QUARTILE.INC($K$10:$K$29,1))),"Não","Sim"),"")
J11: =IF(ISBLANK(E11),"",IF(ISNUMBER(H11),(I11-H11)/H11,0)) | K11: =IF(ISBLANK(E11),"",E11*(1+J11)) | L11: =IF(ISNUMBER(K11),IF($L$32<>$P$9,O11,P11),"") | O11: =IF(ISNUMBER(K11),IF(OR(K11<_xlfn.QUARTILE.INC($K$10:$K$29,1)-1.5*(_xlfn.QUARTILE.INC($K$10:K29,3)-_xlfn.QUARTILE.INC($K$10:$K$29,1)),K11>_xlfn.QUARTILE.INC($K$10:$K$29,3)+1.5*(_xlfn.QUARTILE.INC($K$10:$K$29,3)-_xlfn.QUARTILE.INC($K$10:$K$29,1))),"Não","Sim"),"")
J12: =IF(ISBLANK(E12),"",IF(ISNUMBER(H12),(I12-H12)/H12,0)) | K12: =IF(ISBLANK(E12),"",E12*(1+J12)) | L12: =IF(ISNUMBER(K12),IF($L$32<>$P$9,O12,P12),"") | O12: =IF(ISNUMBER(K12),IF(OR(K12<_xlfn.QUARTILE.INC($K$10:$K$29,1)-1.5*(_xlfn.QUARTILE.INC($K$10:K30,3)-_xlfn.QUARTILE.INC($K$10:$K$29,1)),K12>_xlfn.QUARTILE.INC($K$10:$K$29,3)+1.5*(_xlfn.QUARTILE.INC($K$10:$K$29,3)-_xlfn.QUARTILE.INC($K$10:$K$29,1))),"Não","Sim"),"")
J13: =IF(ISBLANK(E13),"",IF(ISNUMBER(H13),(I13-H13)/H13,0)) | K13: =IF(ISBLANK(E13),"",E13*(1+J13)) | L13: =IF(ISNUMBER(K13),IF($L$32<>$P$9,O13,P13),"") | O13: =IF(ISNUMBER(K13),IF(OR(K13<_xlfn.QUARTILE.INC($K$10:$K$29,1)-1.5*(_xlfn.QUARTILE.INC($K$10:K31,3)-_xlfn.QUARTILE.INC($K$10:$K$29,1)),K13>_xlfn.QUARTILE.INC($K$10:$K$29,3)+1.5*(_xlfn.QUARTILE.INC($K$10:$K$29,3)-_xlfn.QUARTILE.INC($K$10:$K$29,1))),"Não","Sim"),"")
J14: =IF(ISBLANK(E14),"",IF(ISNUMBER(H14),(I14-H14)/H14,0)) | K14: =IF(ISBLANK(E14),"",E14*(1+J14)) | L14: =IF(ISNUMBER(K14),IF($L$32<>$P$9,O14,P14),"") | O14: =IF(ISNUMBER(K14),IF(OR(K14<_xlfn.QUARTILE.INC($K$10:$K$29,1)-1.5*(_xlfn.QUARTILE.INC($K$10:K32,3)-_xlfn.QUARTILE.INC($K$10:$K$29,1)),K14>_xlfn.QUARTILE.INC($K$10:$K$29,3)+1.5*(_xlfn.QUARTILE.INC($K$10:$K$29,3)-_xlfn.QUARTILE.INC($K$10:$K$29,1))),"Não","Sim"),"")
J15: =IF(ISBLANK(E15),"",IF(ISNUMBER(H15),(I15-H15)/H15,0)) | K15: =IF(ISBLANK(E15),"",E15*(1+J15)) | L15: =IF(ISNUMBER(K15),IF($L$32<>$P$9,O15,P15),"") | O15: =IF(ISNUMBER(K15),IF(OR(K15<_xlfn.QUARTILE.INC($K$10:$K$29,1)-1.5*(_xlfn.QUARTILE.INC($K$10:K35,3)-_xlfn.QUARTILE.INC($K$10:$K$29,1)),K15>_xlfn.QUARTILE.INC($K$10:$K$29,3)+1.5*(_xlfn.QUARTILE.INC($K$10:$K$29,3)-_xlfn.QUARTILE.INC($K$10:$K$29,1))),"Não","Sim"),"")
J16: =IF(ISBLANK(E16),"",IF(ISNUMBER(H16),(I16-H16)/H16,0)) | K16: =IF(ISBLANK(E16),"",E16*(1+J16)) | L16: =IF(ISNUMBER(K16),IF($L$32<>$P$9,O16,P16),"") | O16: =IF(ISNUMBER(K16),IF(OR(K16<_xlfn.QUARTILE.INC($K$10:$K$29,1)-1.5*(_xlfn.QUARTILE.INC($I$10:I37,3)-_xlfn.QUARTILE.INC($K$10:$K$29,1)),K16>_xlfn.QUARTILE.INC($K$10:$K$29,3)+1.5*(_xlfn.QUARTILE.INC($K$10:$K$29,3)-_xlfn.QUARTILE.INC($K$10:$K$29,1))),"Não","Sim"),"")
B17: COTAÇÕES DE MERCADO | O17: Cotações
B18: Empresa | J18: Data | K18: Preço Unitário | L18: Utilizar? (Sim/Não) | O18: Outliers | P18: Por critério do(a) analista
B19: https://www.madeiramadeira.com.br/eletrocalha-perfurada-tipo-u-50x50x3000mm-24-cor-preta-seb-brasil-108913682.html?origem=pla-108913682&utm_source=google&utm_medium=cpc&utm_content=inversor-de-frequencia-4175&utm_term=&utm_id=22811606548&gad_source=1&gad_campaignid=22811606548&gbraid=0AAAAADr4g_GS9tXlNUb9AAG_kX-j7q6GS&gclid=CjwKCAjwyMnNBhBNEiwA-Kcgu2W-hVqDzM4wGio5-M1vRdJhxpgTOccsaid7Ow5YiH0Roa2wRQ66GRoCfBMQAvD_BwE | J19: 46093 | K19: =16039.62/(195*3) -> 27.418154 | L19: =IF(ISNUMBER(K19),IF($L$32=$O$18,O19,IF($L$32=$P$18,P19,"")),"") -> Sim | O19: =IF(ISNUMBER(K19),IF(OR(K19<_xlfn.QUARTILE.INC($K$10:$K$29,1)-1.5*(_xlfn.QUARTILE.INC($K$10:$K$29,3)-_xlfn.QUARTILE.INC($K$10:$K$29,1)),K19>_xlfn.QUARTILE.INC($K$10:$K$29,3)+1.5*(_xlfn.QUARTILE.INC($K$10:$K$29,3)-_xlfn.QUARTILE.INC($K$10:$K$29,1))),"Não","Sim"),"") -> Sim
B20: https://www.dimensional.com.br/eletrocalha-perfurada-sem-virola-100mm-50mm-3000mm-ch22-msg-pre-galvanizado-0-dispan/p?idsku=100945&gad_source=1&gad_campaignid=22665017757&gbraid=0AAAAADgOTvupuTrzPiEQ0DnMGEWo8nJbi&gclid=CjwKCAjwyMnNBhBNEiwA-Kcgu9NV-wTVFPKDBed4NO6ekoHKei0eWvWKzBG5db_HyF7LdiiZoiJXTxoCXNcQAvD_BwE | J20: 46093 | K20: =((9553.05)/(195*3)) -> 16.33 | L20: =IF(ISNUMBER(K20),IF($L$32=$O$18,O20,IF($L$32=$P$18,P20,"")),"") -> Sim | O20: =IF(ISNUMBER(K20),IF(OR(K20<_xlfn.QUARTILE.INC($K$10:$K$29,1)-1.5*(_xlfn.QUARTILE.INC($K$10:$K$29,3)-_xlfn.QUARTILE.INC($K$10:$K$29,1)),K20>_xlfn.QUARTILE.INC($K$10:$K$29,3)+1.5*(_xlfn.QUARTILE.INC($K$10:$K$29,3)-_xlfn.QUARTILE.INC($K$10:$K$29,1))),"Não","Sim"),"") -> Sim
B21: https://www.leroymerlin.com.br/eletrocalhaperfuradatipou50x50x3000mmnum24aco-zincado-seb-brasil_1570422336?region=outros&gad_source=1&gad_campaignid=23037770349&gbraid=0AAAAADkzLZ4p60B4hyxZOoXF4KHrkG6ED&gclid=CjwKCAjwyMnNBhBNEiwA-Kcgu3GIhPD_RXbNYfm5E92t85r6i4Ng6o08Ogr6fKz1q2NpLNga_RX4vhoCeWkQAvD_BwE | J21: 46093 | K21: =10905.3/(195*3) -> 18.641538 | L21: =IF(ISNUMBER(K21),IF($L$32=$O$18,O21,IF($L$32=$P$18,P21,"")),"") -> Sim | O21: =IF(ISNUMBER(K21),IF(OR(K21<_xlfn.QUARTILE.INC($K$10:$K$29,1)-1.5*(_xlfn.QUARTILE.INC($K$10:$K$29,3)-_xlfn.QUARTILE.INC($K$10:$K$29,1)),K21>_xlfn.QUARTILE.INC($K$10:$K$29,3)+1.5*(_xlfn.QUARTILE.INC($K$10:$K$29,3)-_xlfn.QUARTILE.INC($K$10:$K$29,1))),"Não","Sim"),"") -> Sim
L22: =IF(ISNUMBER(K22),IF($L$32=$O$18,O22,IF($L$32=$P$18,P22,"")),"") | O22: =IF(ISNUMBER(K22),IF(OR(K22<_xlfn.QUARTILE.INC($K$10:$K$29,1)-1.5*(_xlfn.QUARTILE.INC($K$10:$K$29,3)-_xlfn.QUARTILE.INC($K$10:$K$29,1)),K22>_xlfn.QUARTILE.INC($K$10:$K$29,3)+1.5*(_xlfn.QUARTILE.INC($K$10:$K$29,3)-_xlfn.QUARTILE.INC($K$10:$K$29,1))),"Não","Sim"),"")
L23: =IF(ISNUMBER(K23),IF($L$32=$O$18,O23,IF($L$32=$P$18,P23,"")),"") | O23: =IF(ISNUMBER(K23),IF(OR(K23<_xlfn.QUARTILE.INC($K$10:$K$29,1)-1.5*(_xlfn.QUARTILE.INC($K$10:$K$29,3)-_xlfn.QUARTILE.INC($K$10:$K$29,1)),K23>_xlfn.QUARTILE.INC($K$10:$K$29,3)+1.5*(_xlfn.QUARTILE.INC($K$10:$K$29,3)-_xlfn.QUARTILE.INC($K$10:$K$29,1))),"Não","Sim"),"")
L24: =IF(ISNUMBER(K24),IF($L$32=$O$18,O24,IF($L$32=$P$18,P24,"")),"") | O24: =IF(ISNUMBER(K24),IF(OR(K24<_xlfn.QUARTILE.INC($K$10:$K$29,1)-1.5*(_xlfn.QUARTILE.INC($K$10:$K$29,3)-_xlfn.QUARTILE.INC($K$10:$K$29,1)),K24>_xlfn.QUARTILE.INC($K$10:$K$29,3)+1.5*(_xlfn.QUARTILE.INC($K$10:$K$29,3)-_xlfn.QUARTILE.INC($K$10:$K$29,1))),"Não","Sim"),"")
L25: =IF(ISNUMBER(K25),IF($L$32=$O$18,O25,IF($L$32=$P$18,P25,"")),"") | O25: =IF(ISNUMBER(K25),IF(OR(K25<_xlfn.QUARTILE.INC($K$10:$K$29,1)-1.5*(_xlfn.QUARTILE.INC($K$10:$K$29,3)-_xlfn.QUARTILE.INC($K$10:$K$29,1)),K25>_xlfn.QUARTILE.INC($K$10:$K$29,3)+1.5*(_xlfn.QUARTILE.INC($K$10:$K$29,3)-_xlfn.QUARTILE.INC($K$10:$K$29,1))),"Não","Sim"),"")
L26: =IF(ISNUMBER(K26),IF($L$32=$O$18,O26,IF($L$32=$P$18,P26,"")),"") | O26: =IF(ISNUMBER(K26),IF(OR(K26<_xlfn.QUARTILE.INC($K$10:$K$29,1)-1.5*(_xlfn.QUARTILE.INC($K$10:$K$29,3)-_xlfn.QUARTILE.INC($K$10:$K$29,1)),K26>_xlfn.QUARTILE.INC($K$10:$K$29,3)+1.5*(_xlfn.QUARTILE.INC($K$10:$K$29,3)-_xlfn.QUARTILE.INC($K$10:$K$29,1))),"Não","Sim"),"")
L27: =IF(ISNUMBER(K27),IF($L$32=$O$18,O27,IF($L$32=$P$18,P27,"")),"") | O27: =IF(ISNUMBER(K27),IF(OR(K27<_xlfn.QUARTILE.INC($K$10:$K$29,1)-1.5*(_xlfn.QUARTILE.INC($K$10:$K$29,3)-_xlfn.QUARTILE.INC($K$10:$K$29,1)),K27>_xlfn.QUARTILE.INC($K$10:$K$29,3)+1.5*(_xlfn.QUARTILE.INC($K$10:$K$29,3)-_xlfn.QUARTILE.INC($K$10:$K$29,1))),"Não","Sim"),"")
L28: =IF(ISNUMBER(K28),IF($L$32=$O$18,O28,IF($L$32=$P$18,P28,"")),"") | O28: =IF(ISNUMBER(K28),IF(OR(K28<_xlfn.QUARTILE.INC($K$10:$K$29,1)-1.5*(_xlfn.QUARTILE.INC($K$10:$K$29,3)-_xlfn.QUARTILE.INC($K$10:$K$29,1)),K28>_xlfn.QUARTILE.INC($K$10:$K$29,3)+1.5*(_xlfn.QUARTILE.INC($K$10:$K$29,3)-_xlfn.QUARTILE.INC($K$10:$K$29,1))),"Não","Sim"),"")
L29: =IF(ISNUMBER(K29),IF($L$32=$O$18,O29,IF($L$32=$P$18,P29,"")),"") | O29: =IF(ISNUMBER(K29),IF(OR(K29<_xlfn.QUARTILE.INC($K$10:$K$29,1)-1.5*(_xlfn.QUARTILE.INC($K$10:$K$29,3)-_xlfn.QUARTILE.INC($K$10:$K$29,1)),K29>_xlfn.QUARTILE.INC($K$10:$K$29,3)+1.5*(_xlfn.QUARTILE.INC($K$10:$K$29,3)-_xlfn.QUARTILE.INC($K$10:$K$29,1))),"Não","Sim"),"")
B30: Observações: | K30: Média: | L30: {=IF($L$32="","Selecione metodologia para exclusão de preços",AVERAGE(IF($L$10:$L$29="Sim",$K$10:$K$29)))} -> 20.796564 | N30: Média (Cotações) | O30: {=IF(COUNTIF(O19:O29,"Sim")<3,"N/D (são necessários pelo menos 3 preços)",AVERAGE(IF(O19:O29="Sim",$K19:$K29)))} -> 20.796564 | P30: {=IF(COUNTIF(P19:P29,"Sim")<3,"N/D (são necessários pelo menos 3 preços)",AVERAGE(IF(P19:P29="Sim",$K19:$K29)))} -> N/D (são necessários pelo menos 3 preços)
K31: Mediana: | L31: {=IF($L$32="","Selecione metodologia para exclusão de preços",MEDIAN(IF($L$10:$L$29="Sim",$K$10:$K$29)))} -> 18.641538 | N31: Mediana (Cotações) | O31: {=IF(COUNTIF(O19:O29,"Sim")<3,"N/D (são necessários pelo menos 3 preços)",MEDIAN(IF(O19:O29="Sim",$K19:$K29)))} -> 18.641538 | P31: {=IF(COUNTIF(P19:P29,"Sim")<3,"N/D (são necessários pelo menos 3 preços)",MEDIAN(IF(P19:P29="Sim",$K19:$K29)))} -> N/D (são necessários pelo menos 3 preços)
B32: Metodologia de exclusão de preços adotada: | L32: =IF(O35="",INDEX(O18:P18,MATCH(MIN(#REF!),#REF!,0)),O35) -> Outliers | N32: CV (Cotações) | O32: {=IF(COUNTIF(O19:O29,"Sim")<3,"N/D (são necessários pelo menos 3 preços)",_xlfn.STDEV.S(IF(O19:O29="Sim",$K19:$K29))/AVERAGE(IF(O19:O29="Sim",$K19:$K29)))} -> 0.28128574 | P32: {=IF(COUNTIF(P19:P29,"Sim")<3,"N/D (são necessários pelo menos 3 preços)",_xlfn.STDEV.S(IF(P19:P29="Sim",$K19:$K29))/AVERAGE(IF(P19:P29="Sim",$K19:$K29)))} -> N/D (são necessários pelo menos 3 preços)
N33: Média | O33: {=IF(SUM(COUNTIF($O$10:$O$16,"Sim")) + SUM(COUNTIF(O19:O29,"Sim")) < 3, "N/D (são necessários pelo menos 3 preços)", IFERROR(AVERAGE(_xlfn._xlws.FILTER($K$10:$K$16,$O$10:$O$16="Sim"), _xlfn._xlws.FILTER($K$19:$K$29,O19:O29="Sim")),O30))} -> 20.796564 | P33: {=IF(SUM(COUNTIF($P$10:$P$16,"Sim")) + SUM(COUNTIF(P19:P29,"Sim")) < 3, "N/D (são necessários pelo menos 3 preços)", IFERROR(AVERAGE(_xlfn._xlws.FILTER($K$10:$K$16,$P$10:$P$16="Sim"), _xlfn._xlws.FILTER($K$19:$K$29,P19:P29="Sim")),P30))} -> N/D (são necessários pelo menos 3 preços)
N34: Mediana | O34: {=IF(SUM(COUNTIF($O$10:$O$16,"Sim")) + SUM(COUNTIF(O19:O29,"Sim")) < 3, "N/D (são necessários pelo menos 3 preços)", IFERROR(MEDIAN(_xlfn._xlws.FILTER($K$10:$K$16,$O$10:$O$16="Sim"), _xlfn._xlws.FILTER($K$19:$K$29,O19:O29="Sim")),O31))} -> 18.641538 | P34: {=IF(SUM(COUNTIF($P10:$P$16,"Sim")) + SUM(COUNTIF(P19:P29,"Sim")) < 3, "N/D (são necessários pelo menos 3 preços)", IFERROR(MEDIAN(_xlfn._xlws.FILTER($K$10:$K$16,$P$10:$P$16="Sim"), _xlfn._xlws.FILTER($K$19:$K$29,P19:P29="Sim")),P31))} -> N/D (são necessários pelo menos 3 preços)
B35: COSOLIDAÇÃO DOS PREÇOS | N35: Metodologia a adotar: | O35: {=IF(INDEX(O18:P18,P35)=0,"",INDEX(O18:P18,P35))} -> Outliers | P35: 1
B37: PREÇO UNITÁRIO ESTIMADO ADOTADO: | L37: =IF($B$39="Mediana:",L31,L30) -> 18.641538
A39: =O18 -> Outliers | B39: Mediana:
A40: =P18 -> Por critério do(a) analista
B41: OBS > A UNIDADE DA ELETROCALHA VEM COM 3 METROS -> PARA O PREÇO POR METRO É NECESSARIO DIVIDIR POR 3
B42: Para cotação, considerou-se a necessidade de 195 peças de 3m, calculou-se o frete para o local e dividiu-se pelo quantitativo EM METROS (585 metros)

Sheet COT ELETROCALHA 100X50
B2: Processo | C2: 59500.003753/2025-45
B3: Responsável | C3: AG/GCT/UCT
B4: Área de Origem | C4: AG/GCT/UCT
B5: Data da pesquisa | C5: 46092
B7: ITEM: | C7: ELETROCALHA 100X50 | I7: UNIDADE DE MEDIDA: | J7: m | K7: QUANTIDADE: | L7: 201 | O7: Tabela auxiliar de metodologias para exclusão de preços
B8: LICITAÇÕES ANTERIORES | O8: Licitações Anteriores
B9: Órgão | C9: Edital/Ano - Nº do Lote / Item | D9: Quantidade | E9: Valor Unitário | F9: Data | G9: índice de atualização (nome) | H9: I0 | I9: If | J9: Variação acumulada do índice (%) | K9: Preço unitário atualizado | L9: Utilizar? (Sim/Não) | O9: Outliers | P9: Por critério do(a) analista
J10: =IF(ISBLANK(E10),"",IF(ISNUMBER(H10),(I10-H10)/H10,0)) | K10: =IF(ISBLANK(E10),"",E10*(1+J10)) | L10: =IF(ISNUMBER(K10),IF($L$32<>$P$9,O10,P10),"") | O10: =IF(ISNUMBER(K10),IF(OR(K10<_xlfn.QUARTILE.INC($K$10:$K$29,1)-1.5*(_xlfn.QUARTILE.INC($K$10:K29,3)-_xlfn.QUARTILE.INC($K$10:$K$29,1)),K10>_xlfn.QUARTILE.INC($K$10:$K$29,3)+1.5*(_xlfn.QUARTILE.INC($K$10:$K$29,3)-_xlfn.QUARTILE.INC($K$10:$K$29,1))),"Não","Sim"),"")
J11: =IF(ISBLANK(E11),"",IF(ISNUMBER(H11),(I11-H11)/H11,0)) | K11: =IF(ISBLANK(E11),"",E11*(1+J11)) | L11: =IF(ISNUMBER(K11),IF($L$32<>$P$9,O11,P11),"") | O11: =IF(ISNUMBER(K11),IF(OR(K11<_xlfn.QUARTILE.INC($K$10:$K$29,1)-1.5*(_xlfn.QUARTILE.INC($K$10:K29,3)-_xlfn.QUARTILE.INC($K$10:$K$29,1)),K11>_xlfn.QUARTILE.INC($K$10:$K$29,3)+1.5*(_xlfn.QUARTILE.INC($K$10:$K$29,3)-_xlfn.QUARTILE.INC($K$10:$K$29,1))),"Não","Sim"),"")
J12: =IF(ISBLANK(E12),"",IF(ISNUMBER(H12),(I12-H12)/H12,0)) | K12: =IF(ISBLANK(E12),"",E12*(1+J12)) | L12: =IF(ISNUMBER(K12),IF($L$32<>$P$9,O12,P12),"") | O12: =IF(ISNUMBER(K12),IF(OR(K12<_xlfn.QUARTILE.INC($K$10:$K$29,1)-1.5*(_xlfn.QUARTILE.INC($K$10:K30,3)-_xlfn.QUARTILE.INC($K$10:$K$29,1)),K12>_xlfn.QUARTILE.INC($K$10:$K$29,3)+1.5*(_xlfn.QUARTILE.INC($K$10:$K$29,3)-_xlfn.QUARTILE.INC($K$10:$K$29,1))),"Não","Sim"),"")
J13: =IF(ISBLANK(E13),"",IF(ISNUMBER(H13),(I13-H13)/H13,0)) | K13: =IF(ISBLANK(E13),"",E13*(1+J13)) | L13: =IF(ISNUMBER(K13),IF($L$32<>$P$9,O13,P13),"") | O13: =IF(ISNUMBER(K13),IF(OR(K13<_xlfn.QUARTILE.INC($K$10:$K$29,1)-1.5*(_xlfn.QUARTILE.INC($K$10:K31,3)-_xlfn.QUARTILE.INC($K$10:$K$29,1)),K13>_xlfn.QUARTILE.INC($K$10:$K$29,3)+1.5*(_xlfn.QUARTILE.INC($K$10:$K$29,3)-_xlfn.QUARTILE.INC($K$10:$K$29,1))),"Não","Sim"),"")
J14: =IF(ISBLANK(E14),"",IF(ISNUMBER(H14),(I14-H14)/H14,0)) | K14: =IF(ISBLANK(E14),"",E14*(1+J14)) | L14: =IF(ISNUMBER(K14),IF($L$32<>$P$9,O14,P14),"") | O14: =IF(ISNUMBER(K14),IF(OR(K14<_xlfn.QUARTILE.INC($K$10:$K$29,1)-1.5*(_xlfn.QUARTILE.INC($K$10:K32,3)-_xlfn.QUARTILE.INC($K$10:$K$29,1)),K14>_xlfn.QUARTILE.INC($K$10:$K$29,3)+1.5*(_xlfn.QUARTILE.INC($K$10:$K$29,3)-_xlfn.QUARTILE.INC($K$10:$K$29,1))),"Não","Sim"),"")
J15: =IF(ISBLANK(E15),"",IF(ISNUMBER(H15),(I15-H15)/H15,0)) | K15: =IF(ISBLANK(E15),"",E15*(1+J15)) | L15: =IF(ISNUMBER(K15),IF($L$32<>$P$9,O15,P15),"") | O15: =IF(ISNUMBER(K15),IF(OR(K15<_xlfn.QUARTILE.INC($K$10:$K$29,1)-1.5*(_xlfn.QUARTILE.INC($K$10:K35,3)-_xlfn.QUARTILE.INC($K$10:$K$29,1)),K15>_xlfn.QUARTILE.INC($K$10:$K$29,3)+1.5*(_xlfn.QUARTILE.INC($K$10:$K$29,3)-_xlfn.QUARTILE.INC($K$10:$K$29,1))),"Não","Sim"),"")
J16: =IF(ISBLANK(E16),"",IF(ISNUMBER(H16),(I16-H16)/H16,0)) | K16: =IF(ISBLANK(E16),"",E16*(1+J16)) | L16: =IF(ISNUMBER(K16),IF($L$32<>$P$9,O16,P16),"") | O16: =IF(ISNUMBER(K16),IF(OR(K16<_xlfn.QUARTILE.INC($K$10:$K$29,1)-1.5*(_xlfn.QUARTILE.INC($I$10:I37,3)-_xlfn.QUARTILE.INC($K$10:$K$29,1)),K16>_xlfn.QUARTILE.INC($K$10:$K$29,3)+1.5*(_xlfn.QUARTILE.INC($K$10:$K$29,3)-_xlfn.QUARTILE.INC($K$10:$K$29,1))),"Não","Sim"),"")
B17: COTAÇÕES DE MERCADO | O17: Cotações
B18: Empresa | J18: Data | K18: Preço Unitário | L18: Utilizar? (Sim/Não) | O18: Outliers | P18: Por critério do(a) analista
B19: https://www.leroymerlin.com.br/eletrocalhaperfuradatipou100x50x3000mmnum24aco-zincado-seb-brasil_1570422345?gad_campaignid=23037770349&gbraid=0AAAAADkzLZ4p60B4hyxZOoXF4KHrkG6ED | J19: 46093 | K19: =5088.98/201 -> 25.318308 | L19: =IF(ISNUMBER(K19),IF($L$32=$O$18,O19,IF($L$32=$P$18,P19,"")),"") -> Sim | O19: =IF(ISNUMBER(K19),IF(OR(K19<_xlfn.QUARTILE.INC($K$10:$K$29,1)-1.5*(_xlfn.QUARTILE.INC($K$10:$K$29,3)-_xlfn.QUARTILE.INC($K$10:$K$29,1)),K19>_xlfn.QUARTILE.INC($K$10:$K$29,3)+1.5*(_xlfn.QUARTILE.INC($K$10:$K$29,3)-_xlfn.QUARTILE.INC($K$10:$K$29,1))),"Não","Sim"),"") -> Sim
B20: https://www.dimensional.com.br/eletrocalha-perfurada-sem-virola-100mm-50mm-3000mm-ch22-msg-pre-galvanizado-0-dispan/p?idsku=100945&srsltid=AfmBOori2z9t9CAE3vtXgWzZe83hchiA4WOeWNUKZGQbIe_r0u0VFlVjDD8 | J20: 46093 | K20: =4085.17/201 -> 20.324229 | L20: =IF(ISNUMBER(K20),IF($L$32=$O$18,O20,IF($L$32=$P$18,P20,"")),"") -> Sim | O20: =IF(ISNUMBER(K20),IF(OR(K20<_xlfn.QUARTILE.INC($K$10:$K$29,1)-1.5*(_xlfn.QUARTILE.INC($K$10:$K$29,3)-_xlfn.QUARTILE.INC($K$10:$K$29,1)),K20>_xlfn.QUARTILE.INC($K$10:$K$29,3)+1.5*(_xlfn.QUARTILE.INC($K$10:$K$29,3)-_xlfn.QUARTILE.INC($K$10:$K$29,1))),"Não","Sim"),"") -> Sim
B21: https://lojasebbrasil.com.br/produtos/eletrocalha-perfurada-tipo-u-100x50x3000mm-24-pz/?variant=797226373&pf=mc&srsltid=AfmBOoqhkAXC3he8LLrLJSp38kNHaBX-6ikWpvmj0VefvizecrRCS9F9RIY | J21: 46093 | K21: =6327.94/201 -> 31.482289 | L21: =IF(ISNUMBER(K21),IF($L$32=$O$18,O21,IF($L$32=$P$18,P21,"")),"") -> Sim | O21: =IF(ISNUMBER(K21),IF(OR(K21<_xlfn.QUARTILE.INC($K$10:$K$29,1)-1.5*(_xlfn.QUARTILE.INC($K$10:$K$29,3)-_xlfn.QUARTILE.INC($K$10:$K$29,1)),K21>_xlfn.QUARTILE.INC($K$10:$K$29,3)+1.5*(_xlfn.QUARTILE.INC($K$10:$K$29,3)-_xlfn.QUARTILE.INC($K$10:$K$29,1))),"Não","Sim"),"") -> Sim
L22: =IF(ISNUMBER(K22),IF($L$32=$O$18,O22,IF($L$32=$P$18,P22,"")),"") | O22: =IF(ISNUMBER(K22),IF(OR(K22<_xlfn.QUARTILE.INC($K$10:$K$29,1)-1.5*(_xlfn.QUARTILE.INC($K$10:$K$29,3)-_xlfn.QUARTILE.INC($K$10:$K$29,1)),K22>_xlfn.QUARTILE.INC($K$10:$K$29,3)+1.5*(_xlfn.QUARTILE.INC($K$10:$K$29,3)-_xlfn.QUARTILE.INC($K$10:$K$29,1))),"Não","Sim"),"")
L23: =IF(ISNUMBER(K23),IF($L$32=$O$18,O23,IF($L$32=$P$18,P23,"")),"") | O23: =IF(ISNUMBER(K23),IF(OR(K23<_xlfn.QUARTILE.INC($K$10:$K$29,1)-1.5*(_xlfn.QUARTILE.INC($K$10:$K$29,3)-_xlfn.QUARTILE.INC($K$10:$K$29,1)),K23>_xlfn.QUARTILE.INC($K$10:$K$29,3)+1.5*(_xlfn.QUARTILE.INC($K$10:$K$29,3)-_xlfn.QUARTILE.INC($K$10:$K$29,1))),"Não","Sim"),"")
L24: =IF(ISNUMBER(K24),IF($L$32=$O$18,O24,IF($L$32=$P$18,P24,"")),"") | O24: =IF(ISNUMBER(K24),IF(OR(K24<_xlfn.QUARTILE.INC($K$10:$K$29,1)-1.5*(_xlfn.QUARTILE.INC($K$10:$K$29,3)-_xlfn.QUARTILE.INC($K$10:$K$29,1)),K24>_xlfn.QUARTILE.INC($K$10:$K$29,3)+1.5*(_xlfn.QUARTILE.INC($K$10:$K$29,3)-_xlfn.QUARTILE.INC($K$10:$K$29,1))),"Não","Sim"),"")
L25: =IF(ISNUMBER(K25),IF($L$32=$O$18,O25,IF($L$32=$P$18,P25,"")),"") | O25: =IF(ISNUMBER(K25),IF(OR(K25<_xlfn.QUARTILE.INC($K$10:$K$29,1)-1.5*(_xlfn.QUARTILE.INC($K$10:$K$29,3)-_xlfn.QUARTILE.INC($K$10:$K$29,1)),K25>_xlfn.QUARTILE.INC($K$10:$K$29,3)+1.5*(_xlfn.QUARTILE.INC($K$10:$K$29,3)-_xlfn.QUARTILE.INC($K$10:$K$29,1))),"Não","Sim"),"")
L26: =IF(ISNUMBER(K26),IF($L$32=$O$18,O26,IF($L$32=$P$18,P26,"")),"") | O26: =IF(ISNUMBER(K26),IF(OR(K26<_xlfn.QUARTILE.INC($K$10:$K$29,1)-1.5*(_xlfn.QUARTILE.INC($K$10:$K$29,3)-_xlfn.QUARTILE.INC($K$10:$K$29,1)),K26>_xlfn.QUARTILE.INC($K$10:$K$29,3)+1.5*(_xlfn.QUARTILE.INC($K$10:$K$29,3)-_xlfn.QUARTILE.INC($K$10:$K$29,1))),"Não","Sim"),"")
L27: =IF(ISNUMBER(K27),IF($L$32=$O$18,O27,IF($L$32=$P$18,P27,"")),"") | O27: =IF(ISNUMBER(K27),IF(OR(K27<_xlfn.QUARTILE.INC($K$10:$K$29,1)-1.5*(_xlfn.QUARTILE.INC($K$10:$K$29,3)-_xlfn.QUARTILE.INC($K$10:$K$29,1)),K27>_xlfn.QUARTILE.INC($K$10:$K$29,3)+1.5*(_xlfn.QUARTILE.INC($K$10:$K$29,3)-_xlfn.QUARTILE.INC($K$10:$K$29,1))),"Não","Sim"),"")
L28: =IF(ISNUMBER(K28),IF($L$32=$O$18,O28,IF($L$32=$P$18,P28,"")),"") | O28: =IF(ISNUMBER(K28),IF(OR(K28<_xlfn.QUARTILE.INC($K$10:$K$29,1)-1.5*(_xlfn.QUARTILE.INC($K$10:$K$29,3)-_xlfn.QUARTILE.INC($K$10:$K$29,1)),K28>_xlfn.QUARTILE.INC($K$10:$K$29,3)+1.5*(_xlfn.QUARTILE.INC($K$10:$K$29,3)-_xlfn.QUARTILE.INC($K$10:$K$29,1))),"Não","Sim"),"")
L29: =IF(ISNUMBER(K29),IF($L$32=$O$18,O29,IF($L$32=$P$18,P29,"")),"") | O29: =IF(ISNUMBER(K29),IF(OR(K29<_xlfn.QUARTILE.INC($K$10:$K$29,1)-1.5*(_xlfn.QUARTILE.INC($K$10:$K$29,3)-_xlfn.QUARTILE.INC($K$10:$K$29,1)),K29>_xlfn.QUARTILE.INC($K$10:$K$29,3)+1.5*(_xlfn.QUARTILE.INC($K$10:$K$29,3)-_xlfn.QUARTILE.INC($K$10:$K$29,1))),"Não","Sim"),"")
B30: Observações: | K30: Média: | L30: {=IF($L$32="","Selecione metodologia para exclusão de preços",AVERAGE(IF($L$10:$L$29="Sim",$K$10:$K$29)))} -> 25.708275 | N30: Média (Cotações) | O30: {=IF(COUNTIF(O19:O29,"Sim")<3,"N/D (são necessários pelo menos 3 preços)",AVERAGE(IF(O19:O29="Sim",$K19:$K29)))} -> 25.708275 | P30: {=IF(COUNTIF(P19:P29,"Sim")<3,"N/D (são necessários pelo menos 3 preços)",AVERAGE(IF(P19:P29="Sim",$K19:$K29)))} -> N/D (são necessários pelo menos 3 preços)
K31: Mediana: | L31: {=IF($L$32="","Selecione metodologia para exclusão de preços",MEDIAN(IF($L$10:$L$29="Sim",$K$10:$K$29)))} -> 25.318308 | N31: Mediana (Cotações) | O31: {=IF(COUNTIF(O19:O29,"Sim")<3,"N/D (são necessários pelo menos 3 preços)",MEDIAN(IF(O19:O29="Sim",$K19:$K29)))} -> 25.318308 | P31: {=IF(COUNTIF(P19:P29,"Sim")<3,"N/D (são necessários pelo menos 3 preços)",MEDIAN(IF(P19:P29="Sim",$K19:$K29)))} -> N/D (são necessários pelo menos 3 preços)
B32: Metodologia de exclusão de preços adotada: | L32: =IF(O35="",INDEX(O18:P18,MATCH(MIN(#REF!),#REF!,0)),O35) -> Outliers | N32: CV (Cotações) | O32: {=IF(COUNTIF(O19:O29,"Sim")<3,"N/D (são necessários pelo menos 3 preços)",_xlfn.STDEV.S(IF(O19:O29="Sim",$K19:$K29))/AVERAGE(IF(O19:O29="Sim",$K19:$K29)))} -> 0.21741024 | P32: {=IF(COUNTIF(P19:P29,"Sim")<3,"N/D (são necessários pelo menos 3 preços)",_xlfn.STDEV.S(IF(P19:P29="Sim",$K19:$K29))/AVERAGE(IF(P19:P29="Sim",$K19:$K29)))} -> N/D (são necessários pelo menos 3 preços)
N33: Média | O33: {=IF(SUM(COUNTIF($O$10:$O$16,"Sim")) + SUM(COUNTIF(O19:O29,"Sim")) < 3, "N/D (são necessários pelo menos 3 preços)", IFERROR(AVERAGE(_xlfn._xlws.FILTER($K$10:$K$16,$O$10:$O$16="Sim"), _xlfn._xlws.FILTER($K$19:$K$29,O19:O29="Sim")),O30))} -> 25.708275 | P33: {=IF(SUM(COUNTIF($P$10:$P$16,"Sim")) + SUM(COUNTIF(P19:P29,"Sim")) < 3, "N/D (são necessários pelo menos 3 preços)", IFERROR(AVERAGE(_xlfn._xlws.FILTER($K$10:$K$16,$P$10:$P$16="Sim"), _xlfn._xlws.FILTER($K$19:$K$29,P19:P29="Sim")),P30))} -> N/D (são necessários pelo menos 3 preços)
N34: Mediana | O34: {=IF(SUM(COUNTIF($O$10:$O$16,"Sim")) + SUM(COUNTIF(O19:O29,"Sim")) < 3, "N/D (são necessários pelo menos 3 preços)", IFERROR(MEDIAN(_xlfn._xlws.FILTER($K$10:$K$16,$O$10:$O$16="Sim"), _xlfn._xlws.FILTER($K$19:$K$29,O19:O29="Sim")),O31))} -> 25.318308 | P34: {=IF(SUM(COUNTIF($P10:$P$16,"Sim")) + SUM(COUNTIF(P19:P29,"Sim")) < 3, "N/D (são necessários pelo menos 3 preços)", IFERROR(MEDIAN(_xlfn._xlws.FILTER($K$10:$K$16,$P$10:$P$16="Sim"), _xlfn._xlws.FILTER($K$19:$K$29,P19:P29="Sim")),P31))} -> N/D (são necessários pelo menos 3 preços)
B35: COSOLIDAÇÃO DOS PREÇOS | N35: Metodologia a adotar: | O35: {=IF(INDEX(O18:P18,P35)=0,"",INDEX(O18:P18,P35))} -> Outliers | P35: 1
B37: PREÇO UNITÁRIO ESTIMADO ADOTADO: | L37: =IF($B$39="Mediana:",L31,L30) -> 25.318308
A39: =O18 -> Outliers | B39: Mediana:
A40: =P18 -> Por critério do(a) analista
B41: OBS > A UNIDADE DA ELETROCALHA VEM COM 3 METROS -> PARA O PREÇO POR METRO É NECESSARIO DIVIDIR POR 3
B42: Para cotação, considerou-se a necessidade de 67 peças de 3m, calculou-se o frete para o local e dividiu-se pelo quantitativo EM METROS (201 metros)

Sheet COT LUMINARIA LED
B2: Processo | C2: 59500.003753/2025-45
B3: Responsável | C3: AG/GCT/UCT
B4: Área de Origem | C4: AG/GCT/UCT
B5: Data da pesquisa | C5: 46092
B7: ITEM: | C7: LUMINÁRIA PAINEL LED PLAFON QUADRADO 40X40CM EMBUTIR 6000K LUZ BRANCA 36W BIVOLT | I7: UNIDADE DE MEDIDA: | J7: Unidade | K7: QUANTIDADE: | L7: 320 | O7: Tabela auxiliar de metodologias para exclusão de preços
B8: LICITAÇÕES ANTERIORES | O8: Licitações Anteriores
B9: Órgão | C9: Edital/Ano - Nº do Lote / Item | D9: Quantidade | E9: Valor Unitário | F9: Data | G9: índice de atualização (nome) | H9: I0 | I9: If | J9: Variação acumulada do índice (%) | K9: Preço unitário atualizado | L9: Utilizar? (Sim/Não) | O9: Outliers | P9: Por critério do(a) analista
J10: =IF(ISBLANK(E10),"",IF(ISNUMBER(H10),(I10-H10)/H10,0)) | K10: =IF(ISBLANK(E10),"",E10*(1+J10)) | L10: =IF(ISNUMBER(K10),IF($L$32<>$P$9,O10,P10),"") | O10: =IF(ISNUMBER(K10),IF(OR(K10<_xlfn.QUARTILE.INC($K$10:$K$29,1)-1.5*(_xlfn.QUARTILE.INC($K$10:K29,3)-_xlfn.QUARTILE.INC($K$10:$K$29,1)),K10>_xlfn.QUARTILE.INC($K$10:$K$29,3)+1.5*(_xlfn.QUARTILE.INC($K$10:$K$29,3)-_xlfn.QUARTILE.INC($K$10:$K$29,1))),"Não","Sim"),"")
J11: =IF(ISBLANK(E11),"",IF(ISNUMBER(H11),(I11-H11)/H11,0)) | K11: =IF(ISBLANK(E11),"",E11*(1+J11)) | L11: =IF(ISNUMBER(K11),IF($L$32<>$P$9,O11,P11),"") | O11: =IF(ISNUMBER(K11),IF(OR(K11<_xlfn.QUARTILE.INC($K$10:$K$29,1)-1.5*(_xlfn.QUARTILE.INC($K$10:K29,3)-_xlfn.QUARTILE.INC($K$10:$K$29,1)),K11>_xlfn.QUARTILE.INC($K$10:$K$29,3)+1.5*(_xlfn.QUARTILE.INC($K$10:$K$29,3)-_xlfn.QUARTILE.INC($K$10:$K$29,1))),"Não","Sim"),"")
J12: =IF(ISBLANK(E12),"",IF(ISNUMBER(H12),(I12-H12)/H12,0)) | K12: =IF(ISBLANK(E12),"",E12*(1+J12)) | L12: =IF(ISNUMBER(K12),IF($L$32<>$P$9,O12,P12),"") | O12: =IF(ISNUMBER(K12),IF(OR(K12<_xlfn.QUARTILE.INC($K$10:$K$29,1)-1.5*(_xlfn.QUARTILE.INC($K$10:K30,3)-_xlfn.QUARTILE.INC($K$10:$K$29,1)),K12>_xlfn.QUARTILE.INC($K$10:$K$29,3)+1.5*(_xlfn.QUARTILE.INC($K$10:$K$29,3)-_xlfn.QUARTILE.INC($K$10:$K$29,1))),"Não","Sim"),"")
J13: =IF(ISBLANK(E13),"",IF(ISNUMBER(H13),(I13-H13)/H13,0)) | K13: =IF(ISBLANK(E13),"",E13*(1+J13)) | L13: =IF(ISNUMBER(K13),IF($L$32<>$P$9,O13,P13),"") | O13: =IF(ISNUMBER(K13),IF(OR(K13<_xlfn.QUARTILE.INC($K$10:$K$29,1)-1.5*(_xlfn.QUARTILE.INC($K$10:K31,3)-_xlfn.QUARTILE.INC($K$10:$K$29,1)),K13>_xlfn.QUARTILE.INC($K$10:$K$29,3)+1.5*(_xlfn.QUARTILE.INC($K$10:$K$29,3)-_xlfn.QUARTILE.INC($K$10:$K$29,1))),"Não","Sim"),"")
J14: =IF(ISBLANK(E14),"",IF(ISNUMBER(H14),(I14-H14)/H14,0)) | K14: =IF(ISBLANK(E14),"",E14*(1+J14)) | L14: =IF(ISNUMBER(K14),IF($L$32<>$P$9,O14,P14),"") | O14: =IF(ISNUMBER(K14),IF(OR(K14<_xlfn.QUARTILE.INC($K$10:$K$29,1)-1.5*(_xlfn.QUARTILE.INC($K$10:K32,3)-_xlfn.QUARTILE.INC($K$10:$K$29,1)),K14>_xlfn.QUARTILE.INC($K$10:$K$29,3)+1.5*(_xlfn.QUARTILE.INC($K$10:$K$29,3)-_xlfn.QUARTILE.INC($K$10:$K$29,1))),"Não","Sim"),"")
J15: =IF(ISBLANK(E15),"",IF(ISNUMBER(H15),(I15-H15)/H15,0)) | K15: =IF(ISBLANK(E15),"",E15*(1+J15)) | L15: =IF(ISNUMBER(K15),IF($L$32<>$P$9,O15,P15),"") | O15: =IF(ISNUMBER(K15),IF(OR(K15<_xlfn.QUARTILE.INC($K$10:$K$29,1)-1.5*(_xlfn.QUARTILE.INC($K$10:K35,3)-_xlfn.QUARTILE.INC($K$10:$K$29,1)),K15>_xlfn.QUARTILE.INC($K$10:$K$29,3)+1.5*(_xlfn.QUARTILE.INC($K$10:$K$29,3)-_xlfn.QUARTILE.INC($K$10:$K$29,1))),"Não","Sim"),"")
J16: =IF(ISBLANK(E16),"",IF(ISNUMBER(H16),(I16-H16)/H16,0)) | K16: =IF(ISBLANK(E16),"",E16*(1+J16)) | L16: =IF(ISNUMBER(K16),IF($L$32<>$P$9,O16,P16),"") | O16: =IF(ISNUMBER(K16),IF(OR(K16<_xlfn.QUARTILE.INC($K$10:$K$29,1)-1.5*(_xlfn.QUARTILE.INC($I$10:I37,3)-_xlfn.QUARTILE.INC($K$10:$K$29,1)),K16>_xlfn.QUARTILE.INC($K$10:$K$29,3)+1.5*(_xlfn.QUARTILE.INC($K$10:$K$29,3)-_xlfn.QUARTILE.INC($K$10:$K$29,1))),"Não","Sim"),"")
B17: COTAÇÕES DE MERCADO | O17: Cotações
B18: Empresa | J18: Data | K18: Preço Unitário | L18: Utilizar? (Sim/Não) | O18: Outliers | P18: Por critério do(a) analista
B19: https://www.sustentaled.com.br/luminaria-plafon-led-36w-40x40-quadrado-embutir-branco-frio-6000k?srsltid=AfmBOooUsac27JsEeTz0shw-CUTQk2biiV-_BMOa72gaegUtc97umUZc | J19: 46093 | K19: =23676.8/320 -> 73.99 | L19: =IF(ISNUMBER(K19),IF($L$32=$O$18,O19,IF($L$32=$P$18,P19,"")),"") -> Sim | O19: =IF(ISNUMBER(K19),IF(OR(K19<_xlfn.QUARTILE.INC($K$10:$K$29,1)-1.5*(_xlfn.QUARTILE.INC($K$10:$K$29,3)-_xlfn.QUARTILE.INC($K$10:$K$29,1)),K19>_xlfn.QUARTILE.INC($K$10:$K$29,3)+1.5*(_xlfn.QUARTILE.INC($K$10:$K$29,3)-_xlfn.QUARTILE.INC($K$10:$K$29,1))),"Não","Sim"),"") -> Sim
B20: https://www.ecosoli.com.br/painel-led-18w-embutir-quadrado-branco-frio-6000k-bivolt-ecosoli?parceiro=2730&utm_source=google&utm_medium=cpc&utm_campaign=pareto.in.pmax.led&gad_source=1&gad_campaignid=23262795998&gbraid=0AAAAADGb0SCpiHPzt7M5nYjnV8MUyonna&gclid=CjwKCAjwyMnNBhBNEiwA-Kcgu7I0tfFmnfM-ngJ-odhM0ADnwS6OJo3n4v9uFQleZL--tUS7myxmXRoCwm8QAvD_BwE | J20: 46093 | K20: =((55.28*99)+(1700.07))/(99) -> 72.452424 | L20: =IF(ISNUMBER(K20),IF($L$32=$O$18,O20,IF($L$32=$P$18,P20,"")),"") -> Sim | O20: =IF(ISNUMBER(K20),IF(OR(K20<_xlfn.QUARTILE.INC($K$10:$K$29,1)-1.5*(_xlfn.QUARTILE.INC($K$10:$K$29,3)-_xlfn.QUARTILE.INC($K$10:$K$29,1)),K20>_xlfn.QUARTILE.INC($K$10:$K$29,3)+1.5*(_xlfn.QUARTILE.INC($K$10:$K$29,3)-_xlfn.QUARTILE.INC($K$10:$K$29,1))),"Não","Sim"),"") -> Sim
B21: https://www.benluz.com.br/luminaria-plafon-36w-led-40x40-quadrado-embutir-branco-frio?parceiro=1&srsltid=AfmBOop4Womcho1JkEQ3snXe1i7bup9Xomtzd_iybvcJznYTRrX5VRpJrV8 | J21: 46093 | K21: =(11078.15)/99 -> 111.90051 | L21: =IF(ISNUMBER(K21),IF($L$32=$O$18,O21,IF($L$32=$P$18,P21,"")),"") -> Sim | O21: =IF(ISNUMBER(K21),IF(OR(K21<_xlfn.QUARTILE.INC($K$10:$K$29,1)-1.5*(_xlfn.QUARTILE.INC($K$10:$K$29,3)-_xlfn.QUARTILE.INC($K$10:$K$29,1)),K21>_xlfn.QUARTILE.INC($K$10:$K$29,3)+1.5*(_xlfn.QUARTILE.INC($K$10:$K$29,3)-_xlfn.QUARTILE.INC($K$10:$K$29,1))),"Não","Sim"),"") -> Sim
L22: =IF(ISNUMBER(K22),IF($L$32=$O$18,O22,IF($L$32=$P$18,P22,"")),"") | O22: =IF(ISNUMBER(K22),IF(OR(K22<_xlfn.QUARTILE.INC($K$10:$K$29,1)-1.5*(_xlfn.QUARTILE.INC($K$10:$K$29,3)-_xlfn.QUARTILE.INC($K$10:$K$29,1)),K22>_xlfn.QUARTILE.INC($K$10:$K$29,3)+1.5*(_xlfn.QUARTILE.INC($K$10:$K$29,3)-_xlfn.QUARTILE.INC($K$10:$K$29,1))),"Não","Sim"),"")
L23: =IF(ISNUMBER(K23),IF($L$32=$O$18,O23,IF($L$32=$P$18,P23,"")),"") | O23: =IF(ISNUMBER(K23),IF(OR(K23<_xlfn.QUARTILE.INC($K$10:$K$29,1)-1.5*(_xlfn.QUARTILE.INC($K$10:$K$29,3)-_xlfn.QUARTILE.INC($K$10:$K$29,1)),K23>_xlfn.QUARTILE.INC($K$10:$K$29,3)+1.5*(_xlfn.QUARTILE.INC($K$10:$K$29,3)-_xlfn.QUARTILE.INC($K$10:$K$29,1))),"Não","Sim"),"")
L24: =IF(ISNUMBER(K24),IF($L$32=$O$18,O24,IF($L$32=$P$18,P24,"")),"") | O24: =IF(ISNUMBER(K24),IF(OR(K24<_xlfn.QUARTILE.INC($K$10:$K$29,1)-1.5*(_xlfn.QUARTILE.INC($K$10:$K$29,3)-_xlfn.QUARTILE.INC($K$10:$K$29,1)),K24>_xlfn.QUARTILE.INC($K$10:$K$29,3)+1.5*(_xlfn.QUARTILE.INC($K$10:$K$29,3)-_xlfn.QUARTILE.INC($K$10:$K$29,1))),"Não","Sim"),"")
L25: =IF(ISNUMBER(K25),IF($L$32=$O$18,O25,IF($L$32=$P$18,P25,"")),"") | O25: =IF(ISNUMBER(K25),IF(OR(K25<_xlfn.QUARTILE.INC($K$10:$K$29,1)-1.5*(_xlfn.QUARTILE.INC($K$10:$K$29,3)-_xlfn.QUARTILE.INC($K$10:$K$29,1)),K25>_xlfn.QUARTILE.INC($K$10:$K$29,3)+1.5*(_xlfn.QUARTILE.INC($K$10:$K$29,3)-_xlfn.QUARTILE.INC($K$10:$K$29,1))),"Não","Sim"),"")
L26: =IF(ISNUMBER(K26),IF($L$32=$O$18,O26,IF($L$32=$P$18,P26,"")),"") | O26: =IF(ISNUMBER(K26),IF(OR(K26<_xlfn.QUARTILE.INC($K$10:$K$29,1)-1.5*(_xlfn.QUARTILE.INC($K$10:$K$29,3)-_xlfn.QUARTILE.INC($K$10:$K$29,1)),K26>_xlfn.QUARTILE.INC($K$10:$K$29,3)+1.5*(_xlfn.QUARTILE.INC($K$10:$K$29,3)-_xlfn.QUARTILE.INC($K$10:$K$29,1))),"Não","Sim"),"")
L27: =IF(ISNUMBER(K27),IF($L$32=$O$18,O27,IF($L$32=$P$18,P27,"")),"") | O27: =IF(ISNUMBER(K27),IF(OR(K27<_xlfn.QUARTILE.INC($K$10:$K$29,1)-1.5*(_xlfn.QUARTILE.INC($K$10:$K$29,3)-_xlfn.QUARTILE.INC($K$10:$K$29,1)),K27>_xlfn.QUARTILE.INC($K$10:$K$29,3)+1.5*(_xlfn.QUARTILE.INC($K$10:$K$29,3)-_xlfn.QUARTILE.INC($K$10:$K$29,1))),"Não","Sim"),"")
L28: =IF(ISNUMBER(K28),IF($L$32=$O$18,O28,IF($L$32=$P$18,P28,"")),"") | O28: =IF(ISNUMBER(K28),IF(OR(K28<_xlfn.QUARTILE.INC($K$10:$K$29,1)-1.5*(_xlfn.QUARTILE.INC($K$10:$K$29,3)-_xlfn.QUARTILE.INC($K$10:$K$29,1)),K28>_xlfn.QUARTILE.INC($K$10:$K$29,3)+1.5*(_xlfn.QUARTILE.INC($K$10:$K$29,3)-_xlfn.QUARTILE.INC($K$10:$K$29,1))),"Não","Sim"),"")
L29: =IF(ISNUMBER(K29),IF($L$32=$O$18,O29,IF($L$32=$P$18,P29,"")),"") | O29: =IF(ISNUMBER(K29),IF(OR(K29<_xlfn.QUARTILE.INC($K$10:$K$29,1)-1.5*(_xlfn.QUARTILE.INC($K$10:$K$29,3)-_xlfn.QUARTILE.INC($K$10:$K$29,1)),K29>_xlfn.QUARTILE.INC($K$10:$K$29,3)+1.5*(_xlfn.QUARTILE.INC($K$10:$K$29,3)-_xlfn.QUARTILE.INC($K$10:$K$29,1))),"Não","Sim"),"")
B30: Observações: | K30: Média: | L30: {=IF($L$32="","Selecione metodologia para exclusão de preços",AVERAGE(IF($L$10:$L$29="Sim",$K$10:$K$29)))} -> 86.11431 | N30: Média (Cotações) | O30: {=IF(COUNTIF(O19:O29,"Sim")<3,"N/D (são necessários pelo menos 3 preços)",AVERAGE(IF(O19:O29="Sim",$K19:$K29)))} -> 86.11431 | P30: {=IF(COUNTIF(P19:P29,"Sim")<3,"N/D (são necessários pelo menos 3 preços)",AVERAGE(IF(P19:P29="Sim",$K19:$K29)))} -> N/D (são necessários pelo menos 3 preços)
K31: Mediana: | L31: {=IF($L$32="","Selecione metodologia para exclusão de preços",MEDIAN(IF($L$10:$L$29="Sim",$K$10:$K$29)))} -> 73.99 | N31: Mediana (Cotações) | O31: {=IF(COUNTIF(O19:O29,"Sim")<3,"N/D (são necessários pelo menos 3 preços)",MEDIAN(IF(O19:O29="Sim",$K19:$K29)))} -> 73.99 | P31: {=IF(COUNTIF(P19:P29,"Sim")<3,"N/D (são necessários pelo menos 3 preços)",MEDIAN(IF(P19:P29="Sim",$K19:$K29)))} -> N/D (são necessários pelo menos 3 preços)
B32: Metodologia de exclusão de preços adotada: | L32: =IF(O35="",INDEX(O18:P18,MATCH(MIN(#REF!),#REF!,0)),O35) -> Outliers | N32: CV (Cotações) | O32: {=IF(COUNTIF(O19:O29,"Sim")<3,"N/D (são necessários pelo menos 3 preços)",_xlfn.STDEV.S(IF(O19:O29="Sim",$K19:$K29))/AVERAGE(IF(O19:O29="Sim",$K19:$K29)))} -> 0.25947754 | P32: {=IF(COUNTIF(P19:P29,"Sim")<3,"N/D (são necessários pelo menos 3 preços)",_xlfn.STDEV.S(IF(P19:P29="Sim",$K19:$K29))/AVERAGE(IF(P19:P29="Sim",$K19:$K29)))} -> N/D (são necessários pelo menos 3 preços)
N33: Média | O33: {=IF(SUM(COUNTIF($O$10:$O$16,"Sim")) + SUM(COUNTIF(O19:O29,"Sim")) < 3, "N/D (são necessários pelo menos 3 preços)", IFERROR(AVERAGE(_xlfn._xlws.FILTER($K$10:$K$16,$O$10:$O$16="Sim"), _xlfn._xlws.FILTER($K$19:$K$29,O19:O29="Sim")),O30))} -> 86.11431 | P33: {=IF(SUM(COUNTIF($P$10:$P$16,"Sim")) + SUM(COUNTIF(P19:P29,"Sim")) < 3, "N/D (são necessários pelo menos 3 preços)", IFERROR(AVERAGE(_xlfn._xlws.FILTER($K$10:$K$16,$P$10:$P$16="Sim"), _xlfn._xlws.FILTER($K$19:$K$29,P19:P29="Sim")),P30))} -> N/D (são necessários pelo menos 3 preços)
N34: Mediana | O34: {=IF(SUM(COUNTIF($O$10:$O$16,"Sim")) + SUM(COUNTIF(O19:O29,"Sim")) < 3, "N/D (são necessários pelo menos 3 preços)", IFERROR(MEDIAN(_xlfn._xlws.FILTER($K$10:$K$16,$O$10:$O$16="Sim"), _xlfn._xlws.FILTER($K$19:$K$29,O19:O29="Sim")),O31))} -> 73.99 | P34: {=IF(SUM(COUNTIF($P10:$P$16,"Sim")) + SUM(COUNTIF(P19:P29,"Sim")) < 3, "N/D (são necessários pelo menos 3 preços)", IFERROR(MEDIAN(_xlfn._xlws.FILTER($K$10:$K$16,$P$10:$P$16="Sim"), _xlfn._xlws.FILTER($K$19:$K$29,P19:P29="Sim")),P31))} -> N/D (são necessários pelo menos 3 preços)
B35: COSOLIDAÇÃO DOS PREÇOS | N35: Metodologia a adotar: | O35: {=IF(INDEX(O18:P18,P35)=0,"",INDEX(O18:P18,P35))} -> Outliers | P35: 1
B37: PREÇO UNITÁRIO ESTIMADO ADOTADO: | L37: =IF($B$39="Mediana:",L31,L30) -> 73.99
A39: =O18 -> Outliers | B39: Mediana:
A40: =P18 -> Por critério do(a) analista
B42: Calculado para o quantitativo total de 320 unidades com frete e divididio pelo número total para o valor correto unitário. Algumas cotações foram feitas em 99 de quantativo pq o site permite até 99 unidades por pedido. O valor está como unitário

Sheet COTAÇÃO MAT DE JAZIDA P. ATERRO
D2: MINISTÉRIO DO DESENVOLVIMENTO REGIONAL
D3: COMPANHIA DE DESENVOLVIMENTO DOS VALES DO SÃO FRANCISCO E DO PARNAÍBA
B4: COTAÇÕES
B6: EMPRESAS FORNECEDORAS:
B7: EMPRESAS | C7: CNPJ | D7: NOME/EMPRESA | F7: CONTATO | H7: LINK
B8: E001 | C8: 03.316.138/0001-92 | D8: MIRANDA E CIA LTDA. | F8: (96) 99131-4909
B9: E002 | C9: 11.297.205/0001-05 | D9: CRISTAL CCH LTDA. | F9: (97) 98145-5030
B10: E003 | C10: 603.270.302-91 | D10: KAROLINA NAJARA SILVA DE ALMEIDA | F10: (96) 98120-8335
B11: E004
B13: COTAÇÕES:
B14: FONTE | C14: CÓDIGO | D14: DESCRIÇÃO | G14: UNIDADE | H14: MÉDIA (R$
B15: COTAÇÃO | D15: AREIA PARA ATERRO - POSTO JAZIDA/FORNECEDOR (RETIRADO NA JAZIDA, SEM TRANSPORTE E SEM CARGA DO MATERIAL EM CAMINHÃO) | G15: m³ | H15: =M15*(1+G23) -> 12.177246 | J15: Média: | K15: =AVERAGE(F17:G19) -> 11.106667 | L15: Menor: | M15: =SMALL(K15:K16,1) -> 11
C16: EMPRESA | D16: NOME DA EMPRESA | F16: COTAÇÕES | H16: DATA COTAÇÃO | J16: Mediana: | K16: =MEDIAN(F17:G19) -> 11
C17: E001 | D17: =VLOOKUP(C17,$B$8:$G$11,3,FALSE) -> MIRANDA E CIA LTDA. | F17: 11 | H17: 17/11/2022 | J17: CV: | K17: =_xlfn.STDEV.S(F17:G19)/AVERAGE(F17:G19) -> 0.076086203
C18: E002 | D18: =VLOOKUP(C18,$B$8:$G$11,3,FALSE) -> CRISTAL CCH LTDA. | F18: 12 | H18: 17/11/2022
C19: E003 | D19: =VLOOKUP(C19,$B$8:$G$11,3,FALSE) -> KAROLINA NAJARA SILVA DE ALMEIDA | F19: 10.32 | H19: 17/11/2022
C20: OBSERVAÇÕES:
E22: 44866 | F22: 46023 | G22: ÍNDICE DE CORREÇÃO
C23: INCC BRASIL - DI - MATERIAL À BASE DE MINERAIS NÃO METÁLICOS | E23: 751.488 | F23: 831.914 | G23: =F23/E23-1 -> 0.10702233
B27: RESPONSÁVEL PELA COTAÇÃO | E27: RESPONSÁVEL PELA PUBLICAÇÃO
B29: LUIS FERNANDO ANTUNES LIMA

Sheet CRONOGRAMA (2)
C1: MINISTÉRIO DO DESENVOLVIMENTO REGIONAL
C2: COMPANHIA DE DESENVOLVIMENTO DOS VALES DO SÃO FRANCISCO E DO PARNAÍBA
A3: EMPREENDIMENTO: CONSTRUÇÃO DA SEDE DA 11ª SUPERINTENDÊNCIA REGIONAL DA CODEVASF NO MUNICÍPIO DE MACAPÁ/AP
